Workbook

Sheet Смета 12 гр. по ФЕР
A1: =Source!B1 -> Smeta.RU (495) 974-1589
H3: Приложение № 1 к Приложению № 5
H4: к извещению о проведении запроса котировок
H5: в электронной форме
B9: =CONCATENATE( "ЛОКАЛЬНАЯ СМЕТА ",IF(Source!F20<>"Новая локальная смета", Source!F20, "")) -> ЛОКАЛЬНАЯ СМЕТА
B11: =IF(Source!G20<>"Новая локальная смета", Source!G20, "")
B13: Капитальный ремонт помещения женского санузла 1-го этажа здания учебного корпуса Озерского технологического института-филиала НИЯУ МИФИП (ОТИ НИЯУ МИФИ) по адресу: Челябинская обл., г.Озерск, пр-т Победы, д.48. | AD13: =IF(Source!G12<>"Новый объект", Source!G12, "") -> Капитальный ремонт помещения женского санузла 1-го этажа здания учебного корпуса Озерского технологического института-филиала НИЯУ МИФИ (ОТИ НИЯУ МИФИ) по адресу: г. Озерск, Челябинская область, проспект Победы, д. 48
B14: (наименование работ и затрат, наименование объекта)
G16: базовая цена | I16: текущая цена
C17: Сметная стоимость | G17: =SUM(O26:O363)/1000 -> 52.46121 | I17: =(Source!P187/1000) -> 378.33418 | K17: тыс. руб.
C18: Строительные работы | G18: =SUM(W26:W363)/1000 -> 51.26193 | I18: =(Source!P174)/1000 -> 313.29459 | K18: тыс. руб.
C19: Монтажные работы | G19: =SUM(X26:X363)/1000 -> 1.19928 | I19: =(Source!P175)/1000 -> 7.3276 | K19: тыс. руб.
C20: Нормативная трудоемкость | G20: =I20 -> 397.56538 | I20: =(Source!P179+Source!P180) -> 397.56538 | K20: чел. -ч.
C21: Средства на оплату труда | G21: =SUM(R26:R363)/1000 -> 3.4921 | I21: =((Source!P172 + Source!P171)/1000) -> 21.3367 | K21: тыс. руб.
A23: Составлена в ценах II квартал 2018 года
A24: № п/п | B24: Шифр расценки и коды ресурсов | C24: Наименование работ и затрат | D24: Ед. изм. | E24: Кол-во единиц | F24: Цена на ед. изм. | G24: Попра-вочные коэфф. | H24: Стоимость в ценах 2001г. | I24: Пункт коэфф. пересчета | J24: Коэфф. пересчета | K24: Стоимость в текущих ценах | L24: ЗТР всего чел.-час
A25: 1 | B25: 2 | C25: 3 | D25: 4 | E25: 5 | F25: 6 | G25: 7 | H25: 8 | I25: 9 | J25: 10 | K25: 11 | L25: 12
A26: =Source!E25 -> 1 | B26: =Source!F25 -> 46-04-012-01 | C26: =Source!G25 -> Разборка деревянных заполнений проемов оконных с подоконными досками | D26: =Source!H25 -> 100 м2 | E26: =Source!I25 -> 0.0648 | F26: =Source!AL25+Source!AM25+Source!AO25 -> 1767.24 | I26: =Source!BO25 | S26: =ROUND((Source!FX25/100)*((ROUND(Source!AF25*Source!I25, 2)+ROUND(Source!AE25*Source!I25, 2))), 2) -> 104.55 | T26: =Source!X25 -> 638.83 | U26: =ROUND((Source!FY25/100)*((ROUND(Source!AF25*Source!I25, 2)+ROUND(Source!AE25*Source!I25, 2))), 2) -> 62.84 | V26: =Source!Y25 -> 387.17
C27: ="Объем: "&Source!I25&"=6,48/"&"100" -> Объем: 0,0648=6,48/100
C28: Зарплата | F28: =Source!AO25 -> 1525.29 | G28: =Source!DG25 | H28: =ROUND(Source!AF25*Source!I25, 2) -> 98.84 | J28: =IF(Source!BA25<> 0, Source!BA25, 1) -> 6.11 | K28: =Source!S25 -> 603.91 | R28: =H28 -> 98.84
C29: Эксплуатация машин | F29: =Source!AM25 -> 241.95 | G29: =Source!DE25 | H29: =ROUND(Source!AD25*Source!I25, 2) -> 15.68 | J29: =IF(Source!BB25<> 0, Source!BB25, 1) -> 6.11 | K29: =Source!Q25 -> 95.79
C30: в т.ч. зарплата машинистов | F30: =Source!AN25 -> 104.49 | G30: =Source!DF25 | H30: =ROUND(Source!AE25*Source!I25, 2) -> 6.77 | J30: =IF(Source!BS25<> 0, Source!BS25, 1) -> 6.11 | K30: =Source!R25 -> 41.37 | R30: =H30 -> 6.77
C31: НР от ФОТ | D31: % | E31: =Source!BZ25 -> 110 | F31: =CONCATENATE(" )", Source!DL25, Source!FT25, "=", Source!FX25) -> )*0,9=99 | H31: =SUM(S26:S33) -> 104.55 | J31: =Source!AT25 -> 99 | K31: =SUM(T26:T33) -> 638.83
C32: СП от ФОТ | D32: % | E32: =Source!CA25 -> 70 | F32: =CONCATENATE(" )", Source!DM25, Source!FU25, "=", Source!FY25) -> )*0,85=59,5 | H32: =SUM(U26:U33) -> 62.84 | J32: =Source!AU25 -> 60 | K32: =SUM(V26:V33) -> 387.17
C33: Затраты труда | D33: чел-ч | E33: =Source!AQ25 -> 188.54 | G33: =Source!DI25 | L33: =Source!U25 -> 12.217392
G34: =H28+H29+H31+H32 -> 281.91 | J34: =K28+K29+K31+K32 -> 1725.7 | L34: =Source!U25 -> 12.217392 | O34: =G34 -> 281.91 | P34: =J34 -> 1725.7 | Q34: =L34 -> 12.217392 | W34: =IF(Source!BI25<=1,H28+H29+H31+H32, 0) -> 281.91 | X34: =IF(Source!BI25=2,H28+H29+H31+H32, 0) -> 0 | Y34: =IF(Source!BI25=3,H28+H29+H31+H32, 0) -> 0 | Z34: =IF(Source!BI25=4,H28+H29+H31+H32, 0) -> 0
A35: =Source!E27 -> 2 | B35: =Source!F27 -> 10-01-034-06 | C35: =Source!G27 -> Установка в жилых и общественных зданиях оконных блоков из ПВХ профилей поворотных (откидных, поворотно-откидных) с площадью проема более 2 м2 двухстворчатых | D35: =Source!H27 -> 100 м2 | E35: =Source!I27 -> 0.0648 | F35: =Source!AL27+Source!AM27+Source!AO27 -> 9827.15 | I35: =Source!BO27 | S35: =ROUND((Source!FX27/100)*((ROUND(Source!AF27*Source!I27, 2)+ROUND(Source!AE27*Source!I27, 2))), 2) -> 105.13 | T35: =Source!X27 -> 641.08 | U35: =ROUND((Source!FY27/100)*((ROUND(Source!AF27*Source!I27, 2)+ROUND(Source!AE27*Source!I27, 2))), 2) -> 53.01 | V35: =Source!Y27 -> 326.59
C36: ="Объем: "&Source!I27&"=6,48/"&"100" -> Объем: 0,0648=6,48/100
C37: Зарплата | F37: =Source!AO27 -> 1273.59 | G37: =Source!DG27 -> )*1,15 | H37: =ROUND(Source!AF27*Source!I27, 2) -> 94.91 | J37: =IF(Source!BA27<> 0, Source!BA27, 1) -> 6.11 | K37: =Source!S27 -> 579.89 | R37: =H37 -> 94.91
C38: Эксплуатация машин | F38: =Source!AM27 -> 255.21 | G38: =Source!DE27 -> )*1,25 | H38: =ROUND(Source!AD27*Source!I27, 2) -> 20.67 | J38: =IF(Source!BB27<> 0, Source!BB27, 1) -> 6.11 | K38: =Source!Q27 -> 126.3
C39: в т.ч. зарплата машинистов | F39: =Source!AN27 -> 50.32 | G39: =Source!DF27 -> )*1,25 | H39: =ROUND(Source!AE27*Source!I27, 2) -> 4.08 | J39: =IF(Source!BS27<> 0, Source!BS27, 1) -> 6.11 | K39: =Source!R27 -> 24.9 | R39: =H39 -> 4.08
C40: Материальные ресурсы | F40: =Source!AL27 -> 8298.35 | G40: =Source!DD27 | H40: =ROUND(Source!AC27*Source!I27, 2) -> 537.73 | J40: =IF(Source!BC27<> 0, Source!BC27, 1) -> 6.11 | K40: =Source!P27 -> 3285.55
C41: НР от ФОТ | D41: % | E41: =Source!BZ27 -> 118 | F41: =CONCATENATE(" )", Source!DL27, Source!FT27, "=", Source!FX27) -> )*0,9=106,2 | H41: =SUM(S35:S44) -> 105.13 | J41: =Source!AT27 -> 106 | K41: =SUM(T35:T44) -> 641.08
C42: СП от ФОТ | D42: % | E42: =Source!CA27 -> 63 | F42: =CONCATENATE(" )", Source!DM27, Source!FU27, "=", Source!FY27) -> )*0,85=53,55 | H42: =SUM(U35:U44) -> 53.01 | J42: =Source!AU27 -> 54 | K42: =SUM(V35:V44) -> 326.59
C43: Затраты труда | D43: чел-ч | E43: =Source!AQ27 -> 145.72 | G43: =Source!DI27 -> )*1,15 | L43: =Source!U27 -> 10.859054
A44: =Source!E29 -> 2,1 | B44: =Source!F29 -> 11.3.02.01-0019 | C44: =Source!G29 -> Блок оконный пластиковый двустворчатый, с глухой и поворотно-откидной створкой, двухкамерным стеклопакетом (42 мм), площадью до 3,5 м2 | D44: =Source!H29 -> м2 | E44: =Source!I29 -> 6.48 | F44: =Source!AL29+Source!AM29+Source!AO29 -> 2554.73 | H44: =ROUND(Source!AC29*Source!I29, 2)+ROUND(Source!AD29*Source!I29, 2)+ROUND(Source!AF29*Source!I29, 2) -> 16554.65 | J44: =IF(Source!BC29<> 0, Source!BC29, 1) -> 6.11 | K44: =Source!O29 -> 101148.91 | S44: =ROUND((Source!FX29/100)*((ROUND(Source!AF29*Source!I29, 2)+ROUND(Source!AE29*Source!I29, 2))), 2) -> 0 | T44: =Source!X29 -> 0 | U44: =ROUND((Source!FY29/100)*((ROUND(Source!AF29*Source!I29, 2)+ROUND(Source!AE29*Source!I29, 2))), 2) -> 0 | V44: =Source!Y29 -> 0 | W44: =IF(Source!BI29<=1,H44, 0) -> 16554.65 | X44: =IF(Source!BI29=2,H44, 0) -> 0 | Y44: =IF(Source!BI29=3,H44, 0) -> 0 | Z44: =IF(Source!BI29=4,H44, 0) -> 0
G45: =H37+H38+H40+H41+H42+SUM(H44:H44) -> 17366.1 | J45: =K37+K38+K40+K41+K42+SUM(K44:K44) -> 106108.32 | L45: =Source!U27 -> 10.859054 | O45: =G45 -> 17366.1 | P45: =J45 -> 106108.32 | Q45: =L45 -> 10.859054 | W45: =IF(Source!BI27<=1,H37+H38+H40+H41+H42, 0) -> 811.45 | X45: =IF(Source!BI27=2,H37+H38+H40+H41+H42, 0) -> 0 | Y45: =IF(Source!BI27=3,H37+H38+H40+H41+H42, 0) -> 0 | Z45: =IF(Source!BI27=4,H37+H38+H40+H41+H42, 0) -> 0
A46: =Source!E31 -> 3 | B46: =Source!F31 -> 10-01-035-03 | C46: =Source!G31 -> Установка подоконных досок из ПВХ в каменных стенах толщиной свыше 0,51 м | D46: =Source!H31 -> 100 м | E46: =Source!I31 -> 0.032 | F46: =Source!AL31+Source!AM31+Source!AO31 -> 6481.17 | I46: =Source!BO31 | S46: =ROUND((Source!FX31/100)*((ROUND(Source!AF31*Source!I31, 2)+ROUND(Source!AE31*Source!I31, 2))), 2) -> 7.32 | T46: =Source!X31 -> 44.62 | U46: =ROUND((Source!FY31/100)*((ROUND(Source!AF31*Source!I31, 2)+ROUND(Source!AE31*Source!I31, 2))), 2) -> 3.69 | V46: =Source!Y31 -> 22.73
C47: ="Объем: "&Source!I31&"=3,2/"&"100" -> Объем: 0,032=3,2/100
C48: Зарплата | F48: =Source!AO31 -> 182.37 | G48: =Source!DG31 -> )*1,15 | H48: =ROUND(Source!AF31*Source!I31, 2) -> 6.71 | J48: =IF(Source!BA31<> 0, Source!BA31, 1) -> 6.11 | K48: =Source!S31 -> 41.01 | R48: =H48 -> 6.71
C49: Эксплуатация машин | F49: =Source!AM31 -> 21.9 | G49: =Source!DE31 -> )*1,25 | H49: =ROUND(Source!AD31*Source!I31, 2) -> 0.88 | J49: =IF(Source!BB31<> 0, Source!BB31, 1) -> 6.11 | K49: =Source!Q31 -> 5.35
C50: в т.ч. зарплата машинистов | F50: =Source!AN31 -> 4.43 | G50: =Source!DF31 -> )*1,25 | H50: =ROUND(Source!AE31*Source!I31, 2) -> 0.18 | J50: =IF(Source!BS31<> 0, Source!BS31, 1) -> 6.11 | K50: =Source!R31 -> 1.08 | R50: =H50 -> 0.18
C51: Материальные ресурсы | F51: =Source!AL31 -> 6276.9 | G51: =Source!DD31 | H51: =ROUND(Source!AC31*Source!I31, 2) -> 200.86 | J51: =IF(Source!BC31<> 0, Source!BC31, 1) -> 6.11 | K51: =Source!P31 -> 1227.26
C52: НР от ФОТ | D52: % | E52: =Source!BZ31 -> 118 | F52: =CONCATENATE(" )", Source!DL31, Source!FT31, "=", Source!FX31) -> )*0,9=106,2 | H52: =SUM(S46:S55) -> 7.32 | J52: =Source!AT31 -> 106 | K52: =SUM(T46:T55) -> 44.62
C53: СП от ФОТ | D53: % | E53: =Source!CA31 -> 63 | F53: =CONCATENATE(" )", Source!DM31, Source!FU31, "=", Source!FY31) -> )*0,85=53,55 | H53: =SUM(U46:U55) -> 3.69 | J53: =Source!AU31 -> 54 | K53: =SUM(V46:V55) -> 22.73
C54: Затраты труда | D54: чел-ч | E54: =Source!AQ31 -> 21.38 | G54: =Source!DI31 -> )*1,15 | L54: =Source!U31 -> 0.786784
A55: =Source!E33 -> 3,1 | B55: =Source!F33 -> 11.3.03.01-0004 | C55: =Source!G33 -> Доски подоконные ПВХ, шириной 250 мм | D55: =Source!H33 -> м | E55: =Source!I33 -> 3.2 | F55: =Source!AL33+Source!AM33+Source!AO33 -> 32.42 | H55: =ROUND(Source!AC33*Source!I33, 2)+ROUND(Source!AD33*Source!I33, 2)+ROUND(Source!AF33*Source!I33, 2) -> 103.74 | J55: =IF(Source!BC33<> 0, Source!BC33, 1) -> 6.11 | K55: =Source!O33 -> 633.88 | S55: =ROUND((Source!FX33/100)*((ROUND(Source!AF33*Source!I33, 2)+ROUND(Source!AE33*Source!I33, 2))), 2) -> 0 | T55: =Source!X33 -> 0 | U55: =ROUND((Source!FY33/100)*((ROUND(Source!AF33*Source!I33, 2)+ROUND(Source!AE33*Source!I33, 2))), 2) -> 0 | V55: =Source!Y33 -> 0 | W55: =IF(Source!BI33<=1,H55, 0) -> 103.74 | X55: =IF(Source!BI33=2,H55, 0) -> 0 | Y55: =IF(Source!BI33=3,H55, 0) -> 0 | Z55: =IF(Source!BI33=4,H55, 0) -> 0
G56: =H48+H49+H51+H52+H53+SUM(H55:H55) -> 323.2 | J56: =K48+K49+K51+K52+K53+SUM(K55:K55) -> 1974.85 | L56: =Source!U31 -> 0.786784 | O56: =G56 -> 323.2 | P56: =J56 -> 1974.85 | Q56: =L56 -> 0.786784 | W56: =IF(Source!BI31<=1,H48+H49+H51+H52+H53, 0) -> 219.46 | X56: =IF(Source!BI31=2,H48+H49+H51+H52+H53, 0) -> 0 | Y56: =IF(Source!BI31=3,H48+H49+H51+H52+H53, 0) -> 0 | Z56: =IF(Source!BI31=4,H48+H49+H51+H52+H53, 0) -> 0
A57: =Source!E35 -> 4 | B57: =Source!F35 -> 15-01-050-04 | C57: =Source!G35 -> Облицовка оконных и дверных откосов декоративным бумажно-слоистым пластиком или листами из синтетических материалов на клее | D57: =Source!H35 -> 100 м2 | E57: =Source!I35 -> 0.0246 | F57: =Source!AL35+Source!AM35+Source!AO35 -> 1563.91 | I57: =Source!BO35 | S57: =ROUND((Source!FX35/100)*((ROUND(Source!AF35*Source!I35, 2)+ROUND(Source!AE35*Source!I35, 2))), 2) -> 41.05 | T57: =Source!X35 -> 252.17 | U57: =ROUND((Source!FY35/100)*((ROUND(Source!AF35*Source!I35, 2)+ROUND(Source!AE35*Source!I35, 2))), 2) -> 20.31 | V57: =Source!Y35 -> 124.76
C58: ="Объем: "&Source!I35&"=2,46/"&"100" -> Объем: 0,0246=2,46/100
C59: Зарплата | F59: =Source!AO35 -> 1528.19 | G59: =Source!DG35 -> )*1,15 | H59: =ROUND(Source!AF35*Source!I35, 2) -> 43.23 | J59: =IF(Source!BA35<> 0, Source!BA35, 1) -> 6.11 | K59: =Source!S35 -> 264.15 | R59: =H59 -> 43.23
C60: Эксплуатация машин | F60: =Source!AM35 -> 35.36 | G60: =Source!DE35 -> )*1,25 | H60: =ROUND(Source!AD35*Source!I35, 2) -> 1.09 | J60: =IF(Source!BB35<> 0, Source!BB35, 1) -> 6.11 | K60: =Source!Q35 -> 6.64
C61: в т.ч. зарплата машинистов | F61: =Source!AN35 -> 6.88 | G61: =Source!DF35 -> )*1,25 | H61: =ROUND(Source!AE35*Source!I35, 2) -> 0.21 | J61: =IF(Source!BS35<> 0, Source!BS35, 1) -> 6.11 | K61: =Source!R35 -> 1.29 | R61: =H61 -> 0.21
C62: Материальные ресурсы | F62: =Source!AL35 -> 0.36 | G62: =Source!DD35 | H62: =ROUND(Source!AC35*Source!I35, 2) -> 0.01 | J62: =IF(Source!BC35<> 0, Source!BC35, 1) -> 6.11 | K62: =Source!P35 -> 0.05
C63: НР от ФОТ | D63: % | E63: =Source!BZ35 -> 105 | F63: =CONCATENATE(" )", Source!DL35, Source!FT35, "=", Source!FX35) -> )*0,9=94,5 | H63: =SUM(S57:S68) -> 41.05 | J63: =Source!AT35 -> 95 | K63: =SUM(T57:T68) -> 252.17
C64: СП от ФОТ | D64: % | E64: =Source!CA35 -> 55 | F64: =CONCATENATE(" )", Source!DM35, Source!FU35, "=", Source!FY35) -> )*0,85=46,75 | H64: =SUM(U57:U68) -> 20.31 | J64: =Source!AU35 -> 47 | K64: =SUM(V57:V68) -> 124.76
C65: Затраты труда | D65: чел-ч | E65: =Source!AQ35 -> 166.47 | G65: =Source!DI35 -> )*1,15 | L65: =Source!U35 -> 4.7094363
A66: =Source!E37 -> 4,1 | B66: =Source!F37 -> 11.3.03.05-0011 | C66: =Source!G37 -> Сэндвич-панели для откосов (наружные слои – листы из поливинилхлорида, внутреннее наполнение – вспененный пенополистирол) белые, ширина 1,5 м, длина 3,0 м, толщина 10 мм | D66: =Source!H37 -> м2 | E66: =Source!I37 -> 2.583 | F66: =Source!AL37+Source!AM37+Source!AO37 -> 59.16 | H66: =ROUND(Source!AC37*Source!I37, 2)+ROUND(Source!AD37*Source!I37, 2)+ROUND(Source!AF37*Source!I37, 2) -> 152.81 | J66: =IF(Source!BC37<> 0, Source!BC37, 1) -> 6.11 | K66: =Source!O37 -> 933.67 | S66: =ROUND((Source!FX37/100)*((ROUND(Source!AF37*Source!I37, 2)+ROUND(Source!AE37*Source!I37, 2))), 2) -> 0 | T66: =Source!X37 -> 0 | U66: =ROUND((Source!FY37/100)*((ROUND(Source!AF37*Source!I37, 2)+ROUND(Source!AE37*Source!I37, 2))), 2) -> 0 | V66: =Source!Y37 -> 0 | W66: =IF(Source!BI37<=1,H66, 0) -> 152.81 | X66: =IF(Source!BI37=2,H66, 0) -> 0 | Y66: =IF(Source!BI37=3,H66, 0) -> 0 | Z66: =IF(Source!BI37=4,H66, 0) -> 0
A67: =Source!E39 -> 4,2 | B67: =Source!F39 -> 14.1.02.04-0102 | C67: =Source!G39 -> Клей Forbo 522, для укладки ПВХ-покрытий | D67: =Source!H39 -> кг | E67: =Source!I39 -> 0.738 | F67: =Source!AL39+Source!AM39+Source!AO39 -> 25.56 | H67: =ROUND(Source!AC39*Source!I39, 2)+ROUND(Source!AD39*Source!I39, 2)+ROUND(Source!AF39*Source!I39, 2) -> 18.86 | J67: =IF(Source!BC39<> 0, Source!BC39, 1) -> 6.11 | K67: =Source!O39 -> 115.25 | S67: =ROUND((Source!FX39/100)*((ROUND(Source!AF39*Source!I39, 2)+ROUND(Source!AE39*Source!I39, 2))), 2) -> 0 | T67: =Source!X39 -> 0 | U67: =ROUND((Source!FY39/100)*((ROUND(Source!AF39*Source!I39, 2)+ROUND(Source!AE39*Source!I39, 2))), 2) -> 0 | V67: =Source!Y39 -> 0 | W67: =IF(Source!BI39<=1,H67, 0) -> 18.86 | X67: =IF(Source!BI39=2,H67, 0) -> 0 | Y67: =IF(Source!BI39=3,H67, 0) -> 0 | Z67: =IF(Source!BI39=4,H67, 0) -> 0
A68: =Source!E41 -> 4,3 | B68: =Source!F41 -> 14.3.01.02-0102 | C68: =Source!G41 -> Грунтовка: водно-дисперсионная "БИРСС Бетон-контакт" | D68: =Source!H41 -> т | E68: =Source!I41 -> 0.000219 | F68: =Source!AL41+Source!AM41+Source!AO41 -> 18390.16 | H68: =ROUND(Source!AC41*Source!I41, 2)+ROUND(Source!AD41*Source!I41, 2)+ROUND(Source!AF41*Source!I41, 2) -> 4.03 | J68: =IF(Source!BC41<> 0, Source!BC41, 1) -> 6.11 | K68: =Source!O41 -> 24.61 | S68: =ROUND((Source!FX41/100)*((ROUND(Source!AF41*Source!I41, 2)+ROUND(Source!AE41*Source!I41, 2))), 2) -> 0 | T68: =Source!X41 -> 0 | U68: =ROUND((Source!FY41/100)*((ROUND(Source!AF41*Source!I41, 2)+ROUND(Source!AE41*Source!I41, 2))), 2) -> 0 | V68: =Source!Y41 -> 0 | W68: =IF(Source!BI41<=1,H68, 0) -> 4.03 | X68: =IF(Source!BI41=2,H68, 0) -> 0 | Y68: =IF(Source!BI41=3,H68, 0) -> 0 | Z68: =IF(Source!BI41=4,H68, 0) -> 0
G69: =H59+H60+H62+H63+H64+SUM(H66:H68) -> 281.39 | J69: =K59+K60+K62+K63+K64+SUM(K66:K68) -> 1721.3 | L69: =Source!U35 -> 4.7094363 | O69: =G69 -> 281.39 | P69: =J69 -> 1721.3 | Q69: =L69 -> 4.7094363 | W69: =IF(Source!BI35<=1,H59+H60+H62+H63+H64, 0) -> 105.69 | X69: =IF(Source!BI35=2,H59+H60+H62+H63+H64, 0) -> 0 | Y69: =IF(Source!BI35=3,H59+H60+H62+H63+H64, 0) -> 0 | Z69: =IF(Source!BI35=4,H59+H60+H62+H63+H64, 0) -> 0
A70: =Source!E43 -> 5 | B70: =Source!F43 -> 10-01-036-01 | C70: =Source!G43 -> Установка уголков ПВХ на клее | D70: =Source!H43 -> 100 м | E70: =Source!I43 -> 0.123 | F70: =Source!AL43+Source!AM43+Source!AO43 -> 93.15 | I70: =Source!BO43 | S70: =ROUND((Source!FX43/100)*((ROUND(Source!AF43*Source!I43, 2)+ROUND(Source!AE43*Source!I43, 2))), 2) -> 8.58 | T70: =Source!X43 -> 52.35 | U70: =ROUND((Source!FY43/100)*((ROUND(Source!AF43*Source!I43, 2)+ROUND(Source!AE43*Source!I43, 2))), 2) -> 4.33 | V70: =Source!Y43 -> 26.67
C71: ="Объем: "&Source!I43&"=12,3/"&"100" -> Объем: 0,123=12,3/100
C72: Зарплата | F72: =Source!AO43 -> 57.15 | G72: =Source!DG43 -> )*1,15 | H72: =ROUND(Source!AF43*Source!I43, 2) -> 8.08 | J72: =IF(Source!BA43<> 0, Source!BA43, 1) -> 6.11 | K72: =Source!S43 -> 49.39 | R72: =H72 -> 8.08
C73: Материальные ресурсы | F73: =Source!AL43 -> 36 | G73: =Source!DD43 | H73: =ROUND(Source!AC43*Source!I43, 2) -> 4.43 | J73: =IF(Source!BC43<> 0, Source!BC43, 1) -> 6.11 | K73: =Source!P43 -> 27.06
C74: НР от ФОТ | D74: % | E74: =Source!BZ43 -> 118 | F74: =CONCATENATE(" )", Source!DL43, Source!FT43, "=", Source!FX43) -> )*0,9=106,2 | H74: =SUM(S70:S77) -> 8.58 | J74: =Source!AT43 -> 106 | K74: =SUM(T70:T77) -> 52.35
C75: СП от ФОТ | D75: % | E75: =Source!CA43 -> 63 | F75: =CONCATENATE(" )", Source!DM43, Source!FU43, "=", Source!FY43) -> )*0,85=53,55 | H75: =SUM(U70:U77) -> 4.33 | J75: =Source!AU43 -> 54 | K75: =SUM(V70:V77) -> 26.67
C76: Затраты труда | D76: чел-ч | E76: =Source!AQ43 -> 6.7 | G76: =Source!DI43 -> )*1,15 | L76: =Source!U43 -> 0.947715
A77: =Source!E45 -> 5,1 | B77: =Source!F45 -> 11.3.03.13-0045 | C77: =Source!G45 -> Уголок ПВХ, размером 30х30 мм | D77: =Source!H45 -> 10 м | E77: =Source!I45 -> 1.23 | F77: =Source!AL45+Source!AM45+Source!AO45 -> 32.4 | H77: =ROUND(Source!AC45*Source!I45, 2)+ROUND(Source!AD45*Source!I45, 2)+ROUND(Source!AF45*Source!I45, 2) -> 39.85 | J77: =IF(Source!BC45<> 0, Source!BC45, 1) -> 6.11 | K77: =Source!O45 -> 243.5 | S77: =ROUND((Source!FX45/100)*((ROUND(Source!AF45*Source!I45, 2)+ROUND(Source!AE45*Source!I45, 2))), 2) -> 0 | T77: =Source!X45 -> 0 | U77: =ROUND((Source!FY45/100)*((ROUND(Source!AF45*Source!I45, 2)+ROUND(Source!AE45*Source!I45, 2))), 2) -> 0 | V77: =Source!Y45 -> 0 | W77: =IF(Source!BI45<=1,H77, 0) -> 39.85 | X77: =IF(Source!BI45=2,H77, 0) -> 0 | Y77: =IF(Source!BI45=3,H77, 0) -> 0 | Z77: =IF(Source!BI45=4,H77, 0) -> 0
G78: =H72+H73+H74+H75+SUM(H77:H77) -> 65.27 | J78: =K72+K73+K74+K75+SUM(K77:K77) -> 398.97 | L78: =Source!U43 -> 0.947715 | O78: =G78 -> 65.27 | P78: =J78 -> 398.97 | Q78: =L78 -> 0.947715 | W78: =IF(Source!BI43<=1,H72+H73+H74+H75, 0) -> 25.42 | X78: =IF(Source!BI43=2,H72+H73+H74+H75, 0) -> 0 | Y78: =IF(Source!BI43=3,H72+H73+H74+H75, 0) -> 0 | Z78: =IF(Source!BI43=4,H72+H73+H74+H75, 0) -> 0
A79: =Source!E47 -> 6 | B79: =Source!F47 -> 09-06-001-02 | C79: =Source!G47 -> Демонтаж лотков, решеток, затворов из полосовой и тонколистовой стали | D79: =Source!H47 -> т | E79: =Source!I47 -> 0.05 | F79: =Source!AL47+Source!AM47+Source!AO47 -> 641 | I79: =Source!BO47 | S79: =ROUND((Source!FX47/100)*((ROUND(Source!AF47*Source!I47, 2)+ROUND(Source!AE47*Source!I47, 2))), 2) -> 12.38 | T79: =Source!X47 -> 75.71 | U79: =ROUND((Source!FY47/100)*((ROUND(Source!AF47*Source!I47, 2)+ROUND(Source!AE47*Source!I47, 2))), 2) -> 11.05 | V79: =Source!Y47 -> 67.3
C80: Зарплата | F80: =Source!AO47 -> 433.24 | G80: =Source!DG47 -> )*0,7 | H80: =ROUND(Source!AF47*Source!I47, 2) -> 15.16 | J80: =IF(Source!BA47<> 0, Source!BA47, 1) -> 6.11 | K80: =Source!S47 -> 92.65 | R80: =H80 -> 15.16
C81: Эксплуатация машин | F81: =Source!AM47 -> 125.8 | G81: =Source!DE47 -> )*0,7 | H81: =ROUND(Source!AD47*Source!I47, 2) -> 4.4 | J81: =IF(Source!BB47<> 0, Source!BB47, 1) -> 6.11 | K81: =Source!Q47 -> 26.9
C82: в т.ч. зарплата машинистов | F82: =Source!AN47 -> 3.82 | G82: =Source!DF47 -> )*0,7 | H82: =ROUND(Source!AE47*Source!I47, 2) -> 0.13 | J82: =IF(Source!BS47<> 0, Source!BS47, 1) -> 6.11 | K82: =Source!R47 -> 0.82 | R82: =H82 -> 0.13
C83: НР от ФОТ | D83: % | E83: =Source!BZ47 -> 90 | F83: =CONCATENATE(" )", Source!DL47, Source!FT47, "=", Source!FX47) -> )*0,9=81 | H83: =SUM(S79:S85) -> 12.38 | J83: =Source!AT47 -> 81 | K83: =SUM(T79:T85) -> 75.71
C84: СП от ФОТ | D84: % | E84: =Source!CA47 -> 85 | F84: =CONCATENATE(" )", Source!DM47, Source!FU47, "=", Source!FY47) -> )*0,85=72,25 | H84: =SUM(U79:U85) -> 11.05 | J84: =Source!AU47 -> 72 | K84: =SUM(V79:V85) -> 67.3
C85: Затраты труда | D85: чел-ч | E85: =Source!AQ47 -> 50.79 | G85: =Source!DI47 -> )*0,7 | L85: =Source!U47 -> 1.77765
G86: =H80+H81+H83+H84 -> 42.99 | J86: =K80+K81+K83+K84 -> 262.56 | L86: =Source!U47 -> 1.77765 | O86: =G86 -> 42.99 | P86: =J86 -> 262.56 | Q86: =L86 -> 1.77765 | W86: =IF(Source!BI47<=1,H80+H81+H83+H84, 0) -> 42.99 | X86: =IF(Source!BI47=2,H80+H81+H83+H84, 0) -> 0 | Y86: =IF(Source!BI47=3,H80+H81+H83+H84, 0) -> 0 | Z86: =IF(Source!BI47=4,H80+H81+H83+H84, 0) -> 0
A87: =Source!E49 -> 7 | B87: =Source!F49 -> 58-20-1 | C87: =Source!G49 -> Смена обделок из листовой стали (поясков, сандриков, отливов, карнизов) шириной до 0,4 м | D87: =Source!H49 -> 100 м | E87: =Source!I49 -> 0.028 | F87: =Source!AL49+Source!AM49+Source!AO49 -> 454.41 | I87: =Source!BO49 | S87: =ROUND((Source!FX49/100)*((ROUND(Source!AF49*Source!I49, 2)+ROUND(Source!AE49*Source!I49, 2))), 2) -> 8.24 | T87: =Source!X49 -> 50.37 | U87: =ROUND((Source!FY49/100)*((ROUND(Source!AF49*Source!I49, 2)+ROUND(Source!AE49*Source!I49, 2))), 2) -> 6.45 | V87: =Source!Y49 -> 39.45
C88: ="Объем: "&Source!I49&"=2,8/"&"100" -> Объем: 0,028=2,8/100
C89: Зарплата | F89: =Source!AO49 -> 353.23 | G89: =Source!DG49 | H89: =ROUND(Source!AF49*Source!I49, 2) -> 9.89 | J89: =IF(Source!BA49<> 0, Source!BA49, 1) -> 6.11 | K89: =Source!S49 -> 60.43 | R89: =H89 -> 9.89
C90: Эксплуатация машин | F90: =Source!AM49 -> 5.13 | G90: =Source!DE49 | H90: =ROUND(Source!AD49*Source!I49, 2) -> 0.14 | J90: =IF(Source!BB49<> 0, Source!BB49, 1) -> 6.11 | K90: =Source!Q49 -> 0.88
C91: в т.ч. зарплата машинистов | F91: =Source!AN49 -> 1.54 | G91: =Source!DF49 | H91: =ROUND(Source!AE49*Source!I49, 2) -> 0.04 | J91: =IF(Source!BS49<> 0, Source!BS49, 1) -> 6.11 | K91: =Source!R49 -> 0.26 | R91: =H91 -> 0.04
C92: Материальные ресурсы | F92: =Source!AL49 -> 96.05 | G92: =Source!DD49 | H92: =ROUND(Source!AC49*Source!I49, 2) -> 2.69 | J92: =IF(Source!BC49<> 0, Source!BC49, 1) -> 6.11 | K92: =Source!P49 -> 16.43
C93: НР от ФОТ | D93: % | E93: =Source!BZ49 -> 83 | H93: =SUM(S87:S97) -> 8.24 | J93: =Source!AT49 -> 83 | K93: =SUM(T87:T97) -> 50.37
C94: СП от ФОТ | D94: % | E94: =Source!CA49 -> 65 | H94: =SUM(U87:U97) -> 6.45 | J94: =Source!AU49 -> 65 | K94: =SUM(V87:V97) -> 39.45
C95: Затраты труда | D95: чел-ч | E95: =Source!AQ49 -> 41.41 | G95: =Source!DI49 | L95: =Source!U49 -> 1.15948
A96: =Source!E51 -> 7,1 | B96: =Source!F51 -> 08.3.05.05 | C96: =Source!G51 -> Сталь листовая оцинкованная | D96: =Source!H51 -> т | E96: =Source!I51 -> 0.005152 | F96: =Source!AL51+Source!AM51+Source!AO51 -> 0 | H96: =ROUND(Source!AC51*Source!I51, 2)+ROUND(Source!AD51*Source!I51, 2)+ROUND(Source!AF51*Source!I51, 2) -> 0 | J96: =IF(Source!BC51<> 0, Source!BC51, 1) -> 6.11 | K96: =Source!O51 -> 0 | S96: =ROUND((Source!FX51/100)*((ROUND(Source!AF51*Source!I51, 2)+ROUND(Source!AE51*Source!I51, 2))), 2) -> 0 | T96: =Source!X51 -> 0 | U96: =ROUND((Source!FY51/100)*((ROUND(Source!AF51*Source!I51, 2)+ROUND(Source!AE51*Source!I51, 2))), 2) -> 0 | V96: =Source!Y51 -> 0 | W96: =IF(Source!BI51<=1,H96, 0) -> 0 | X96: =IF(Source!BI51=2,H96, 0) -> 0 | Y96: =IF(Source!BI51=3,H96, 0) -> 0 | Z96: =IF(Source!BI51=4,H96, 0) -> 0
A97: =Source!E53 -> 7,2 | B97: =Source!F53 -> 08.1.02.03-0021 | C97: =Source!G53 -> Водоотлив оконный шириной планки 200 мм из оцинкованной стали с полимерным покрытием прим. | D97: =Source!H53 -> П.М | E97: =Source!I53 -> 2.8 | F97: =Source!AL53+Source!AM53+Source!AO53 -> 26.41 | H97: =ROUND(Source!AC53*Source!I53, 2)+ROUND(Source!AD53*Source!I53, 2)+ROUND(Source!AF53*Source!I53, 2) -> 73.95 | J97: =IF(Source!BC53<> 0, Source!BC53, 1) -> 6.11 | K97: =Source!O53 -> 451.82 | S97: =ROUND((Source!FX53/100)*((ROUND(Source!AF53*Source!I53, 2)+ROUND(Source!AE53*Source!I53, 2))), 2) -> 0 | T97: =Source!X53 -> 0 | U97: =ROUND((Source!FY53/100)*((ROUND(Source!AF53*Source!I53, 2)+ROUND(Source!AE53*Source!I53, 2))), 2) -> 0 | V97: =Source!Y53 -> 0 | W97: =IF(Source!BI53<=1,H97, 0) -> 73.95 | X97: =IF(Source!BI53=2,H97, 0) -> 0 | Y97: =IF(Source!BI53=3,H97, 0) -> 0 | Z97: =IF(Source!BI53=4,H97, 0) -> 0
G98: =H89+H90+H92+H93+H94+SUM(H96:H97) -> 101.36 | J98: =K89+K90+K92+K93+K94+SUM(K96:K97) -> 619.38 | L98: =Source!U49 -> 1.15948 | O98: =G98 -> 101.36 | P98: =J98 -> 619.38 | Q98: =L98 -> 1.15948 | W98: =IF(Source!BI49<=1,H89+H90+H92+H93+H94, 0) -> 27.41 | X98: =IF(Source!BI49=2,H89+H90+H92+H93+H94, 0) -> 0 | Y98: =IF(Source!BI49=3,H89+H90+H92+H93+H94, 0) -> 0 | Z98: =IF(Source!BI49=4,H89+H90+H92+H93+H94, 0) -> 0
A99: =Source!E55 -> 8 | B99: =Source!F55 -> 63-14-2 | C99: =Source!G55 -> Замена элементов облицовки потолков: реечных без замены каркаса (плит "Аrmstrong") прим. | D99: =Source!H55 -> 100 м2 | E99: =Source!I55 -> 0.108 | F99: =Source!AL55+Source!AM55+Source!AO55 -> 26574.63 | I99: =Source!BO55 | S99: =ROUND((Source!FX55/100)*((ROUND(Source!AF55*Source!I55, 2)+ROUND(Source!AE55*Source!I55, 2))), 2) -> 52.28 | T99: =Source!X55 -> 319.43 | U99: =ROUND((Source!FY55/100)*((ROUND(Source!AF55*Source!I55, 2)+ROUND(Source!AE55*Source!I55, 2))), 2) -> 33.95 | V99: =Source!Y55 -> 207.42
C100: ="Объем: "&Source!I55&"=10,8/"&"100" -> Объем: 0,108=10,8/100
C101: Зарплата | F101: =Source!AO55 -> 628.37 | G101: =Source!DG55 | H101: =ROUND(Source!AF55*Source!I55, 2) -> 67.86 | J101: =IF(Source!BA55<> 0, Source!BA55, 1) -> 6.11 | K101: =Source!S55 -> 414.65 | R101: =H101 -> 67.86
C102: Эксплуатация машин | F102: =Source!AM55 -> 0.76 | G102: =Source!DE55 | H102: =ROUND(Source!AD55*Source!I55, 2) -> 0.08 | J102: =IF(Source!BB55<> 0, Source!BB55, 1) -> 6.11 | K102: =Source!Q55 -> 0.5
C103: в т.ч. зарплата машинистов | F103: =Source!AN55 -> 0.29 | G103: =Source!DF55 | H103: =ROUND(Source!AE55*Source!I55, 2) -> 0.03 | J103: =IF(Source!BS55<> 0, Source!BS55, 1) -> 6.11 | K103: =Source!R55 -> 0.19 | R103: =H103 -> 0.03
C104: Материальные ресурсы | F104: =Source!AL55 -> 25945.5 | G104: =Source!DD55 | H104: =ROUND(Source!AC55*Source!I55, 2) -> 2802.11 | J104: =IF(Source!BC55<> 0, Source!BC55, 1) -> 6.11 | K104: =Source!P55 -> 17120.92
C105: НР от ФОТ | D105: % | E105: =Source!BZ55 -> 77 | H105: =SUM(S99:S109) -> 52.28 | J105: =Source!AT55 -> 77 | K105: =SUM(T99:T109) -> 319.43
C106: СП от ФОТ | D106: % | E106: =Source!CA55 -> 50 | H106: =SUM(U99:U109) -> 33.95 | J106: =Source!AU55 -> 50 | K106: =SUM(V99:V109) -> 207.42
C107: Затраты труда | D107: чел-ч | E107: =Source!AQ55 -> 69.28 | G107: =Source!DI55 | L107: =Source!U55 -> 7.48224
A108: =Source!E57 -> 8,1 | B108: =Source!F57 -> 09.2.02.02-0011 | C108: =Source!G57 -> Рейка алюминиевая потолочная 100 мм | D108: =Source!H57 -> м | E108: =Source!I57 -> -113.4 | F108: =Source!AL57+Source!AM57+Source!AO57 -> 24.71 | H108: =ROUND(Source!AC57*Source!I57, 2)+ROUND(Source!AD57*Source!I57, 2)+ROUND(Source!AF57*Source!I57, 2) -> -2802.11 | J108: =IF(Source!BC57<> 0, Source!BC57, 1) -> 6.11 | K108: =Source!O57 -> -17120.92 | S108: =ROUND((Source!FX57/100)*((ROUND(Source!AF57*Source!I57, 2)+ROUND(Source!AE57*Source!I57, 2))), 2) -> 0 | T108: =Source!X57 -> 0 | U108: =ROUND((Source!FY57/100)*((ROUND(Source!AF57*Source!I57, 2)+ROUND(Source!AE57*Source!I57, 2))), 2) -> 0 | V108: =Source!Y57 -> 0 | W108: =IF(Source!BI57<=1,H108, 0) -> -2802.11 | X108: =IF(Source!BI57=2,H108, 0) -> 0 | Y108: =IF(Source!BI57=3,H108, 0) -> 0 | Z108: =IF(Source!BI57=4,H108, 0) -> 0
...

Sheet Акт КС-2 13 гр. по ФЕР
A1: =Source!B1 -> Smeta.RU (495) 974-1589
J2: Унифицированная форма № КС-2
I3: Утверждена постановлением Госкомстата России
J4: от 11.11.99. № 100
K6: Код
J7: Форма по ОКУД | K7: 0322005
K8: =IF(Source!AT15 <> "", Source!AT15, "")
A9: Инвестор | C9: =IF(Source!BA15 <> "", Source!BA15, IF(Source!AU15 <> "", Source!AU15, "")) | J9: по ОКПО
C10: организация, адрес, телефон, факс | K10: =IF(Source!AK15 <> "", Source!AK15, "")
A11: Заказчик | C11: =IF(Source!AX12<> "", Source!AX12, IF(Source!AJ12 <> "", Source!AJ12, "")) | J11: по ОКПО
C12: организация, адрес, телефон, факс | K12: =IF(Source!AO15 <> "", Source!AO15, "")
A13: Подрядчик | C13: =IF(Source!AY12<> "", Source!AY12, IF(Source!AN12 <> "", Source!AN12, "")) | J13: по ОКПО
C14: организация, адрес, телефон, факс | K14: =IF(Source!CO15 <> "", Source!CO15, "")
A15: Стройка | C15: Капитальный ремонт помещения женского санузла 1-го этажа здания учебного корпуса Озерского технологического института-филиала НИЯУ МИФИ (ОТИ НИЯУ МИФИ) по адресу: г. Озерск, Челябинская область, проспект Победы, д. 48 | AD15: Капитальный ремонт помещения женского санузла 1-го этажа здания учебного корпуса Озерского технологического института-филиала НИЯУ МИФИ (ОТИ НИЯУ МИФИ) по адресу: г. Озерск, Челябинская область, проспект Победы, д. 48
C16: наименование, адрес | K16: =IF(Source!CP15 <> "", Source!CP15, "")
A17: Объект | C17: =IF(Source!G12<>"Новый объект", Source!G12, "") -> Капитальный ремонт помещения женского санузла 1-го этажа здания учебного корпуса Озерского технологического института-филиала НИЯУ МИФИ (ОТИ НИЯУ МИФИ) по адресу: г. Озерск, Челябинская область, проспект Победы, д. 48 | AD17: =IF(Source!G12<>"Новый объект", Source!G12, "") -> Капитальный ремонт помещения женского санузла 1-го этажа здания учебного корпуса Озерского технологического института-филиала НИЯУ МИФИ (ОТИ НИЯУ МИФИ) по адресу: г. Озерск, Челябинская область, проспект Победы, д. 48
C18: наименование
H19: Вид деятельности по ОКДП | K19: =IF(Source!CQ15 <> "", Source!CQ15, "")
H20: Договор подряда | J20: номер | K20: =IF(Source!CR15 <> "", Source!CR15, "")
J21: дата | K21: =IF(Source!CS15 <> 0, Source!CS15, "")
J22: Вид операции | K22: =IF(Source!CT15 <> "", Source!CT15, "")
G24: Номер документа | H24: Дата составления | I24: Отчетный период
I25: с | J25: по
G26: =IF(Source!CN15 <> "", Source!CN15, "") | H26: 43363.408
B28: AKT
B29: О ПРИЕМКЕ ВЫПОЛНЕННЫХ РАБОТ
A31: Составлен(а) в ценах 2001 г. с учетом коэффициентов пересчета к базисной стоимости СМР в текущий уровень цен базисно-индексным методом за II квартал 2018 года
A32: Номер | C32: Шифр расценки и коды ресурсов | D32: Наименование работ и затрат | E32: Ед. изм. | F32: Кол-во единиц | G32: Цена на ед. изм. | H32: Попра-вочные коэфф. | I32: Стоимость в ценах 2001г. | J32: Пункт коэфф. пересчета | K32: Коэфф. пересчета | L32: Стоимость в текущих ценах | M32: ЗТР всего чел.-час
A33: № п/п | B33: поз. по сме-те
A34: 1 | B34: 2 | C34: 3 | D34: 4 | E34: 5 | F34: 6 | G34: 7 | H34: 8 | I34: 9 | J34: 10 | K34: 11 | L34: 12 | M34: 13
A35: 1 | B35: =Source!E25 -> 1 | C35: =Source!F25 -> 46-04-012-01 | D35: =Source!G25 -> Разборка деревянных заполнений проемов оконных с подоконными досками | E35: =Source!H25 -> 100 м2 | F35: =Source!I25 -> 0.0648 | G35: =Source!AL25+Source!AM25+Source!AO25 -> 1767.24 | J35: =Source!BO25 | S35: =ROUND((Source!FX25/100)*((ROUND(Source!AF25*Source!I25, 2)+ROUND(Source!AE25*Source!I25, 2))), 2) -> 104.55 | T35: =Source!X25 -> 638.83 | U35: =ROUND((Source!FY25/100)*((ROUND(Source!AF25*Source!I25, 2)+ROUND(Source!AE25*Source!I25, 2))), 2) -> 62.84 | V35: =Source!Y25 -> 387.17
D36: ="Объем: "&Source!I25&"=6,48/"&"100" -> Объем: 0,0648=6,48/100
D37: Зарплата | G37: =Source!AO25 -> 1525.29 | H37: =Source!DG25 | I37: =ROUND(Source!AF25*Source!I25, 2) -> 98.84 | K37: =IF(Source!BA25<> 0, Source!BA25, 1) -> 6.11 | L37: =Source!S25 -> 603.91 | R37: =I37 -> 98.84
D38: Эксплуатация машин | G38: =Source!AM25 -> 241.95 | H38: =Source!DE25 | I38: =ROUND(Source!AD25*Source!I25, 2) -> 15.68 | K38: =IF(Source!BB25<> 0, Source!BB25, 1) -> 6.11 | L38: =Source!Q25 -> 95.79
D39: в т.ч. зарплата машинистов | G39: =Source!AN25 -> 104.49 | H39: =Source!DF25 | I39: =ROUND(Source!AE25*Source!I25, 2) -> 6.77 | K39: =IF(Source!BS25<> 0, Source!BS25, 1) -> 6.11 | L39: =Source!R25 -> 41.37 | R39: =I39 -> 6.77
D40: НР от ФОТ | E40: % | F40: =Source!BZ25 -> 110 | G40: =CONCATENATE(" )", Source!DL25, Source!FT25, "=", Source!FX25) -> )*0,9=99 | I40: =SUM(S35:S42) -> 104.55 | K40: =Source!AT25 -> 99 | L40: =SUM(T35:T42) -> 638.83
D41: СП от ФОТ | E41: % | F41: =Source!CA25 -> 70 | G41: =CONCATENATE(" )", Source!DM25, Source!FU25, "=", Source!FY25) -> )*0,85=59,5 | I41: =SUM(U35:U42) -> 62.84 | K41: =Source!AU25 -> 60 | L41: =SUM(V35:V42) -> 387.17
D42: Затраты труда | E42: чел-ч | F42: =Source!AQ25 -> 188.54 | H42: =Source!DI25 | M42: =Source!U25 -> 12.217392
H43: =I37+I38+I40+I41 -> 281.91 | K43: =L37+L38+L40+L41 -> 1725.7 | M43: =Source!U25 -> 12.217392 | O43: =H43 -> 281.91 | P43: =K43 -> 1725.7 | Q43: =M43 -> 12.217392 | W43: =IF(Source!BI25<=1,I37+I38+I40+I41, 0) -> 281.91 | X43: =IF(Source!BI25=2,I37+I38+I40+I41, 0) -> 0 | Y43: =IF(Source!BI25=3,I37+I38+I40+I41, 0) -> 0 | Z43: =IF(Source!BI25=4,I37+I38+I40+I41, 0) -> 0
A44: 2 | B44: =Source!E27 -> 2 | C44: =Source!F27 -> 10-01-034-06 | D44: =Source!G27 -> Установка в жилых и общественных зданиях оконных блоков из ПВХ профилей поворотных (откидных, поворотно-откидных) с площадью проема более 2 м2 двухстворчатых | E44: =Source!H27 -> 100 м2 | F44: =Source!I27 -> 0.0648 | G44: =Source!AL27+Source!AM27+Source!AO27 -> 9827.15 | J44: =Source!BO27 | S44: =ROUND((Source!FX27/100)*((ROUND(Source!AF27*Source!I27, 2)+ROUND(Source!AE27*Source!I27, 2))), 2) -> 105.13 | T44: =Source!X27 -> 641.08 | U44: =ROUND((Source!FY27/100)*((ROUND(Source!AF27*Source!I27, 2)+ROUND(Source!AE27*Source!I27, 2))), 2) -> 53.01 | V44: =Source!Y27 -> 326.59
D45: ="Объем: "&Source!I27&"=6,48/"&"100" -> Объем: 0,0648=6,48/100
D46: Зарплата | G46: =Source!AO27 -> 1273.59 | H46: =Source!DG27 -> )*1,15 | I46: =ROUND(Source!AF27*Source!I27, 2) -> 94.91 | K46: =IF(Source!BA27<> 0, Source!BA27, 1) -> 6.11 | L46: =Source!S27 -> 579.89 | R46: =I46 -> 94.91
D47: Эксплуатация машин | G47: =Source!AM27 -> 255.21 | H47: =Source!DE27 -> )*1,25 | I47: =ROUND(Source!AD27*Source!I27, 2) -> 20.67 | K47: =IF(Source!BB27<> 0, Source!BB27, 1) -> 6.11 | L47: =Source!Q27 -> 126.3
D48: в т.ч. зарплата машинистов | G48: =Source!AN27 -> 50.32 | H48: =Source!DF27 -> )*1,25 | I48: =ROUND(Source!AE27*Source!I27, 2) -> 4.08 | K48: =IF(Source!BS27<> 0, Source!BS27, 1) -> 6.11 | L48: =Source!R27 -> 24.9 | R48: =I48 -> 4.08
D49: Материальные ресурсы | G49: =Source!AL27 -> 8298.35 | H49: =Source!DD27 | I49: =ROUND(Source!AC27*Source!I27, 2) -> 537.73 | K49: =IF(Source!BC27<> 0, Source!BC27, 1) -> 6.11 | L49: =Source!P27 -> 3285.55
D50: НР от ФОТ | E50: % | F50: =Source!BZ27 -> 118 | G50: =CONCATENATE(" )", Source!DL27, Source!FT27, "=", Source!FX27) -> )*0,9=106,2 | I50: =SUM(S44:S53) -> 105.13 | K50: =Source!AT27 -> 106 | L50: =SUM(T44:T53) -> 641.08
D51: СП от ФОТ | E51: % | F51: =Source!CA27 -> 63 | G51: =CONCATENATE(" )", Source!DM27, Source!FU27, "=", Source!FY27) -> )*0,85=53,55 | I51: =SUM(U44:U53) -> 53.01 | K51: =Source!AU27 -> 54 | L51: =SUM(V44:V53) -> 326.59
D52: Затраты труда | E52: чел-ч | F52: =Source!AQ27 -> 145.72 | H52: =Source!DI27 -> )*1,15 | M52: =Source!U27 -> 10.859054
A53: 3 | B53: =Source!E29 -> 2,1 | C53: =Source!F29 -> 11.3.02.01-0019 | D53: =Source!G29 -> Блок оконный пластиковый двустворчатый, с глухой и поворотно-откидной створкой, двухкамерным стеклопакетом (42 мм), площадью до 3,5 м2 | E53: =Source!H29 -> м2 | F53: =Source!I29 -> 6.48 | G53: =Source!AL29+Source!AM29+Source!AO29 -> 2554.73 | I53: =ROUND(Source!AC29*Source!I29, 2)+ROUND(Source!AD29*Source!I29, 2)+ROUND(Source!AF29*Source!I29, 2) -> 16554.65 | K53: =IF(Source!BC29<> 0, Source!BC29, 1) -> 6.11 | L53: =Source!O29 -> 101148.91 | S53: =ROUND((Source!FX29/100)*((ROUND(Source!AF29*Source!I29, 2)+ROUND(Source!AE29*Source!I29, 2))), 2) -> 0 | T53: =Source!X29 -> 0 | U53: =ROUND((Source!FY29/100)*((ROUND(Source!AF29*Source!I29, 2)+ROUND(Source!AE29*Source!I29, 2))), 2) -> 0 | V53: =Source!Y29 -> 0 | W53: =IF(Source!BI29<=1,I53, 0) -> 16554.65 | X53: =IF(Source!BI29=2,I53, 0) -> 0 | Y53: =IF(Source!BI29=3,I53, 0) -> 0 | Z53: =IF(Source!BI29=4,I53, 0) -> 0
H54: =I46+I47+I49+I50+I51+SUM(I53:I53) -> 17366.1 | K54: =L46+L47+L49+L50+L51+SUM(L53:L53) -> 106108.32 | M54: =Source!U27 -> 10.859054 | O54: =H54 -> 17366.1 | P54: =K54 -> 106108.32 | Q54: =M54 -> 10.859054 | W54: =IF(Source!BI27<=1,I46+I47+I49+I50+I51, 0) -> 811.45 | X54: =IF(Source!BI27=2,I46+I47+I49+I50+I51, 0) -> 0 | Y54: =IF(Source!BI27=3,I46+I47+I49+I50+I51, 0) -> 0 | Z54: =IF(Source!BI27=4,I46+I47+I49+I50+I51, 0) -> 0
A55: 4 | B55: =Source!E31 -> 3 | C55: =Source!F31 -> 10-01-035-03 | D55: =Source!G31 -> Установка подоконных досок из ПВХ в каменных стенах толщиной свыше 0,51 м | E55: =Source!H31 -> 100 м | F55: =Source!I31 -> 0.032 | G55: =Source!AL31+Source!AM31+Source!AO31 -> 6481.17 | J55: =Source!BO31 | S55: =ROUND((Source!FX31/100)*((ROUND(Source!AF31*Source!I31, 2)+ROUND(Source!AE31*Source!I31, 2))), 2) -> 7.32 | T55: =Source!X31 -> 44.62 | U55: =ROUND((Source!FY31/100)*((ROUND(Source!AF31*Source!I31, 2)+ROUND(Source!AE31*Source!I31, 2))), 2) -> 3.69 | V55: =Source!Y31 -> 22.73
D56: ="Объем: "&Source!I31&"=3,2/"&"100" -> Объем: 0,032=3,2/100
D57: Зарплата | G57: =Source!AO31 -> 182.37 | H57: =Source!DG31 -> )*1,15 | I57: =ROUND(Source!AF31*Source!I31, 2) -> 6.71 | K57: =IF(Source!BA31<> 0, Source!BA31, 1) -> 6.11 | L57: =Source!S31 -> 41.01 | R57: =I57 -> 6.71
D58: Эксплуатация машин | G58: =Source!AM31 -> 21.9 | H58: =Source!DE31 -> )*1,25 | I58: =ROUND(Source!AD31*Source!I31, 2) -> 0.88 | K58: =IF(Source!BB31<> 0, Source!BB31, 1) -> 6.11 | L58: =Source!Q31 -> 5.35
D59: в т.ч. зарплата машинистов | G59: =Source!AN31 -> 4.43 | H59: =Source!DF31 -> )*1,25 | I59: =ROUND(Source!AE31*Source!I31, 2) -> 0.18 | K59: =IF(Source!BS31<> 0, Source!BS31, 1) -> 6.11 | L59: =Source!R31 -> 1.08 | R59: =I59 -> 0.18
D60: Материальные ресурсы | G60: =Source!AL31 -> 6276.9 | H60: =Source!DD31 | I60: =ROUND(Source!AC31*Source!I31, 2) -> 200.86 | K60: =IF(Source!BC31<> 0, Source!BC31, 1) -> 6.11 | L60: =Source!P31 -> 1227.26
D61: НР от ФОТ | E61: % | F61: =Source!BZ31 -> 118 | G61: =CONCATENATE(" )", Source!DL31, Source!FT31, "=", Source!FX31) -> )*0,9=106,2 | I61: =SUM(S55:S64) -> 7.32 | K61: =Source!AT31 -> 106 | L61: =SUM(T55:T64) -> 44.62
D62: СП от ФОТ | E62: % | F62: =Source!CA31 -> 63 | G62: =CONCATENATE(" )", Source!DM31, Source!FU31, "=", Source!FY31) -> )*0,85=53,55 | I62: =SUM(U55:U64) -> 3.69 | K62: =Source!AU31 -> 54 | L62: =SUM(V55:V64) -> 22.73
D63: Затраты труда | E63: чел-ч | F63: =Source!AQ31 -> 21.38 | H63: =Source!DI31 -> )*1,15 | M63: =Source!U31 -> 0.786784
A64: 5 | B64: =Source!E33 -> 3,1 | C64: =Source!F33 -> 11.3.03.01-0004 | D64: =Source!G33 -> Доски подоконные ПВХ, шириной 250 мм | E64: =Source!H33 -> м | F64: =Source!I33 -> 3.2 | G64: =Source!AL33+Source!AM33+Source!AO33 -> 32.42 | I64: =ROUND(Source!AC33*Source!I33, 2)+ROUND(Source!AD33*Source!I33, 2)+ROUND(Source!AF33*Source!I33, 2) -> 103.74 | K64: =IF(Source!BC33<> 0, Source!BC33, 1) -> 6.11 | L64: =Source!O33 -> 633.88 | S64: =ROUND((Source!FX33/100)*((ROUND(Source!AF33*Source!I33, 2)+ROUND(Source!AE33*Source!I33, 2))), 2) -> 0 | T64: =Source!X33 -> 0 | U64: =ROUND((Source!FY33/100)*((ROUND(Source!AF33*Source!I33, 2)+ROUND(Source!AE33*Source!I33, 2))), 2) -> 0 | V64: =Source!Y33 -> 0 | W64: =IF(Source!BI33<=1,I64, 0) -> 103.74 | X64: =IF(Source!BI33=2,I64, 0) -> 0 | Y64: =IF(Source!BI33=3,I64, 0) -> 0 | Z64: =IF(Source!BI33=4,I64, 0) -> 0
H65: =I57+I58+I60+I61+I62+SUM(I64:I64) -> 323.2 | K65: =L57+L58+L60+L61+L62+SUM(L64:L64) -> 1974.85 | M65: =Source!U31 -> 0.786784 | O65: =H65 -> 323.2 | P65: =K65 -> 1974.85 | Q65: =M65 -> 0.786784 | W65: =IF(Source!BI31<=1,I57+I58+I60+I61+I62, 0) -> 219.46 | X65: =IF(Source!BI31=2,I57+I58+I60+I61+I62, 0) -> 0 | Y65: =IF(Source!BI31=3,I57+I58+I60+I61+I62, 0) -> 0 | Z65: =IF(Source!BI31=4,I57+I58+I60+I61+I62, 0) -> 0
A66: 6 | B66: =Source!E35 -> 4 | C66: =Source!F35 -> 15-01-050-04 | D66: =Source!G35 -> Облицовка оконных и дверных откосов декоративным бумажно-слоистым пластиком или листами из синтетических материалов на клее | E66: =Source!H35 -> 100 м2 | F66: =Source!I35 -> 0.0246 | G66: =Source!AL35+Source!AM35+Source!AO35 -> 1563.91 | J66: =Source!BO35 | S66: =ROUND((Source!FX35/100)*((ROUND(Source!AF35*Source!I35, 2)+ROUND(Source!AE35*Source!I35, 2))), 2) -> 41.05 | T66: =Source!X35 -> 252.17 | U66: =ROUND((Source!FY35/100)*((ROUND(Source!AF35*Source!I35, 2)+ROUND(Source!AE35*Source!I35, 2))), 2) -> 20.31 | V66: =Source!Y35 -> 124.76
D67: ="Объем: "&Source!I35&"=2,46/"&"100" -> Объем: 0,0246=2,46/100
D68: Зарплата | G68: =Source!AO35 -> 1528.19 | H68: =Source!DG35 -> )*1,15 | I68: =ROUND(Source!AF35*Source!I35, 2) -> 43.23 | K68: =IF(Source!BA35<> 0, Source!BA35, 1) -> 6.11 | L68: =Source!S35 -> 264.15 | R68: =I68 -> 43.23
D69: Эксплуатация машин | G69: =Source!AM35 -> 35.36 | H69: =Source!DE35 -> )*1,25 | I69: =ROUND(Source!AD35*Source!I35, 2) -> 1.09 | K69: =IF(Source!BB35<> 0, Source!BB35, 1) -> 6.11 | L69: =Source!Q35 -> 6.64
D70: в т.ч. зарплата машинистов | G70: =Source!AN35 -> 6.88 | H70: =Source!DF35 -> )*1,25 | I70: =ROUND(Source!AE35*Source!I35, 2) -> 0.21 | K70: =IF(Source!BS35<> 0, Source!BS35, 1) -> 6.11 | L70: =Source!R35 -> 1.29 | R70: =I70 -> 0.21
D71: Материальные ресурсы | G71: =Source!AL35 -> 0.36 | H71: =Source!DD35 | I71: =ROUND(Source!AC35*Source!I35, 2) -> 0.01 | K71: =IF(Source!BC35<> 0, Source!BC35, 1) -> 6.11 | L71: =Source!P35 -> 0.05
D72: НР от ФОТ | E72: % | F72: =Source!BZ35 -> 105 | G72: =CONCATENATE(" )", Source!DL35, Source!FT35, "=", Source!FX35) -> )*0,9=94,5 | I72: =SUM(S66:S77) -> 41.05 | K72: =Source!AT35 -> 95 | L72: =SUM(T66:T77) -> 252.17
D73: СП от ФОТ | E73: % | F73: =Source!CA35 -> 55 | G73: =CONCATENATE(" )", Source!DM35, Source!FU35, "=", Source!FY35) -> )*0,85=46,75 | I73: =SUM(U66:U77) -> 20.31 | K73: =Source!AU35 -> 47 | L73: =SUM(V66:V77) -> 124.76
D74: Затраты труда | E74: чел-ч | F74: =Source!AQ35 -> 166.47 | H74: =Source!DI35 -> )*1,15 | M74: =Source!U35 -> 4.7094363
A75: 7 | B75: =Source!E37 -> 4,1 | C75: =Source!F37 -> 11.3.03.05-0011 | D75: =Source!G37 -> Сэндвич-панели для откосов (наружные слои – листы из поливинилхлорида, внутреннее наполнение – вспененный пенополистирол) белые, ширина 1,5 м, длина 3,0 м, толщина 10 мм | E75: =Source!H37 -> м2 | F75: =Source!I37 -> 2.583 | G75: =Source!AL37+Source!AM37+Source!AO37 -> 59.16 | I75: =ROUND(Source!AC37*Source!I37, 2)+ROUND(Source!AD37*Source!I37, 2)+ROUND(Source!AF37*Source!I37, 2) -> 152.81 | K75: =IF(Source!BC37<> 0, Source!BC37, 1) -> 6.11 | L75: =Source!O37 -> 933.67 | S75: =ROUND((Source!FX37/100)*((ROUND(Source!AF37*Source!I37, 2)+ROUND(Source!AE37*Source!I37, 2))), 2) -> 0 | T75: =Source!X37 -> 0 | U75: =ROUND((Source!FY37/100)*((ROUND(Source!AF37*Source!I37, 2)+ROUND(Source!AE37*Source!I37, 2))), 2) -> 0 | V75: =Source!Y37 -> 0 | W75: =IF(Source!BI37<=1,I75, 0) -> 152.81 | X75: =IF(Source!BI37=2,I75, 0) -> 0 | Y75: =IF(Source!BI37=3,I75, 0) -> 0 | Z75: =IF(Source!BI37=4,I75, 0) -> 0
A76: 8 | B76: =Source!E39 -> 4,2 | C76: =Source!F39 -> 14.1.02.04-0102 | D76: =Source!G39 -> Клей Forbo 522, для укладки ПВХ-покрытий | E76: =Source!H39 -> кг | F76: =Source!I39 -> 0.738 | G76: =Source!AL39+Source!AM39+Source!AO39 -> 25.56 | I76: =ROUND(Source!AC39*Source!I39, 2)+ROUND(Source!AD39*Source!I39, 2)+ROUND(Source!AF39*Source!I39, 2) -> 18.86 | K76: =IF(Source!BC39<> 0, Source!BC39, 1) -> 6.11 | L76: =Source!O39 -> 115.25 | S76: =ROUND((Source!FX39/100)*((ROUND(Source!AF39*Source!I39, 2)+ROUND(Source!AE39*Source!I39, 2))), 2) -> 0 | T76: =Source!X39 -> 0 | U76: =ROUND((Source!FY39/100)*((ROUND(Source!AF39*Source!I39, 2)+ROUND(Source!AE39*Source!I39, 2))), 2) -> 0 | V76: =Source!Y39 -> 0 | W76: =IF(Source!BI39<=1,I76, 0) -> 18.86 | X76: =IF(Source!BI39=2,I76, 0) -> 0 | Y76: =IF(Source!BI39=3,I76, 0) -> 0 | Z76: =IF(Source!BI39=4,I76, 0) -> 0
A77: 9 | B77: =Source!E41 -> 4,3 | C77: =Source!F41 -> 14.3.01.02-0102 | D77: =Source!G41 -> Грунтовка: водно-дисперсионная "БИРСС Бетон-контакт" | E77: =Source!H41 -> т | F77: =Source!I41 -> 0.000219 | G77: =Source!AL41+Source!AM41+Source!AO41 -> 18390.16 | I77: =ROUND(Source!AC41*Source!I41, 2)+ROUND(Source!AD41*Source!I41, 2)+ROUND(Source!AF41*Source!I41, 2) -> 4.03 | K77: =IF(Source!BC41<> 0, Source!BC41, 1) -> 6.11 | L77: =Source!O41 -> 24.61 | S77: =ROUND((Source!FX41/100)*((ROUND(Source!AF41*Source!I41, 2)+ROUND(Source!AE41*Source!I41, 2))), 2) -> 0 | T77: =Source!X41 -> 0 | U77: =ROUND((Source!FY41/100)*((ROUND(Source!AF41*Source!I41, 2)+ROUND(Source!AE41*Source!I41, 2))), 2) -> 0 | V77: =Source!Y41 -> 0 | W77: =IF(Source!BI41<=1,I77, 0) -> 4.03 | X77: =IF(Source!BI41=2,I77, 0) -> 0 | Y77: =IF(Source!BI41=3,I77, 0) -> 0 | Z77: =IF(Source!BI41=4,I77, 0) -> 0
H78: =I68+I69+I71+I72+I73+SUM(I75:I77) -> 281.39 | K78: =L68+L69+L71+L72+L73+SUM(L75:L77) -> 1721.3 | M78: =Source!U35 -> 4.7094363 | O78: =H78 -> 281.39 | P78: =K78 -> 1721.3 | Q78: =M78 -> 4.7094363 | W78: =IF(Source!BI35<=1,I68+I69+I71+I72+I73, 0) -> 105.69 | X78: =IF(Source!BI35=2,I68+I69+I71+I72+I73, 0) -> 0 | Y78: =IF(Source!BI35=3,I68+I69+I71+I72+I73, 0) -> 0 | Z78: =IF(Source!BI35=4,I68+I69+I71+I72+I73, 0) -> 0
A79: 10 | B79: =Source!E43 -> 5 | C79: =Source!F43 -> 10-01-036-01 | D79: =Source!G43 -> Установка уголков ПВХ на клее | E79: =Source!H43 -> 100 м | F79: =Source!I43 -> 0.123 | G79: =Source!AL43+Source!AM43+Source!AO43 -> 93.15 | J79: =Source!BO43 | S79: =ROUND((Source!FX43/100)*((ROUND(Source!AF43*Source!I43, 2)+ROUND(Source!AE43*Source!I43, 2))), 2) -> 8.58 | T79: =Source!X43 -> 52.35 | U79: =ROUND((Source!FY43/100)*((ROUND(Source!AF43*Source!I43, 2)+ROUND(Source!AE43*Source!I43, 2))), 2) -> 4.33 | V79: =Source!Y43 -> 26.67
D80: ="Объем: "&Source!I43&"=12,3/"&"100" -> Объем: 0,123=12,3/100
D81: Зарплата | G81: =Source!AO43 -> 57.15 | H81: =Source!DG43 -> )*1,15 | I81: =ROUND(Source!AF43*Source!I43, 2) -> 8.08 | K81: =IF(Source!BA43<> 0, Source!BA43, 1) -> 6.11 | L81: =Source!S43 -> 49.39 | R81: =I81 -> 8.08
D82: Материальные ресурсы | G82: =Source!AL43 -> 36 | H82: =Source!DD43 | I82: =ROUND(Source!AC43*Source!I43, 2) -> 4.43 | K82: =IF(Source!BC43<> 0, Source!BC43, 1) -> 6.11 | L82: =Source!P43 -> 27.06
D83: НР от ФОТ | E83: % | F83: =Source!BZ43 -> 118 | G83: =CONCATENATE(" )", Source!DL43, Source!FT43, "=", Source!FX43) -> )*0,9=106,2 | I83: =SUM(S79:S86) -> 8.58 | K83: =Source!AT43 -> 106 | L83: =SUM(T79:T86) -> 52.35
D84: СП от ФОТ | E84: % | F84: =Source!CA43 -> 63 | G84: =CONCATENATE(" )", Source!DM43, Source!FU43, "=", Source!FY43) -> )*0,85=53,55 | I84: =SUM(U79:U86) -> 4.33 | K84: =Source!AU43 -> 54 | L84: =SUM(V79:V86) -> 26.67
D85: Затраты труда | E85: чел-ч | F85: =Source!AQ43 -> 6.7 | H85: =Source!DI43 -> )*1,15 | M85: =Source!U43 -> 0.947715
A86: 11 | B86: =Source!E45 -> 5,1 | C86: =Source!F45 -> 11.3.03.13-0045 | D86: =Source!G45 -> Уголок ПВХ, размером 30х30 мм | E86: =Source!H45 -> 10 м | F86: =Source!I45 -> 1.23 | G86: =Source!AL45+Source!AM45+Source!AO45 -> 32.4 | I86: =ROUND(Source!AC45*Source!I45, 2)+ROUND(Source!AD45*Source!I45, 2)+ROUND(Source!AF45*Source!I45, 2) -> 39.85 | K86: =IF(Source!BC45<> 0, Source!BC45, 1) -> 6.11 | L86: =Source!O45 -> 243.5 | S86: =ROUND((Source!FX45/100)*((ROUND(Source!AF45*Source!I45, 2)+ROUND(Source!AE45*Source!I45, 2))), 2) -> 0 | T86: =Source!X45 -> 0 | U86: =ROUND((Source!FY45/100)*((ROUND(Source!AF45*Source!I45, 2)+ROUND(Source!AE45*Source!I45, 2))), 2) -> 0 | V86: =Source!Y45 -> 0 | W86: =IF(Source!BI45<=1,I86, 0) -> 39.85 | X86: =IF(Source!BI45=2,I86, 0) -> 0 | Y86: =IF(Source!BI45=3,I86, 0) -> 0 | Z86: =IF(Source!BI45=4,I86, 0) -> 0
H87: =I81+I82+I83+I84+SUM(I86:I86) -> 65.27 | K87: =L81+L82+L83+L84+SUM(L86:L86) -> 398.97 | M87: =Source!U43 -> 0.947715 | O87: =H87 -> 65.27 | P87: =K87 -> 398.97 | Q87: =M87 -> 0.947715 | W87: =IF(Source!BI43<=1,I81+I82+I83+I84, 0) -> 25.42 | X87: =IF(Source!BI43=2,I81+I82+I83+I84, 0) -> 0 | Y87: =IF(Source!BI43=3,I81+I82+I83+I84, 0) -> 0 | Z87: =IF(Source!BI43=4,I81+I82+I83+I84, 0) -> 0
A88: 12 | B88: =Source!E47 -> 6 | C88: =Source!F47 -> 09-06-001-02 | D88: =Source!G47 -> Демонтаж лотков, решеток, затворов из полосовой и тонколистовой стали | E88: =Source!H47 -> т | F88: =Source!I47 -> 0.05 | G88: =Source!AL47+Source!AM47+Source!AO47 -> 641 | J88: =Source!BO47 | S88: =ROUND((Source!FX47/100)*((ROUND(Source!AF47*Source!I47, 2)+ROUND(Source!AE47*Source!I47, 2))), 2) -> 12.38 | T88: =Source!X47 -> 75.71 | U88: =ROUND((Source!FY47/100)*((ROUND(Source!AF47*Source!I47, 2)+ROUND(Source!AE47*Source!I47, 2))), 2) -> 11.05 | V88: =Source!Y47 -> 67.3
D89: Зарплата | G89: =Source!AO47 -> 433.24 | H89: =Source!DG47 -> )*0,7 | I89: =ROUND(Source!AF47*Source!I47, 2) -> 15.16 | K89: =IF(Source!BA47<> 0, Source!BA47, 1) -> 6.11 | L89: =Source!S47 -> 92.65 | R89: =I89 -> 15.16
D90: Эксплуатация машин | G90: =Source!AM47 -> 125.8 | H90: =Source!DE47 -> )*0,7 | I90: =ROUND(Source!AD47*Source!I47, 2) -> 4.4 | K90: =IF(Source!BB47<> 0, Source!BB47, 1) -> 6.11 | L90: =Source!Q47 -> 26.9
D91: в т.ч. зарплата машинистов | G91: =Source!AN47 -> 3.82 | H91: =Source!DF47 -> )*0,7 | I91: =ROUND(Source!AE47*Source!I47, 2) -> 0.13 | K91: =IF(Source!BS47<> 0, Source!BS47, 1) -> 6.11 | L91: =Source!R47 -> 0.82 | R91: =I91 -> 0.13
D92: НР от ФОТ | E92: % | F92: =Source!BZ47 -> 90 | G92: =CONCATENATE(" )", Source!DL47, Source!FT47, "=", Source!FX47) -> )*0,9=81 | I92: =SUM(S88:S94) -> 12.38 | K92: =Source!AT47 -> 81 | L92: =SUM(T88:T94) -> 75.71
D93: СП от ФОТ | E93: % | F93: =Source!CA47 -> 85 | G93: =CONCATENATE(" )", Source!DM47, Source!FU47, "=", Source!FY47) -> )*0,85=72,25 | I93: =SUM(U88:U94) -> 11.05 | K93: =Source!AU47 -> 72 | L93: =SUM(V88:V94) -> 67.3
D94: Затраты труда | E94: чел-ч | F94: =Source!AQ47 -> 50.79 | H94: =Source!DI47 -> )*0,7 | M94: =Source!U47 -> 1.77765
H95: =I89+I90+I92+I93 -> 42.99 | K95: =L89+L90+L92+L93 -> 262.56 | M95: =Source!U47 -> 1.77765 | O95: =H95 -> 42.99 | P95: =K95 -> 262.56 | Q95: =M95 -> 1.77765 | W95: =IF(Source!BI47<=1,I89+I90+I92+I93, 0) -> 42.99 | X95: =IF(Source!BI47=2,I89+I90+I92+I93, 0) -> 0 | Y95: =IF(Source!BI47=3,I89+I90+I92+I93, 0) -> 0 | Z95: =IF(Source!BI47=4,I89+I90+I92+I93, 0) -> 0
A96: 13 | B96: =Source!E49 -> 7 | C96: =Source!F49 -> 58-20-1 | D96: =Source!G49 -> Смена обделок из листовой стали (поясков, сандриков, отливов, карнизов) шириной до 0,4 м | E96: =Source!H49 -> 100 м | F96: =Source!I49 -> 0.028 | G96: =Source!AL49+Source!AM49+Source!AO49 -> 454.41 | J96: =Source!BO49 | S96: =ROUND((Source!FX49/100)*((ROUND(Source!AF49*Source!I49, 2)+ROUND(Source!AE49*Source!I49, 2))), 2) -> 8.24 | T96: =Source!X49 -> 50.37 | U96: =ROUND((Source!FY49/100)*((ROUND(Source!AF49*Source!I49, 2)+ROUND(Source!AE49*Source!I49, 2))), 2) -> 6.45 | V96: =Source!Y49 -> 39.45
D97: ="Объем: "&Source!I49&"=2,8/"&"100" -> Объем: 0,028=2,8/100
D98: Зарплата | G98: =Source!AO49 -> 353.23 | H98: =Source!DG49 | I98: =ROUND(Source!AF49*Source!I49, 2) -> 9.89 | K98: =IF(Source!BA49<> 0, Source!BA49, 1) -> 6.11 | L98: =Source!S49 -> 60.43 | R98: =I98 -> 9.89
D99: Эксплуатация машин | G99: =Source!AM49 -> 5.13 | H99: =Source!DE49 | I99: =ROUND(Source!AD49*Source!I49, 2) -> 0.14 | K99: =IF(Source!BB49<> 0, Source!BB49, 1) -> 6.11 | L99: =Source!Q49 -> 0.88
D100: в т.ч. зарплата машинистов | G100: =Source!AN49 -> 1.54 | H100: =Source!DF49 | I100: =ROUND(Source!AE49*Source!I49, 2) -> 0.04 | K100: =IF(Source!BS49<> 0, Source!BS49, 1) -> 6.11 | L100: =Source!R49 -> 0.26 | R100: =I100 -> 0.04
D101: Материальные ресурсы | G101: =Source!AL49 -> 96.05 | H101: =Source!DD49 | I101: =ROUND(Source!AC49*Source!I49, 2) -> 2.69 | K101: =IF(Source!BC49<> 0, Source!BC49, 1) -> 6.11 | L101: =Source!P49 -> 16.43
D102: НР от ФОТ | E102: % | F102: =Source!BZ49 -> 83 | I102: =SUM(S96:S106) -> 8.24 | K102: =Source!AT49 -> 83 | L102: =SUM(T96:T106) -> 50.37
D103: СП от ФОТ | E103: % | F103: =Source!CA49 -> 65 | I103: =SUM(U96:U106) -> 6.45 | K103: =Source!AU49 -> 65 | L103: =SUM(V96:V106) -> 39.45
D104: Затраты труда | E104: чел-ч | F104: =Source!AQ49 -> 41.41 | H104: =Source!DI49 | M104: =Source!U49 -> 1.15948
...

Sheet Макет форма-3
A1: =Source!B1 -> Smeta.RU (495) 974-1589 | H1: Унифицированная форма № КС-3
H2: Утверждена постановлением Госкомстата России
H3: от 11.11.99. № 100
K4: Коды
I5: Форма по ОКУД | K5: 322001
A6: Инвестор | J6: по ОКПО
C7: организация, адрес, телефон, факс
A8: Заказчик (генподрядчик) | J8: по ОКПО
C9: организация, адрес, телефон, факс
A10: Подрядчик (субподрядчик) | J10: по ОКПО
C11: организация, адрес, телефон, факс
A12: Стройка | J12: по ОКПО
C13: наименование, адрес | H13: Вид деятельности по ОКДП
E14: Договор подряда (контракт) | I14: номер
I15: дата
I16: Вид операции
C19: Номер документа | E19: Дата составления | I19: Отчетный период
I20: с | K20: по
A24: СПРАВКА
A25: СТОИМОСТИ ВЫПОЛНЕННЫХ РАБОТ И ЗАТРАТ
A28: № п/п | B28: Наименование пусковых комплексов, объектов, видов работ, оборудования, затрат | F28: Код | G28: Стоимость выполненных работ и затрат
G29: с начала проведения работ | I29: с начала года по отчетный период включительно | K29: в том числе за отчетный месяц
A33: 1 | B33: 2 | F33: 3 | G33: 4 | I33: 5 | K33: 6
B34: Всего работ и затрат, включаемых в стоимость
B35: В том числе:
A36: Итого
A37: Сумма НДС
A38: Всего с учетом НДС
A42: Заказчик (генподрядчик)
C43: должность | G43: подпись | J43: расшифровка подпись
A45: МП
A49: Подрядчик (субподрядчик)
C50: должность | G50: подпись | J50: расшифровка подпись
A52: МП

Sheet Source
A1: 0 | B1: Smeta.RU (495) 974-1589 | D1: _PS_ | F1: 0 | G1: 0 | H1: 0 | I1: Smeta.RU | J1: НИЯУ МИФИ Доп. раб. место MCCS-0016187 | K1: 0 | L1: 16187 | M1: 10
A12: 1 | B12: 250 | C12: 0 | D12: =ROW(A189) -> 189 | E12: 0 | F12: Новый объект | G12: Капитальный ремонт помещения женского санузла 1-го этажа здания учебного корпуса Озерского технологического института-филиала НИЯУ МИФИ (ОТИ НИЯУ МИФИ) по адресу: г. Озерск, Челябинская область, проспект Победы, д. 48 | I12: 0 | K12: 0 | O12: 0 | P12: 0 | Q12: 0 | R12: 0 | S12: 0 | V12: 0 | BH12: Сметные нормы списания | BI12: Коды ценников | BJ12: 1 | BK12: 1 | BL12: 0 | BM12: 0 | BN12: 1 | BO12: 0 | BP12: 2 | BQ12: 2 | BR12: 1 | BS12: 1 | BT12: 0 | BU12: 0 | BV12: 0 | BW12: 0 | BX12: 0 | BY12: ФЕР-2017 | BZ12: ТР для Версии 10: Центральные регионы (с учетом п-ма 2536-ИП/12/ГС от 22.03.2017 г | CA12: ФЕР-2017 | CB12: ФЕР-2017 | CC12: ФЕР-2017 | CD12: ФЕР-2017 | CE12: Поправки для ГСН 2017 от 31.03.2017 г | CF12: 0 | CG12: 0 | CH12: 524288 | CK12: 4 | EC12: 0
A15: 15 | B15: 1
A18: 52 | B18: =B189 -> 250 | C18: =C189 -> 1 | D18: =D189 -> 12 | E18: =E189 -> 0 | F18: =F189 -> Новый объект | G18: =G189 -> Капитальный ремонт помещения женского санузла 1-го этажа здания учебного корпуса Озерского технологического института-филиала НИЯУ МИФИ (ОТИ НИЯУ МИФИ) по адресу: г. Озерск, Челябинская область, проспект Победы, д. 48 | O18: =O189 -> 46633.78 | P18: =P189 -> 42996.03 | Q18: =Q189 -> 198.87 | R18: =R189 -> 53.22 | S18: =S189 -> 3438.88 | T18: =T189 -> 0 | U18: =U189 -> 393.16231 | V18: =V189 -> 4.4030685 | ... GX18: =GX189 -> 0
A20: 3 | B20: 1 | D20: =ROW(A157) -> 157 | F20: Новая локальная смета | G20: Новая локальная смета | I20: 0 | K20: 0 | V20: 0 | BX20: 0 | CF20: 0 | CG20: 0
A22: 52 | B22: =B157 -> 1 | C22: =C157 -> 3 | D22: =D157 -> 20 | E22: =E157 -> 0 | F22: =F157 -> Новая локальная смета | G22: =G157 -> Новая локальная смета | O22: =O157 -> 46633.78 | P22: =P157 -> 42996.03 | Q22: =Q157 -> 198.87 | R22: =R157 -> 53.22 | S22: =S157 -> 3438.88 | T22: =T157 -> 0 | U22: =U157 -> 393.16231 | V22: =V157 -> 4.4030685 | ... GX22: =GX157 -> 0
A24: 17 | B24: 1 | C24: =ROW(SmtRes!A3) -> 3 | D24: =ROW(EtalonRes!A3) -> 3 | E24: 1 | F24: 46-04-012-01 | G24: Разборка деревянных заполнений проемов оконных с подоконными досками | H24: 100 м2 | I24: =ROUND(6.48/100,9) -> 0.0648 | J24: 0 | O24: =ROUND(CP24,2) -> 114.52 | P24: =ROUND(CQ24*I24,2) -> 0 | Q24: =ROUND(CR24*I24,2) -> 15.68 | R24: =ROUND(CS24*I24,2) -> 6.77 | S24: =ROUND(CT24*I24,2) -> 98.84 | T24: =ROUND(CU24*I24,2) -> 0 | U24: =CV24*I24 -> 12.217392 | V24: =CW24*I24 -> 0.501552 | W24: =ROUND(CX24*I24,2) -> 0 | X24: =ROUND(CY24,2) -> 104.55 | Y24: =ROUND(CZ24,2) -> 63.37 | AA24: 27935367 | AB24: =ROUND((AC24+AD24+AF24),2) -> 1767.24 | AC24: =ROUND((ES24),2) -> 0 | AD24: =ROUND((((ET24)-(EU24))+AE24),2) -> 241.95 | AE24: =ROUND((EU24),2) -> 104.49 | AF24: =ROUND((EV24),2) -> 1525.29 | AG24: =ROUND((AP24),2) -> 0 | AH24: =(EW24) -> 188.54 | AI24: =(EX24) -> 7.74 | AJ24: =(AS24) -> 0 | AK24: 1767.24 | AL24: 0 | AM24: 241.95 | AN24: 104.49 | AO24: 1525.29 | AP24: 0 | AQ24: 188.54 | AR24: 7.74 | AS24: 0 | AT24: 99 | AU24: 60 | AV24: 1 | AW24: 1 | AZ24: 1 | BA24: 1 | BB24: 1 | BC24: 1 | BH24: 0 | BI24: 1 | BJ24: ФЕР-2001, 46-04-012-01, приказ Минстроя России №1039/пр от 30.12.2016г. | BM24: 46001 | BN24: 0 | BP24: 0 | BQ24: 2 | BR24: 0 | BS24: 1 | BT24: 1 | BU24: 1 | BV24: 1 | BW24: 1 | BX24: 1 | BZ24: 110 | CA24: 70 | CE24: 0 | CF24: 0 | CG24: 0 | CM24: 0 | CO24: 0 | CP24: =(P24+Q24+S24) -> 114.52 | CQ24: =AC24*BC24 -> 0 | CR24: =AD24*BB24 -> 241.95 | CS24: =AE24*BS24 -> 104.49 | CT24: =AF24*BA24 -> 1525.29 | CU24: =AG24 -> 0 | CV24: =AH24 -> 188.54 | CW24: =AI24 -> 7.74 | CX24: =AJ24 -> 0 | CY24: =(((S24+R24)*AT24)/100) -> 104.5539 | CZ24: =(((S24+R24)*AU24)/100) -> 63.366 | DN24: 0 | DO24: 0 | DP24: 1 | DQ24: 1 | DU24: 1005 | DV24: 100 м2 | DW24: 100 м2 | DX24: 100 | EE24: 27029091 | EF24: 2 | EG24: Общестроительные работы | EH24: 0 | EJ24: 1 | EK24: 46001 | EL24: Реконструкция зданий и сооружений | EM24: ФЕР-46 | EQ24: 131072 | ER24: 1767.24 | ES24: 0 | ET24: 241.95 | EU24: 104.49 | EV24: 1525.29 | EW24: 188.54 | EX24: 7.74 | EY24: 0 | FQ24: 0 | FR24: =ROUND(IF(AND(BH24=3,BI24=3),P24,0),2) -> 0 | FS24: 0 | FT24: *0,9 | FU24: *0,85 | FX24: 99 | FY24: 59.5 | GD24: 0 | GF24: 1630687704 | GG24: 2 | GH24: 1 | GI24: -2 | GJ24: 0 | GK24: =ROUND(R24*(R12)/100,2) -> 0 | GL24: =ROUND(IF(AND(BH24=3,BI24=3,FS24<>0),P24,0),2) -> 0 | GM24: =ROUND(O24+X24+Y24+GK24,2)+GX24 -> 282.44 | GN24: =IF(OR(BI24=0,BI24=1),ROUND(O24+X24+Y24+GK24,2),0) -> 282.44 | GO24: =IF(BI24=2,ROUND(O24+X24+Y24+GK24,2),0) -> 0 | GP24: =IF(BI24=4,ROUND(O24+X24+Y24+GK24,2)+GX24,0) -> 0 | GR24: 0 | GS24: 3 | GT24: 0 | GV24: =ROUND((GT24),2) -> 0 | GW24: 1 | GX24: =ROUND(HC24*I24,2) -> 0 | HA24: 0 | HB24: 0 | HC24: =GV24*GW24 -> 0 | IK24: 0
A25: 17 | B25: 1 | C25: =ROW(SmtRes!A6) -> 6 | D25: =ROW(EtalonRes!A6) -> 6 | E25: 1 | F25: 46-04-012-01 | G25: Разборка деревянных заполнений проемов оконных с подоконными досками | H25: 100 м2 | I25: =ROUND(6.48/100,9) -> 0.0648 | J25: 0 | O25: =ROUND(CP25,2) -> 699.7 | P25: =ROUND(CQ25*I25,2) -> 0 | Q25: =ROUND(CR25*I25,2) -> 95.79 | R25: =ROUND(CS25*I25,2) -> 41.37 | S25: =ROUND(CT25*I25,2) -> 603.91 | T25: =ROUND(CU25*I25,2) -> 0 | U25: =CV25*I25 -> 12.217392 | V25: =CW25*I25 -> 0.501552 | W25: =ROUND(CX25*I25,2) -> 0 | X25: =ROUND(CY25,2) -> 638.83 | Y25: =ROUND(CZ25,2) -> 387.17 | AA25: 27935368 | AB25: =ROUND((AC25+AD25+AF25),2) -> 1767.24 | AC25: =ROUND((ES25),2) -> 0 | AD25: =ROUND((((ET25)-(EU25))+AE25),2) -> 241.95 | AE25: =ROUND((EU25),2) -> 104.49 | AF25: =ROUND((EV25),2) -> 1525.29 | AG25: =ROUND((AP25),2) -> 0 | AH25: =(EW25) -> 188.54 | AI25: =(EX25) -> 7.74 | AJ25: =(AS25) -> 0 | AK25: 1767.24 | AL25: 0 | AM25: 241.95 | AN25: 104.49 | AO25: 1525.29 | AP25: 0 | AQ25: 188.54 | AR25: 7.74 | AS25: 0 | AT25: 99 | AU25: 60 | AV25: 1 | AW25: 1 | AZ25: 6.11 | BA25: 6.11 | BB25: 6.11 | BC25: 6.11 | BH25: 0 | BI25: 1 | BJ25: ФЕР-2001, 46-04-012-01, приказ Минстроя России №1039/пр от 30.12.2016г. | BM25: 46001 | BN25: 0 | BP25: 0 | BQ25: 2 | BR25: 0 | BS25: 6.11 | BT25: 1 | BU25: 1 | BV25: 1 | BW25: 1 | BX25: 1 | BZ25: 110 | CA25: 70 | CE25: 0 | CF25: 0 | CG25: 0 | CM25: 0 | CO25: 0 | CP25: =(P25+Q25+S25) -> 699.7 | CQ25: =AC25*BC25 -> 0 | CR25: =AD25*BB25 -> 1478.3145 | CS25: =AE25*BS25 -> 638.4339 | CT25: =AF25*BA25 -> 9319.5219 | CU25: =AG25 -> 0 | CV25: =AH25 -> 188.54 | CW25: =AI25 -> 7.74 | CX25: =AJ25 -> 0 | CY25: =(((S25+R25)*AT25)/100) -> 638.8272 | CZ25: =(((S25+R25)*AU25)/100) -> 387.168 | DN25: 0 | DO25: 0 | DP25: 1 | DQ25: 1 | DU25: 1005 | DV25: 100 м2 | DW25: 100 м2 | DX25: 100 | EE25: 27029091 | EF25: 2 | EG25: Общестроительные работы | EH25: 0 | EJ25: 1 | EK25: 46001 | EL25: Реконструкция зданий и сооружений | EM25: ФЕР-46 | EQ25: 131072 | ER25: 1767.24 | ES25: 0 | ET25: 241.95 | EU25: 104.49 | EV25: 1525.29 | EW25: 188.54 | EX25: 7.74 | EY25: 0 | FQ25: 0 | FR25: =ROUND(IF(AND(BH25=3,BI25=3),P25,0),2) -> 0 | FS25: 0 | FT25: *0,9 | FU25: *0,85 | FX25: 99 | FY25: 59.5 | GD25: 0 | GF25: 1630687704 | GG25: 1 | GH25: 1 | GI25: 4 | GJ25: 0 | GK25: =ROUND(R25*(S12)/100,2) -> 0 | GL25: =ROUND(IF(AND(BH25=3,BI25=3,FS25<>0),P25,0),2) -> 0 | GM25: =ROUND(O25+X25+Y25+GK25,2)+GX25 -> 1725.7 | GN25: =IF(OR(BI25=0,BI25=1),ROUND(O25+X25+Y25+GK25,2),0) -> 1725.7 | GO25: =IF(BI25=2,ROUND(O25+X25+Y25+GK25,2),0) -> 0 | GP25: =IF(BI25=4,ROUND(O25+X25+Y25+GK25,2)+GX25,0) -> 0 | GR25: 0 | GS25: 3 | GT25: 0 | GV25: =ROUND((GT25),2) -> 0 | GW25: 1 | GX25: =ROUND(HC25*I25,2) -> 0 | HA25: 0 | HB25: 0 | HC25: =GV25*GW25 -> 0 | IK25: 0
A26: 17 | B26: 1 | C26: =ROW(SmtRes!A17) -> 17 | D26: =ROW(EtalonRes!A17) -> 17 | E26: 2 | F26: 10-01-034-06 | G26: Установка в жилых и общественных зданиях оконных блоков из ПВХ профилей поворотных (откидных, поворотно-откидных) с площадью проема более 2 м2 двухстворчатых | H26: 100 м2 | I26: =ROUND(6.48/100,9) -> 0.0648 | J26: 0 | O26: =ROUND(CP26,2) -> 653.31 | P26: =ROUND(CQ26*I26,2) -> 537.73 | Q26: =ROUND(CR26*I26,2) -> 20.67 | R26: =ROUND(CS26*I26,2) -> 4.08 | S26: =ROUND(CT26*I26,2) -> 94.91 | T26: =ROUND(CU26*I26,2) -> 0 | U26: =CV26*I26 -> 10.859054 | V26: =CW26*I26 -> 0.34263 | W26: =ROUND(CX26*I26,2) -> 0 | X26: =ROUND(CY26,2) -> 104.93 | Y26: =ROUND(CZ26,2) -> 53.45 | AA26: 27935367 | AB26: =ROUND((AC26+AD26+AF26),2) -> 10081.99 | AC26: =ROUND((ES26),2) -> 8298.35 | AD26: =ROUND(((((ET26*1.25))-((EU26*1.25)))+AE26),2) -> 319.01 | AE26: =ROUND(((EU26*1.25)),2) -> 62.9 | AF26: =ROUND(((EV26*1.15)),2) -> 1464.63 | AG26: =ROUND((AP26),2) -> 0 | AH26: =((EW26*1.15)) -> 167.578 | AI26: =((EX26*1.25)) -> 5.2875 | AJ26: =(AS26) -> 0 | AK26: 9827.15 | AL26: 8298.35 | AM26: 255.21 | AN26: 50.32 | AO26: 1273.59 | AP26: 0 | AQ26: 145.72 | AR26: 4.23 | AS26: 0 | AT26: 106 | AU26: 54 | AV26: 1 | AW26: 1 | AZ26: 1 | BA26: 1 | BB26: 1 | BC26: 1 | BH26: 0 | BI26: 1 | BJ26: ФЕР-2001, 10-01-034-06, приказ Минстроя России №1039/пр от 30.12.2016г. | BM26: 10001 | BN26: 0 | BP26: 0 | BQ26: 2 | BR26: 0 | BS26: 1 | BT26: 1 | BU26: 1 | BV26: 1 | BW26: 1 | BX26: 1 | BZ26: 118 | CA26: 63 | CE26: 0 | CF26: 0 | CG26: 0 | CM26: 0 | CN26: Поправка: МДС 81-35.2004, п.4.7 Наименование: Работы, выполняемые при реконструкции зданий и сооружений работы, аналогичные технологическим процессам в новом строительстве (в том числе возведение новых конструктивных элементов) стоимость которых определена по соответствующим сборникам ФЕР, кроме сборника № 46 «Работы при реконструкции зданий и сооружений» | CO26: 0 | CP26: =(P26+Q26+S26) -> 653.31 | CQ26: =AC26*BC26 -> 8298.35 | CR26: =AD26*BB26 -> 319.01 | CS26: =AE26*BS26 -> 62.9 | CT26: =AF26*BA26 -> 1464.63 | CU26: =AG26 -> 0 | CV26: =AH26 -> 167.578 | CW26: =AI26 -> 5.2875 | CX26: =AJ26 -> 0 | CY26: =(((S26+R26)*AT26)/100) -> 104.9294 | CZ26: =(((S26+R26)*AU26)/100) -> 53.4546 | DE26: )*1,25 | DF26: )*1,25 | DG26: )*1,15 | DI26: )*1,15 | DJ26: )*1,25 | DN26: 0 | DO26: 0 | DP26: 1 | DQ26: 1 | DU26: 1005 | DV26: 100 м2 | DW26: 100 м2 | DX26: 100 | EE26: 27029023 | EF26: 2 | EG26: Общестроительные работы | EH26: 0 | EJ26: 1 | EK26: 10001 | EL26: Деревянные конструкции | EM26: ФЕР-10 | EO26: Поправка: МДС 81-35.2004, п.4.7 | EQ26: 131072 | ER26: 9827.15 | ES26: 8298.35 | ET26: 255.21 | EU26: 50.32 | EV26: 1273.59 | EW26: 145.72 | EX26: 4.23 | EY26: 0 | FQ26: 0 | FR26: =ROUND(IF(AND(BH26=3,BI26=3),P26,0),2) -> 0 | FS26: 0 | FT26: *0,9 | FU26: *0,85 | FX26: 106.2 | FY26: 53.55 | GD26: 0 | GF26: 1452579699 | GG26: 2 | GH26: 1 | GI26: -2 | GJ26: 0 | GK26: =ROUND(R26*(R12)/100,2) -> 0 | GL26: =ROUND(IF(AND(BH26=3,BI26=3,FS26<>0),P26,0),2) -> 0 | GM26: =ROUND(O26+X26+Y26+GK26,2)+GX26 -> 811.69 | GN26: =IF(OR(BI26=0,BI26=1),ROUND(O26+X26+Y26+GK26,2),0) -> 811.69 | GO26: =IF(BI26=2,ROUND(O26+X26+Y26+GK26,2),0) -> 0 | GP26: =IF(BI26=4,ROUND(O26+X26+Y26+GK26,2)+GX26,0) -> 0 | GR26: 0 | GS26: 3 | GT26: 0 | GV26: =ROUND((GT26),2) -> 0 | GW26: 1 | GX26: =ROUND(HC26*I26,2) -> 0 | HA26: 0 | HB26: 0 | HC26: =GV26*GW26 -> 0 | IK26: 0
A27: 17 | B27: 1 | C27: =ROW(SmtRes!A28) -> 28 | D27: =ROW(EtalonRes!A28) -> 28 | E27: 2 | F27: 10-01-034-06 | G27: Установка в жилых и общественных зданиях оконных блоков из ПВХ профилей поворотных (откидных, поворотно-откидных) с площадью проема более 2 м2 двухстворчатых | H27: 100 м2 | I27: =ROUND(6.48/100,9) -> 0.0648 | J27: 0 | O27: =ROUND(CP27,2) -> 3991.74 | P27: =ROUND(CQ27*I27,2) -> 3285.55 | Q27: =ROUND(CR27*I27,2) -> 126.3 | R27: =ROUND(CS27*I27,2) -> 24.9 | S27: =ROUND(CT27*I27,2) -> 579.89 | T27: =ROUND(CU27*I27,2) -> 0 | U27: =CV27*I27 -> 10.859054 | V27: =CW27*I27 -> 0.34263 | W27: =ROUND(CX27*I27,2) -> 0 | X27: =ROUND(CY27,2) -> 641.08 | Y27: =ROUND(CZ27,2) -> 326.59 | AA27: 27935368 | AB27: =ROUND((AC27+AD27+AF27),2) -> 10081.99 | AC27: =ROUND((ES27),2) -> 8298.35 | AD27: =ROUND(((((ET27*1.25))-((EU27*1.25)))+AE27),2) -> 319.01 | AE27: =ROUND(((EU27*1.25)),2) -> 62.9 | AF27: =ROUND(((EV27*1.15)),2) -> 1464.63 | AG27: =ROUND((AP27),2) -> 0 | AH27: =((EW27*1.15)) -> 167.578 | AI27: =((EX27*1.25)) -> 5.2875 | AJ27: =(AS27) -> 0 | AK27: 9827.15 | AL27: 8298.35 | AM27: 255.21 | AN27: 50.32 | AO27: 1273.59 | AP27: 0 | AQ27: 145.72 | AR27: 4.23 | AS27: 0 | AT27: 106 | AU27: 54 | AV27: 1 | AW27: 1 | AZ27: 6.11 | BA27: 6.11 | BB27: 6.11 | BC27: 6.11 | BH27: 0 | BI27: 1 | BJ27: ФЕР-2001, 10-01-034-06, приказ Минстроя России №1039/пр от 30.12.2016г. | BM27: 10001 | BN27: 0 | BP27: 0 | BQ27: 2 | BR27: 0 | BS27: 6.11 | BT27: 1 | BU27: 1 | BV27: 1 | BW27: 1 | BX27: 1 | BZ27: 118 | CA27: 63 | CE27: 0 | CF27: 0 | CG27: 0 | CM27: 0 | CN27: Поправка: МДС 81-35.2004, п.4.7 Наименование: Работы, выполняемые при реконструкции зданий и сооружений работы, аналогичные технологическим процессам в новом строительстве (в том числе возведение новых конструктивных элементов) стоимость которых определена по соответствующим сборникам ФЕР, кроме сборника № 46 «Работы при реконструкции зданий и сооружений» | CO27: 0 | CP27: =(P27+Q27+S27) -> 3991.74 | CQ27: =AC27*BC27 -> 50702.919 | CR27: =AD27*BB27 -> 1949.1511 | CS27: =AE27*BS27 -> 384.319 | CT27: =AF27*BA27 -> 8948.8893 | CU27: =AG27 -> 0 | CV27: =AH27 -> 167.578 | CW27: =AI27 -> 5.2875 | CX27: =AJ27 -> 0 | CY27: =(((S27+R27)*AT27)/100) -> 641.0774 | CZ27: =(((S27+R27)*AU27)/100) -> 326.5866 | DE27: )*1,25 | DF27: )*1,25 | DG27: )*1,15 | DI27: )*1,15 | DJ27: )*1,25 | DN27: 0 | DO27: 0 | DP27: 1 | DQ27: 1 | DU27: 1005 | DV27: 100 м2 | DW27: 100 м2 | DX27: 100 | EE27: 27029023 | EF27: 2 | EG27: Общестроительные работы | EH27: 0 | EJ27: 1 | EK27: 10001 | EL27: Деревянные конструкции | EM27: ФЕР-10 | EO27: Поправка: МДС 81-35.2004, п.4.7 | EQ27: 131072 | ER27: 9827.15 | ES27: 8298.35 | ET27: 255.21 | EU27: 50.32 | EV27: 1273.59 | EW27: 145.72 | EX27: 4.23 | EY27: 0 | FQ27: 0 | FR27: =ROUND(IF(AND(BH27=3,BI27=3),P27,0),2) -> 0 | FS27: 0 | FT27: *0,9 | FU27: *0,85 | FX27: 106.2 | FY27: 53.55 | GD27: 0 | GF27: 1452579699 | GG27: 1 | GH27: 1 | GI27: 4 | GJ27: 0 | GK27: =ROUND(R27*(S12)/100,2) -> 0 | GL27: =ROUND(IF(AND(BH27=3,BI27=3,FS27<>0),P27,0),2) -> 0 | GM27: =ROUND(O27+X27+Y27+GK27,2)+GX27 -> 4959.41 | GN27: =IF(OR(BI27=0,BI27=1),ROUND(O27+X27+Y27+GK27,2),0) -> 4959.41 | GO27: =IF(BI27=2,ROUND(O27+X27+Y27+GK27,2),0) -> 0 | GP27: =IF(BI27=4,ROUND(O27+X27+Y27+GK27,2)+GX27,0) -> 0 | GR27: 0 | GS27: 3 | GT27: 0 | GV27: =ROUND((GT27),2) -> 0 | GW27: 1 | GX27: =ROUND(HC27*I27,2) -> 0 | HA27: 0 | HB27: 0 | HC27: =GV27*GW27 -> 0 | IK27: 0
A28: 18 | B28: 1 | C28: 15 | E28: 2,1 | F28: 11.3.02.01-0019 | G28: Блок оконный пластиковый двустворчатый, с глухой и поворотно-откидной створкой, двухкамерным стеклопакетом (42 мм), площадью до 3,5 м2 | H28: м2 | I28: =I26*J28 -> 6.48 | J28: 100 | O28: =ROUND(CP28,2) -> 16554.65 | P28: =ROUND(CQ28*I28,2) -> 16554.65 | Q28: =ROUND(CR28*I28,2) -> 0 | R28: =ROUND(CS28*I28,2) -> 0 | S28: =ROUND(CT28*I28,2) -> 0 | T28: =ROUND(CU28*I28,2) -> 0 | U28: =CV28*I28 -> 0 | V28: =CW28*I28 -> 0 | W28: =ROUND(CX28*I28,2) -> 0 | X28: =ROUND(CY28,2) -> 0 | Y28: =ROUND(CZ28,2) -> 0 | AA28: 27935367 | AB28: =ROUND((AC28+AD28+AF28),2) -> 2554.73 | AC28: =ROUND((ES28),2) -> 2554.73 | AD28: =ROUND((((ET28)-(EU28))+AE28),2) -> 0 | AE28: =ROUND((EU28),2) -> 0 | AF28: =ROUND((EV28),2) -> 0 | AG28: =ROUND((AP28),2) -> 0 | AH28: =(EW28) -> 0 | AI28: =(EX28) -> 0 | AJ28: =(AS28) -> 0 | AK28: 2554.73 | AL28: 2554.73 | AM28: 0 | AN28: 0 | AO28: 0 | AP28: 0 | AQ28: 0 | AR28: 0 | AS28: 0 | AT28: 106 | AU28: 54 | AV28: 1 | AW28: 1 | AZ28: 1 | BA28: 1 | BB28: 1 | BC28: 1 | BH28: 3 | BI28: 1 | BJ28: ФССЦ-2001, 11.3.02.01-0019, приказ Минстроя России №1039/пр от 30.12.2016г. | BM28: 10001 | BN28: 0 | BP28: 0 | BQ28: 2 | BR28: 0 | BS28: 1 | BT28: 1 | BU28: 1 | BV28: 1 | BW28: 1 | BX28: 1 | BZ28: 118 | CA28: 63 | CE28: 0 | CF28: 0 | CG28: 0 | CM28: 0 | CO28: 0 | CP28: =(P28+Q28+S28) -> 16554.65 | CQ28: =AC28*BC28 -> 2554.73 | CR28: =AD28*BB28 -> 0 | CS28: =AE28*BS28 -> 0 | CT28: =AF28*BA28 -> 0 | CU28: =AG28 -> 0 | CV28: =AH28 -> 0 | CW28: =AI28 -> 0 | CX28: =AJ28 -> 0 | CY28: =(((S28+R28)*AT28)/100) -> 0 | CZ28: =(((S28+R28)*AU28)/100) -> 0 | DN28: 0 | DO28: 0 | DP28: 1 | DQ28: 1 | DU28: 1005 | DV28: м2 | DW28: м2 | DX28: 1 | EE28: 27029023 | EF28: 2 | EG28: Общестроительные работы | EH28: 0 | EJ28: 1 | EK28: 10001 | EL28: Деревянные конструкции | EM28: ФЕР-10 | EQ28: 0 | ER28: 2554.73 | ES28: 2554.73 | ET28: 0 | EU28: 0 | EV28: 0 | EW28: 0 | EX28: 0 | FQ28: 0 | FR28: =ROUND(IF(AND(BH28=3,BI28=3),P28,0),2) -> 0 | FS28: 0 | FT28: *0,9 | FU28: *0,85 | FX28: 106.2 | FY28: 53.55 | GD28: 0 | GF28: -1297984833 | GG28: 2 | GH28: 1 | GI28: -2 | GJ28: 0 | GK28: =ROUND(R28*(R12)/100,2) -> 0 | GL28: =ROUND(IF(AND(BH28=3,BI28=3,FS28<>0),P28,0),2) -> 0 | GM28: =ROUND(O28+X28+Y28+GK28,2)+GX28 -> 16554.65 | GN28: =IF(OR(BI28=0,BI28=1),ROUND(O28+X28+Y28+GK28,2),0) -> 16554.65 | GO28: =IF(BI28=2,ROUND(O28+X28+Y28+GK28,2),0) -> 0 | GP28: =IF(BI28=4,ROUND(O28+X28+Y28+GK28,2)+GX28,0) -> 0 | GR28: 0 | GS28: 3 | GT28: 0 | GV28: =ROUND((GT28),2) -> 0 | GW28: 1 | GX28: =ROUND(HC28*I28,2) -> 0 | HA28: 0 | HB28: 0 | HC28: =GV28*GW28 -> 0 | IK28: 0
A29: 18 | B29: 1 | C29: 26 | E29: 2,1 | F29: 11.3.02.01-0019 | G29: Блок оконный пластиковый двустворчатый, с глухой и поворотно-откидной створкой, двухкамерным стеклопакетом (42 мм), площадью до 3,5 м2 | H29: м2 | I29: =I27*J29 -> 6.48 | J29: 100 | O29: =ROUND(CP29,2) -> 101148.91 | P29: =ROUND(CQ29*I29,2) -> 101148.91 | Q29: =ROUND(CR29*I29,2) -> 0 | R29: =ROUND(CS29*I29,2) -> 0 | S29: =ROUND(CT29*I29,2) -> 0 | T29: =ROUND(CU29*I29,2) -> 0 | U29: =CV29*I29 -> 0 | V29: =CW29*I29 -> 0 | W29: =ROUND(CX29*I29,2) -> 0 | X29: =ROUND(CY29,2) -> 0 | Y29: =ROUND(CZ29,2) -> 0 | AA29: 27935368 | AB29: =ROUND((AC29+AD29+AF29),2) -> 2554.73 | AC29: =ROUND((ES29),2) -> 2554.73 | AD29: =ROUND((((ET29)-(EU29))+AE29),2) -> 0 | AE29: =ROUND((EU29),2) -> 0 | AF29: =ROUND((EV29),2) -> 0 | AG29: =ROUND((AP29),2) -> 0 | AH29: =(EW29) -> 0 | AI29: =(EX29) -> 0 | AJ29: =(AS29) -> 0 | AK29: 2554.73 | AL29: 2554.73 | AM29: 0 | AN29: 0 | AO29: 0 | AP29: 0 | AQ29: 0 | AR29: 0 | AS29: 0 | AT29: 106 | AU29: 54 | AV29: 1 | AW29: 1 | AZ29: 6.11 | BA29: 1 | BB29: 1 | BC29: 6.11 | BH29: 3 | BI29: 1 | BJ29: ФССЦ-2001, 11.3.02.01-0019, приказ Минстроя России №1039/пр от 30.12.2016г. | BM29: 10001 | BN29: 0 | BP29: 0 | BQ29: 2 | BR29: 0 | BS29: 1 | BT29: 1 | BU29: 1 | BV29: 1 | BW29: 1 | BX29: 1 | BZ29: 118 | CA29: 63 | CE29: 0 | CF29: 0 | CG29: 0 | CM29: 0 | CO29: 0 | CP29: =(P29+Q29+S29) -> 101148.91 | CQ29: =AC29*BC29 -> 15609.4 | CR29: =AD29*BB29 -> 0 | CS29: =AE29*BS29 -> 0 | CT29: =AF29*BA29 -> 0 | CU29: =AG29 -> 0 | CV29: =AH29 -> 0 | CW29: =AI29 -> 0 | CX29: =AJ29 -> 0 | CY29: =(((S29+R29)*AT29)/100) -> 0 | CZ29: =(((S29+R29)*AU29)/100) -> 0 | DN29: 0 | DO29: 0 | DP29: 1 | DQ29: 1 | DU29: 1005 | DV29: м2 | DW29: м2 | DX29: 1 | EE29: 27029023 | EF29: 2 | EG29: Общестроительные работы | EH29: 0 | EJ29: 1 | EK29: 10001 | EL29: Деревянные конструкции | EM29: ФЕР-10 | EQ29: 0 | ER29: 2554.73 | ES29: 2554.73 | ET29: 0 | EU29: 0 | EV29: 0 | EW29: 0 | EX29: 0 | FQ29: 0 | FR29: =ROUND(IF(AND(BH29=3,BI29=3),P29,0),2) -> 0 | FS29: 0 | FT29: *0,9 | FU29: *0,85 | FX29: 106.2 | FY29: 53.55 | GD29: 0 | GF29: -1297984833 | GG29: 1 | GH29: 1 | GI29: 4 | GJ29: 0 | GK29: =ROUND(R29*(S12)/100,2) -> 0 | GL29: =ROUND(IF(AND(BH29=3,BI29=3,FS29<>0),P29,0),2) -> 0 | GM29: =ROUND(O29+X29+Y29+GK29,2)+GX29 -> 101148.91 | GN29: =IF(OR(BI29=0,BI29=1),ROUND(O29+X29+Y29+GK29,2),0) -> 101148.91 | GO29: =IF(BI29=2,ROUND(O29+X29+Y29+GK29,2),0) -> 0 | GP29: =IF(BI29=4,ROUND(O29+X29+Y29+GK29,2)+GX29,0) -> 0 | GR29: 0 | GS29: 3 | GT29: 0 | GV29: =ROUND((GT29),2) -> 0 | GW29: 1 | GX29: =ROUND(HC29*I29,2) -> 0 | HA29: 0 | HB29: 0 | HC29: =GV29*GW29 -> 0 | IK29: 0
A30: 17 | B30: 1 | C30: =ROW(SmtRes!A35) -> 35 | D30: =ROW(EtalonRes!A35) -> 35 | E30: 3 | F30: 10-01-035-03 | G30: Установка подоконных досок из ПВХ в каменных стенах толщиной свыше 0,51 м | H30: 100 м | I30: =ROUND(3.2/100,9) -> 0.032 | J30: 0 | O30: =ROUND(CP30,2) -> 208.45 | P30: =ROUND(CQ30*I30,2) -> 200.86 | Q30: =ROUND(CR30*I30,2) -> 0.88 | R30: =ROUND(CS30*I30,2) -> 0.18 | S30: =ROUND(CT30*I30,2) -> 6.71 | T30: =ROUND(CU30*I30,2) -> 0 | U30: =CV30*I30 -> 0.786784 | V30: =CW30*I30 -> 0.0148 | W30: =ROUND(CX30*I30,2) -> 0 | X30: =ROUND(CY30,2) -> 7.3 | Y30: =ROUND(CZ30,2) -> 3.72 | AA30: 27935367 | AB30: =ROUND((AC30+AD30+AF30),2) -> 6514.01 | AC30: =ROUND((ES30),2) -> 6276.9 | AD30: =ROUND(((((ET30*1.25))-((EU30*1.25)))+AE30),2) -> 27.38 | AE30: =ROUND(((EU30*1.25)),2) -> 5.54 | AF30: =ROUND(((EV30*1.15)),2) -> 209.73 | AG30: =ROUND((AP30),2) -> 0 | AH30: =((EW30*1.15)) -> 24.587 | AI30: =((EX30*1.25)) -> 0.4625 | AJ30: =(AS30) -> 0 | AK30: 6481.17 | AL30: 6276.9 | AM30: 21.9 | AN30: 4.43 | AO30: 182.37 | AP30: 0 | AQ30: 21.38 | AR30: 0.37 | AS30: 0 | AT30: 106 | AU30: 54 | AV30: 1 | AW30: 1 | AZ30: 1 | BA30: 1 | BB30: 1 | BC30: 1 | BH30: 0 | BI30: 1 | BJ30: ФЕР-2001, 10-01-035-03, приказ Минстроя России №1039/пр от 30.12.2016г. | BM30: 10001 | BN30: 0 | BP30: 0 | BQ30: 2 | BR30: 0 | BS30: 1 | BT30: 1 | BU30: 1 | BV30: 1 | BW30: 1 | BX30: 1 | BZ30: 118 | CA30: 63 | CE30: 0 | CF30: 0 | CG30: 0 | CM30: 0 | CN30: Поправка: МДС 81-35.2004, п.4.7 Наименование: Работы, выполняемые при реконструкции зданий и сооружений работы, аналогичные технологическим процессам в новом строительстве (в том числе возведение новых конструктивных элементов) стоимость которых определена по соответствующим сборникам ФЕР, кроме сборника № 46 «Работы при реконструкции зданий и сооружений» | CO30: 0 | CP30: =(P30+Q30+S30) -> 208.45 | CQ30: =AC30*BC30 -> 6276.9 | CR30: =AD30*BB30 -> 27.38 | CS30: =AE30*BS30 -> 5.54 | CT30: =AF30*BA30 -> 209.73 | CU30: =AG30 -> 0 | CV30: =AH30 -> 24.587 | CW30: =AI30 -> 0.4625 | CX30: =AJ30 -> 0 | CY30: =(((S30+R30)*AT30)/100) -> 7.3034 | CZ30: =(((S30+R30)*AU30)/100) -> 3.7206 | DE30: )*1,25 | DF30: )*1,25 | DG30: )*1,15 | DI30: )*1,15 | DJ30: )*1,25 | DN30: 0 | DO30: 0 | DP30: 1 | DQ30: 1 | DU30: 1003 | DV30: 100 м | DW30: 100 м | DX30: 100 | EE30: 27029023 | EF30: 2 | EG30: Общестроительные работы | EH30: 0 | EJ30: 1 | EK30: 10001 | EL30: Деревянные конструкции | EM30: ФЕР-10 | EO30: Поправка: МДС 81-35.2004, п.4.7 | EQ30: 131072 | ER30: 6481.17 | ES30: 6276.9 | ET30: 21.9 | EU30: 4.43 | EV30: 182.37 | EW30: 21.38 | EX30: 0.37 | EY30: 0 | FQ30: 0 | FR30: =ROUND(IF(AND(BH30=3,BI30=3),P30,0),2) -> 0 | FS30: 0 | FT30: *0,9 | FU30: *0,85 | FX30: 106.2 | FY30: 53.55 | GD30: 0 | GF30: -1968498593 | GG30: 2 | GH30: 1 | GI30: -2 | GJ30: 0 | GK30: =ROUND(R30*(R12)/100,2) -> 0 | GL30: =ROUND(IF(AND(BH30=3,BI30=3,FS30<>0),P30,0),2) -> 0 | GM30: =ROUND(O30+X30+Y30+GK30,2)+GX30 -> 219.47 | GN30: =IF(OR(BI30=0,BI30=1),ROUND(O30+X30+Y30+GK30,2),0) -> 219.47 | GO30: =IF(BI30=2,ROUND(O30+X30+Y30+GK30,2),0) -> 0 | GP30: =IF(BI30=4,ROUND(O30+X30+Y30+GK30,2)+GX30,0) -> 0 | GR30: 0 | GS30: 3 | GT30: 0 | GV30: =ROUND((GT30),2) -> 0 | GW30: 1 | GX30: =ROUND(HC30*I30,2) -> 0 | HA30: 0 | HB30: 0 | HC30: =GV30*GW30 -> 0 | IK30: 0
A31: 17 | B31: 1 | C31: =ROW(SmtRes!A42) -> 42 | D31: =ROW(EtalonRes!A42) -> 42 | E31: 3 | F31: 10-01-035-03 | G31: Установка подоконных досок из ПВХ в каменных стенах толщиной свыше 0,51 м | H31: 100 м | I31: =ROUND(3.2/100,9) -> 0.032 | J31: 0 | O31: =ROUND(CP31,2) -> 1273.62 | P31: =ROUND(CQ31*I31,2) -> 1227.26 | Q31: =ROUND(CR31*I31,2) -> 5.35 | R31: =ROUND(CS31*I31,2) -> 1.08 | S31: =ROUND(CT31*I31,2) -> 41.01 | T31: =ROUND(CU31*I31,2) -> 0 | U31: =CV31*I31 -> 0.786784 | V31: =CW31*I31 -> 0.0148 | W31: =ROUND(CX31*I31,2) -> 0 | X31: =ROUND(CY31,2) -> 44.62 | Y31: =ROUND(CZ31,2) -> 22.73 | AA31: 27935368 | AB31: =ROUND((AC31+AD31+AF31),2) -> 6514.01 | AC31: =ROUND((ES31),2) -> 6276.9 | AD31: =ROUND(((((ET31*1.25))-((EU31*1.25)))+AE31),2) -> 27.38 | AE31: =ROUND(((EU31*1.25)),2) -> 5.54 | AF31: =ROUND(((EV31*1.15)),2) -> 209.73 | AG31: =ROUND((AP31),2) -> 0 | AH31: =((EW31*1.15)) -> 24.587 | AI31: =((EX31*1.25)) -> 0.4625 | AJ31: =(AS31) -> 0 | AK31: 6481.17 | AL31: 6276.9 | AM31: 21.9 | AN31: 4.43 | AO31: 182.37 | AP31: 0 | AQ31: 21.38 | AR31: 0.37 | AS31: 0 | AT31: 106 | AU31: 54 | AV31: 1 | AW31: 1 | AZ31: 6.11 | BA31: 6.11 | BB31: 6.11 | BC31: 6.11 | BH31: 0 | BI31: 1 | BJ31: ФЕР-2001, 10-01-035-03, приказ Минстроя России №1039/пр от 30.12.2016г. | BM31: 10001 | BN31: 0 | BP31: 0 | BQ31: 2 | BR31: 0 | BS31: 6.11 | BT31: 1 | BU31: 1 | BV31: 1 | BW31: 1 | BX31: 1 | BZ31: 118 | CA31: 63 | CE31: 0 | CF31: 0 | CG31: 0 | CM31: 0 | CN31: Поправка: МДС 81-35.2004, п.4.7 Наименование: Работы, выполняемые при реконструкции зданий и сооружений работы, аналогичные технологическим процессам в новом строительстве (в том числе возведение новых конструктивных элементов) стоимость которых определена по соответствующим сборникам ФЕР, кроме сборника № 46 «Работы при реконструкции зданий и сооружений» | CO31: 0 | CP31: =(P31+Q31+S31) -> 1273.62 | CQ31: =AC31*BC31 -> 38351.859 | CR31: =AD31*BB31 -> 167.2918 | CS31: =AE31*BS31 -> 33.8494 | CT31: =AF31*BA31 -> 1281.4503 | CU31: =AG31 -> 0 | CV31: =AH31 -> 24.587 | CW31: =AI31 -> 0.4625 | CX31: =AJ31 -> 0 | CY31: =(((S31+R31)*AT31)/100) -> 44.6154 | CZ31: =(((S31+R31)*AU31)/100) -> 22.7286 | DE31: )*1,25 | DF31: )*1,25 | DG31: )*1,15 | DI31: )*1,15 | DJ31: )*1,25 | DN31: 0 | DO31: 0 | DP31: 1 | DQ31: 1 | DU31: 1003 | DV31: 100 м | DW31: 100 м | DX31: 100 | EE31: 27029023 | EF31: 2 | EG31: Общестроительные работы | EH31: 0 | EJ31: 1 | EK31: 10001 | EL31: Деревянные конструкции | EM31: ФЕР-10 | EO31: Поправка: МДС 81-35.2004, п.4.7 | EQ31: 131072 | ER31: 6481.17 | ES31: 6276.9 | ET31: 21.9 | EU31: 4.43 | EV31: 182.37 | EW31: 21.38 | EX31: 0.37 | EY31: 0 | FQ31: 0 | FR31: =ROUND(IF(AND(BH31=3,BI31=3),P31,0),2) -> 0 | FS31: 0 | FT31: *0,9 | FU31: *0,85 | FX31: 106.2 | FY31: 53.55 | GD31: 0 | GF31: -1968498593 | GG31: 1 | GH31: 1 | GI31: 4 | GJ31: 0 | GK31: =ROUND(R31*(S12)/100,2) -> 0 | GL31: =ROUND(IF(AND(BH31=3,BI31=3,FS31<>0),P31,0),2) -> 0 | GM31: =ROUND(O31+X31+Y31+GK31,2)+GX31 -> 1340.97 | GN31: =IF(OR(BI31=0,BI31=1),ROUND(O31+X31+Y31+GK31,2),0) -> 1340.97 | GO31: =IF(BI31=2,ROUND(O31+X31+Y31+GK31,2),0) -> 0 | GP31: =IF(BI31=4,ROUND(O31+X31+Y31+GK31,2)+GX31,0) -> 0 | GR31: 0 | GS31: 3 | GT31: 0 | GV31: =ROUND((GT31),2) -> 0 | GW31: 1 | GX31: =ROUND(HC31*I31,2) -> 0 | HA31: 0 | HB31: 0 | HC31: =GV31*GW31 -> 0 | IK31: 0
A32: 18 | B32: 1 | C32: 33 | E32: 3,1 | F32: 11.3.03.01-0004 | G32: Доски подоконные ПВХ, шириной 250 мм | H32: м | I32: =I30*J32 -> 3.2 | J32: 100 | O32: =ROUND(CP32,2) -> 103.74 | P32: =ROUND(CQ32*I32,2) -> 103.74 | Q32: =ROUND(CR32*I32,2) -> 0 | R32: =ROUND(CS32*I32,2) -> 0 | S32: =ROUND(CT32*I32,2) -> 0 | T32: =ROUND(CU32*I32,2) -> 0 | U32: =CV32*I32 -> 0 | V32: =CW32*I32 -> 0 | W32: =ROUND(CX32*I32,2) -> 0 | X32: =ROUND(CY32,2) -> 0 | Y32: =ROUND(CZ32,2) -> 0 | AA32: 27935367 | AB32: =ROUND((AC32+AD32+AF32),2) -> 32.42 | AC32: =ROUND((ES32),2) -> 32.42 | AD32: =ROUND((((ET32)-(EU32))+AE32),2) -> 0 | AE32: =ROUND((EU32),2) -> 0 | AF32: =ROUND((EV32),2) -> 0 | AG32: =ROUND((AP32),2) -> 0 | AH32: =(EW32) -> 0 | AI32: =(EX32) -> 0 | AJ32: =(AS32) -> 0 | AK32: 32.42 | AL32: 32.42 | AM32: 0 | AN32: 0 | AO32: 0 | AP32: 0 | AQ32: 0 | AR32: 0 | AS32: 0 | AT32: 106 | AU32: 54 | AV32: 1 | AW32: 1 | AZ32: 1 | BA32: 1 | BB32: 1 | BC32: 1 | BH32: 3 | BI32: 1 | BJ32: ФССЦ-2001, 11.3.03.01-0004, приказ Минстроя России №1039/пр от 30.12.2016г. | BM32: 10001 | BN32: 0 | BP32: 0 | BQ32: 2 | BR32: 0 | BS32: 1 | BT32: 1 | BU32: 1 | BV32: 1 | BW32: 1 | BX32: 1 | BZ32: 118 | CA32: 63 | CE32: 0 | CF32: 0 | CG32: 0 | CM32: 0 | CO32: 0 | CP32: =(P32+Q32+S32) -> 103.74 | CQ32: =AC32*BC32 -> 32.42 | CR32: =AD32*BB32 -> 0 | CS32: =AE32*BS32 -> 0 | CT32: =AF32*BA32 -> 0 | CU32: =AG32 -> 0 | CV32: =AH32 -> 0 | CW32: =AI32 -> 0 | CX32: =AJ32 -> 0 | CY32: =(((S32+R32)*AT32)/100) -> 0 | CZ32: =(((S32+R32)*AU32)/100) -> 0 | DN32: 0 | DO32: 0 | DP32: 1 | DQ32: 1 | DU32: 1003 | DV32: м | DW32: м | DX32: 1 | EE32: 27029023 | EF32: 2 | EG32: Общестроительные работы | EH32: 0 | EJ32: 1 | EK32: 10001 | EL32: Деревянные конструкции | EM32: ФЕР-10 | EQ32: 0 | ER32: 32.42 | ES32: 32.42 | ET32: 0 | EU32: 0 | EV32: 0 | EW32: 0 | EX32: 0 | FQ32: 0 | FR32: =ROUND(IF(AND(BH32=3,BI32=3),P32,0),2) -> 0 | FS32: 0 | FT32: *0,9 | FU32: *0,85 | FX32: 106.2 | FY32: 53.55 | GD32: 0 | GF32: -504550248 | GG32: 2 | GH32: 1 | GI32: -2 | GJ32: 0 | GK32: =ROUND(R32*(R12)/100,2) -> 0 | GL32: =ROUND(IF(AND(BH32=3,BI32=3,FS32<>0),P32,0),2) -> 0 | GM32: =ROUND(O32+X32+Y32+GK32,2)+GX32 -> 103.74 | GN32: =IF(OR(BI32=0,BI32=1),ROUND(O32+X32+Y32+GK32,2),0) -> 103.74 | GO32: =IF(BI32=2,ROUND(O32+X32+Y32+GK32,2),0) -> 0 | GP32: =IF(BI32=4,ROUND(O32+X32+Y32+GK32,2)+GX32,0) -> 0 | GR32: 0 | GS32: 3 | GT32: 0 | GV32: =ROUND((GT32),2) -> 0 | GW32: 1 | GX32: =ROUND(HC32*I32,2) -> 0 | HA32: 0 | HB32: 0 | HC32: =GV32*GW32 -> 0 | IK32: 0
A33: 18 | B33: 1 | C33: 40 | E33: 3,1 | F33: 11.3.03.01-0004 | G33: Доски подоконные ПВХ, шириной 250 мм | H33: м | I33: =I31*J33 -> 3.2 | J33: 100 | O33: =ROUND(CP33,2) -> 633.88 | P33: =ROUND(CQ33*I33,2) -> 633.88 | Q33: =ROUND(CR33*I33,2) -> 0 | R33: =ROUND(CS33*I33,2) -> 0 | S33: =ROUND(CT33*I33,2) -> 0 | T33: =ROUND(CU33*I33,2) -> 0 | U33: =CV33*I33 -> 0 | V33: =CW33*I33 -> 0 | W33: =ROUND(CX33*I33,2) -> 0 | X33: =ROUND(CY33,2) -> 0 | Y33: =ROUND(CZ33,2) -> 0 | AA33: 27935368 | AB33: =ROUND((AC33+AD33+AF33),2) -> 32.42 | AC33: =ROUND((ES33),2) -> 32.42 | AD33: =ROUND((((ET33)-(EU33))+AE33),2) -> 0 | AE33: =ROUND((EU33),2) -> 0 | AF33: =ROUND((EV33),2) -> 0 | AG33: =ROUND((AP33),2) -> 0 | AH33: =(EW33) -> 0 | AI33: =(EX33) -> 0 | AJ33: =(AS33) -> 0 | AK33: 32.42 | AL33: 32.42 | AM33: 0 | AN33: 0 | AO33: 0 | AP33: 0 | AQ33: 0 | AR33: 0 | AS33: 0 | AT33: 106 | AU33: 54 | AV33: 1 | AW33: 1 | AZ33: 6.11 | BA33: 1 | BB33: 1 | BC33: 6.11 | BH33: 3 | BI33: 1 | BJ33: ФССЦ-2001, 11.3.03.01-0004, приказ Минстроя России №1039/пр от 30.12.2016г. | BM33: 10001 | BN33: 0 | BP33: 0 | BQ33: 2 | BR33: 0 | BS33: 1 | BT33: 1 | BU33: 1 | BV33: 1 | BW33: 1 | BX33: 1 | BZ33: 118 | CA33: 63 | CE33: 0 | CF33: 0 | CG33: 0 | CM33: 0 | CO33: 0 | CP33: =(P33+Q33+S33) -> 633.88 | CQ33: =AC33*BC33 -> 198.0862 | CR33: =AD33*BB33 -> 0 | CS33: =AE33*BS33 -> 0 | CT33: =AF33*BA33 -> 0 | CU33: =AG33 -> 0 | CV33: =AH33 -> 0 | CW33: =AI33 -> 0 | CX33: =AJ33 -> 0 | CY33: =(((S33+R33)*AT33)/100) -> 0 | CZ33: =(((S33+R33)*AU33)/100) -> 0 | DN33: 0 | DO33: 0 | DP33: 1 | DQ33: 1 | DU33: 1003 | DV33: м | DW33: м | DX33: 1 | EE33: 27029023 | EF33: 2 | EG33: Общестроительные работы | EH33: 0 | EJ33: 1 | EK33: 10001 | EL33: Деревянные конструкции | EM33: ФЕР-10 | EQ33: 0 | ER33: 32.42 | ES33: 32.42 | ET33: 0 | EU33: 0 | EV33: 0 | EW33: 0 | EX33: 0 | FQ33: 0 | FR33: =ROUND(IF(AND(BH33=3,BI33=3),P33,0),2) -> 0 | FS33: 0 | FT33: *0,9 | FU33: *0,85 | FX33: 106.2 | FY33: 53.55 | GD33: 0 | GF33: -504550248 | GG33: 1 | GH33: 1 | GI33: 4 | GJ33: 0 | GK33: =ROUND(R33*(S12)/100,2) -> 0 | GL33: =ROUND(IF(AND(BH33=3,BI33=3,FS33<>0),P33,0),2) -> 0 | GM33: =ROUND(O33+X33+Y33+GK33,2)+GX33 -> 633.88 | GN33: =IF(OR(BI33=0,BI33=1),ROUND(O33+X33+Y33+GK33,2),0) -> 633.88 | GO33: =IF(BI33=2,ROUND(O33+X33+Y33+GK33,2),0) -> 0 | GP33: =IF(BI33=4,ROUND(O33+X33+Y33+GK33,2)+GX33,0) -> 0 | GR33: 0 | GS33: 3 | GT33: 0 | GV33: =ROUND((GT33),2) -> 0 | GW33: 1 | GX33: =ROUND(HC33*I33,2) -> 0 | HA33: 0 | HB33: 0 | HC33: =GV33*GW33 -> 0 | IK33: 0
A34: 17 | B34: 1 | C34: =ROW(SmtRes!A50) -> 50 | D34: =ROW(EtalonRes!A50) -> 50 | E34: 4 | F34: 15-01-050-04 | G34: Облицовка оконных и дверных откосов декоративным бумажно-слоистым пластиком или листами из синтетических материалов на клее | H34: 100 м2 | I34: =ROUND(2.46/100,9) -> 0.0246 | J34: 0 | O34: =ROUND(CP34,2) -> 44.33 | P34: =ROUND(CQ34*I34,2) -> 0.01 | Q34: =ROUND(CR34*I34,2) -> 1.09 | R34: =ROUND(CS34*I34,2) -> 0.21 | S34: =ROUND(CT34*I34,2) -> 43.23 | T34: =ROUND(CU34*I34,2) -> 0 | U34: =CV34*I34 -> 4.7094363 | V34: =CW34*I34 -> 0.017835 | W34: =ROUND(CX34*I34,2) -> 0 | X34: =ROUND(CY34,2) -> 41.27 | Y34: =ROUND(CZ34,2) -> 20.42 | AA34: 27935367 | AB34: =ROUND((AC34+AD34+AF34),2) -> 1801.98 | AC34: =ROUND((ES34),2) -> 0.36 | AD34: =ROUND(((((ET34*1.25))-((EU34*1.25)))+AE34),2) -> 44.2 | AE34: =ROUND(((EU34*1.25)),2) -> 8.6 | AF34: =ROUND(((EV34*1.15)),2) -> 1757.42 | AG34: =ROUND((AP34),2) -> 0 | AH34: =((EW34*1.15)) -> 191.4405 | AI34: =((EX34*1.25)) -> 0.725 | AJ34: =(AS34) -> 0 | AK34: 1563.91 | AL34: 0.36 | AM34: 35.36 | AN34: 6.88 | AO34: 1528.19 | AP34: 0 | AQ34: 166.47 | AR34: 0.58 | AS34: 0 | AT34: 95 | AU34: 47 | AV34: 1 | AW34: 1 | AZ34: 1 | BA34: 1 | BB34: 1 | BC34: 1 | BH34: 0 | BI34: 1 | BJ34: ФЕР-2001, 15-01-050-04, приказ Минстроя России №1039/пр от 30.12.2016г. | BM34: 15001 | BN34: 0 | BP34: 0 | BQ34: 2 | BR34: 0 | BS34: 1 | BT34: 1 | BU34: 1 | BV34: 1 | BW34: 1 | BX34: 1 | BZ34: 105 | CA34: 55 | CE34: 0 | CF34: 0 | CG34: 0 | CM34: 0 | CN34: Поправка: МДС 81-35.2004, п.4.7 Наименование: Работы, выполняемые при реконструкции зданий и сооружений работы, аналогичные технологическим процессам в новом строительстве (в том числе возведение новых конструктивных элементов) стоимость которых определена по соответствующим сборникам ФЕР, кроме сборника № 46 «Работы при реконструкции зданий и сооружений» | CO34: 0 | CP34: =(P34+Q34+S34) -> 44.33 | CQ34: =AC34*BC34 -> 0.36 | CR34: =AD34*BB34 -> 44.2 | CS34: =AE34*BS34 -> 8.6 | CT34: =AF34*BA34 -> 1757.42 | CU34: =AG34 -> 0 | CV34: =AH34 -> 191.4405 | CW34: =AI34 -> 0.725 | CX34: =AJ34 -> 0 | CY34: =(((S34+R34)*AT34)/100) -> 41.268 | CZ34: =(((S34+R34)*AU34)/100) -> 20.4168 | DE34: )*1,25 | DF34: )*1,25 | DG34: )*1,15 | DI34: )*1,15 | DJ34: )*1,25 | DN34: 0 | DO34: 0 | DP34: 1 | DQ34: 1 | DU34: 1005 | DV34: 100 м2 | DW34: 100 м2 | DX34: 100 | EE34: 27029049 | EF34: 2 | EG34: Общестроительные работы | EH34: 0 | EJ34: 1 | EK34: 15001 | EL34: Отделочные работы | EM34: ФЕР-15 | EO34: Поправка: МДС 81-35.2004, п.4.7 | EQ34: 131072 | ER34: 1563.91 | ES34: 0.36 | ET34: 35.36 | EU34: 6.88 | EV34: 1528.19 | EW34: 166.47 | EX34: 0.58 | EY34: 0 | FQ34: 0 | FR34: =ROUND(IF(AND(BH34=3,BI34=3),P34,0),2) -> 0 | FS34: 0 | FT34: *0,9 | FU34: *0,85 | FX34: 94.5 | FY34: 46.75 | GD34: 0 | GF34: 251333065 | GG34: 2 | GH34: 1 | GI34: -2 | GJ34: 0 | GK34: =ROUND(R34*(R12)/100,2) -> 0 | GL34: =ROUND(IF(AND(BH34=3,BI34=3,FS34<>0),P34,0),2) -> 0 | GM34: =ROUND(O34+X34+Y34+GK34,2)+GX34 -> 106.02 | GN34: =IF(OR(BI34=0,BI34=1),ROUND(O34+X34+Y34+GK34,2),0) -> 106.02 | GO34: =IF(BI34=2,ROUND(O34+X34+Y34+GK34,2),0) -> 0 | GP34: =IF(BI34=4,ROUND(O34+X34+Y34+GK34,2)+GX34,0) -> 0 | GR34: 0 | GS34: 3 | GT34: 0 | GV34: =ROUND((GT34),2) -> 0 | GW34: 1 | GX34: =ROUND(HC34*I34,2) -> 0 | HA34: 0 | HB34: 0 | HC34: =GV34*GW34 -> 0 | IK34: 0
A35: 17 | B35: 1 | C35: =ROW(SmtRes!A58) -> 58 | D35: =ROW(EtalonRes!A58) -> 58 | E35: 4 | F35: 15-01-050-04 | G35: Облицовка оконных и дверных откосов декоративным бумажно-слоистым пластиком или листами из синтетических материалов на клее | H35: 100 м2 | I35: =ROUND(2.46/100,9) -> 0.0246 | J35: 0 | O35: =ROUND(CP35,2) -> 270.84 | P35: =ROUND(CQ35*I35,2) -> 0.05 | Q35: =ROUND(CR35*I35,2) -> 6.64 | R35: =ROUND(CS35*I35,2) -> 1.29 | S35: =ROUND(CT35*I35,2) -> 264.15 | T35: =ROUND(CU35*I35,2) -> 0 | U35: =CV35*I35 -> 4.7094363 | V35: =CW35*I35 -> 0.017835 | W35: =ROUND(CX35*I35,2) -> 0 | X35: =ROUND(CY35,2) -> 252.17 | Y35: =ROUND(CZ35,2) -> 124.76 | AA35: 27935368 | AB35: =ROUND((AC35+AD35+AF35),2) -> 1801.98 | AC35: =ROUND((ES35),2) -> 0.36 | AD35: =ROUND(((((ET35*1.25))-((EU35*1.25)))+AE35),2) -> 44.2 | AE35: =ROUND(((EU35*1.25)),2) -> 8.6 | AF35: =ROUND(((EV35*1.15)),2) -> 1757.42 | AG35: =ROUND((AP35),2) -> 0 | AH35: =((EW35*1.15)) -> 191.4405 | AI35: =((EX35*1.25)) -> 0.725 | AJ35: =(AS35) -> 0 | AK35: 1563.91 | AL35: 0.36 | AM35: 35.36 | AN35: 6.88 | AO35: 1528.19 | AP35: 0 | AQ35: 166.47 | AR35: 0.58 | AS35: 0 | AT35: 95 | AU35: 47 | AV35: 1 | AW35: 1 | AZ35: 6.11 | BA35: 6.11 | BB35: 6.11 | BC35: 6.11 | BH35: 0 | BI35: 1 | BJ35: ФЕР-2001, 15-01-050-04, приказ Минстроя России №1039/пр от 30.12.2016г. | BM35: 15001 | BN35: 0 | BP35: 0 | BQ35: 2 | BR35: 0 | BS35: 6.11 | BT35: 1 | BU35: 1 | BV35: 1 | BW35: 1 | BX35: 1 | BZ35: 105 | CA35: 55 | CE35: 0 | CF35: 0 | CG35: 0 | CM35: 0 | CN35: Поправка: МДС 81-35.2004, п.4.7 Наименование: Работы, выполняемые при реконструкции зданий и сооружений работы, аналогичные технологическим процессам в новом строительстве (в том числе возведение новых конструктивных элементов) стоимость которых определена по соответствующим сборникам ФЕР, кроме сборника № 46 «Работы при реконструкции зданий и сооружений» | CO35: 0 | CP35: =(P35+Q35+S35) -> 270.84 | CQ35: =AC35*BC35 -> 2.1996 | CR35: =AD35*BB35 -> 270.062 | CS35: =AE35*BS35 -> 52.546 | CT35: =AF35*BA35 -> 10737.836 | CU35: =AG35 -> 0 | CV35: =AH35 -> 191.4405 | CW35: =AI35 -> 0.725 | CX35: =AJ35 -> 0 | CY35: =(((S35+R35)*AT35)/100) -> 252.168 | CZ35: =(((S35+R35)*AU35)/100) -> 124.7568 | DE35: )*1,25 | DF35: )*1,25 | DG35: )*1,15 | DI35: )*1,15 | DJ35: )*1,25 | DN35: 0 | DO35: 0 | DP35: 1 | DQ35: 1 | DU35: 1005 | DV35: 100 м2 | DW35: 100 м2 | DX35: 100 | EE35: 27029049 | EF35: 2 | EG35: Общестроительные работы | EH35: 0 | EJ35: 1 | EK35: 15001 | EL35: Отделочные работы | EM35: ФЕР-15 | EO35: Поправка: МДС 81-35.2004, п.4.7 | EQ35: 131072 | ER35: 1563.91 | ES35: 0.36 | ET35: 35.36 | EU35: 6.88 | EV35: 1528.19 | EW35: 166.47 | EX35: 0.58 | EY35: 0 | FQ35: 0 | FR35: =ROUND(IF(AND(BH35=3,BI35=3),P35,0),2) -> 0 | FS35: 0 | FT35: *0,9 | FU35: *0,85 | FX35: 94.5 | FY35: 46.75 | GD35: 0 | GF35: 251333065 | GG35: 1 | GH35: 1 | GI35: 4 | GJ35: 0 | GK35: =ROUND(R35*(S12)/100,2) -> 0 | GL35: =ROUND(IF(AND(BH35=3,BI35=3,FS35<>0),P35,0),2) -> 0 | GM35: =ROUND(O35+X35+Y35+GK35,2)+GX35 -> 647.77 | GN35: =IF(OR(BI35=0,BI35=1),ROUND(O35+X35+Y35+GK35,2),0) -> 647.77 | GO35: =IF(BI35=2,ROUND(O35+X35+Y35+GK35,2),0) -> 0 | GP35: =IF(BI35=4,ROUND(O35+X35+Y35+GK35,2)+GX35,0) -> 0 | GR35: 0 | GS35: 3 | GT35: 0 | GV35: =ROUND((GT35),2) -> 0 | GW35: 1 | GX35: =ROUND(HC35*I35,2) -> 0 | HA35: 0 | HB35: 0 | HC35: =GV35*GW35 -> 0 | IK35: 0
A36: 18 | B36: 1 | C36: 48 | E36: 4,1 | F36: 11.3.03.05-0011 | G36: Сэндвич-панели для откосов (наружные слои – листы из поливинилхлорида, внутреннее наполнение – вспененный пенополистирол) белые, ширина 1,5 м, длина 3,0 м, толщина 10 мм | H36: м2 | I36: =I34*J36 -> 2.583 | J36: 105 | O36: =ROUND(CP36,2) -> 152.81 | P36: =ROUND(CQ36*I36,2) -> 152.81 | Q36: =ROUND(CR36*I36,2) -> 0 | R36: =ROUND(CS36*I36,2) -> 0 | S36: =ROUND(CT36*I36,2) -> 0 | T36: =ROUND(CU36*I36,2) -> 0 | U36: =CV36*I36 -> 0 | V36: =CW36*I36 -> 0 | W36: =ROUND(CX36*I36,2) -> 0 | X36: =ROUND(CY36,2) -> 0 | Y36: =ROUND(CZ36,2) -> 0 | AA36: 27935367 | AB36: =ROUND((AC36+AD36+AF36),2) -> 59.16 | AC36: =ROUND((ES36),2) -> 59.16 | AD36: =ROUND((((ET36)-(EU36))+AE36),2) -> 0 | AE36: =ROUND((EU36),2) -> 0 | AF36: =ROUND((EV36),2) -> 0 | AG36: =ROUND((AP36),2) -> 0 | AH36: =(EW36) -> 0 | AI36: =(EX36) -> 0 | AJ36: =(AS36) -> 0 | AK36: 59.16 | AL36: 59.16 | AM36: 0 | AN36: 0 | AO36: 0 | AP36: 0 | AQ36: 0 | AR36: 0 | AS36: 0 | AT36: 95 | AU36: 47 | AV36: 1 | AW36: 1 | AZ36: 1 | BA36: 1 | BB36: 1 | BC36: 1 | BH36: 3 | BI36: 1 | BJ36: ФССЦ-2001, 11.3.03.05-0011, приказ Минстроя России №1039/пр от 30.12.2016г. | BM36: 15001 | BN36: 0 | BP36: 0 | BQ36: 2 | BR36: 0 | BS36: 1 | BT36: 1 | BU36: 1 | BV36: 1 | BW36: 1 | BX36: 1 | BZ36: 105 | CA36: 55 | CE36: 0 | CF36: 0 | CG36: 0 | CM36: 0 | CO36: 0 | CP36: =(P36+Q36+S36) -> 152.81 | CQ36: =AC36*BC36 -> 59.16 | CR36: =AD36*BB36 -> 0 | CS36: =AE36*BS36 -> 0 | CT36: =AF36*BA36 -> 0 | CU36: =AG36 -> 0 | CV36: =AH36 -> 0 | CW36: =AI36 -> 0 | CX36: =AJ36 -> 0 | CY36: =(((S36+R36)*AT36)/100) -> 0 | CZ36: =(((S36+R36)*AU36)/100) -> 0 | DN36: 0 | DO36: 0 | DP36: 1 | DQ36: 1 | DU36: 1005 | DV36: м2 | DW36: м2 | DX36: 1 | EE36: 27029049 | EF36: 2 | EG36: Общестроительные работы | EH36: 0 | EJ36: 1 | EK36: 15001 | EL36: Отделочные работы | EM36: ФЕР-15 | EQ36: 0 | ER36: 59.16 | ES36: 59.16 | ET36: 0 | EU36: 0 | EV36: 0 | EW36: 0 | EX36: 0 | FQ36: 0 | FR36: =ROUND(IF(AND(BH36=3,BI36=3),P36,0),2) -> 0 | FS36: 0 | FT36: *0,9 | FU36: *0,85 | FX36: 94.5 | FY36: 46.75 | GD36: 0 | GF36: -724546537 | GG36: 2 | GH36: 1 | GI36: -2 | GJ36: 0 | GK36: =ROUND(R36*(R12)/100,2) -> 0 | GL36: =ROUND(IF(AND(BH36=3,BI36=3,FS36<>0),P36,0),2) -> 0 | GM36: =ROUND(O36+X36+Y36+GK36,2)+GX36 -> 152.81 | GN36: =IF(OR(BI36=0,BI36=1),ROUND(O36+X36+Y36+GK36,2),0) -> 152.81 | GO36: =IF(BI36=2,ROUND(O36+X36+Y36+GK36,2),0) -> 0 | GP36: =IF(BI36=4,ROUND(O36+X36+Y36+GK36,2)+GX36,0) -> 0 | GR36: 0 | GS36: 3 | GT36: 0 | GV36: =ROUND((GT36),2) -> 0 | GW36: 1 | GX36: =ROUND(HC36*I36,2) -> 0 | HA36: 0 | HB36: 0 | HC36: =GV36*GW36 -> 0 | IK36: 0
A37: 18 | B37: 1 | C37: 56 | E37: 4,1 | F37: 11.3.03.05-0011 | G37: Сэндвич-панели для откосов (наружные слои – листы из поливинилхлорида, внутреннее наполнение – вспененный пенополистирол) белые, ширина 1,5 м, длина 3,0 м, толщина 10 мм | H37: м2 | I37: =I35*J37 -> 2.583 | J37: 105 | O37: =ROUND(CP37,2) -> 933.67 | P37: =ROUND(CQ37*I37,2) -> 933.67 | Q37: =ROUND(CR37*I37,2) -> 0 | R37: =ROUND(CS37*I37,2) -> 0 | S37: =ROUND(CT37*I37,2) -> 0 | T37: =ROUND(CU37*I37,2) -> 0 | U37: =CV37*I37 -> 0 | V37: =CW37*I37 -> 0 | W37: =ROUND(CX37*I37,2) -> 0 | X37: =ROUND(CY37,2) -> 0 | Y37: =ROUND(CZ37,2) -> 0 | AA37: 27935368 | AB37: =ROUND((AC37+AD37+AF37),2) -> 59.16 | AC37: =ROUND((ES37),2) -> 59.16 | AD37: =ROUND((((ET37)-(EU37))+AE37),2) -> 0 | AE37: =ROUND((EU37),2) -> 0 | AF37: =ROUND((EV37),2) -> 0 | AG37: =ROUND((AP37),2) -> 0 | AH37: =(EW37) -> 0 | AI37: =(EX37) -> 0 | AJ37: =(AS37) -> 0 | AK37: 59.16 | AL37: 59.16 | AM37: 0 | AN37: 0 | AO37: 0 | AP37: 0 | AQ37: 0 | AR37: 0 | AS37: 0 | AT37: 95 | AU37: 47 | AV37: 1 | AW37: 1 | AZ37: 6.11 | BA37: 1 | BB37: 1 | BC37: 6.11 | BH37: 3 | BI37: 1 | BJ37: ФССЦ-2001, 11.3.03.05-0011, приказ Минстроя России №1039/пр от 30.12.2016г. | BM37: 15001 | BN37: 0 | BP37: 0 | BQ37: 2 | BR37: 0 | BS37: 1 | BT37: 1 | BU37: 1 | BV37: 1 | BW37: 1 | BX37: 1 | BZ37: 105 | CA37: 55 | CE37: 0 | CF37: 0 | CG37: 0 | CM37: 0 | CO37: 0 | CP37: =(P37+Q37+S37) -> 933.67 | CQ37: =AC37*BC37 -> 361.4676 | CR37: =AD37*BB37 -> 0 | CS37: =AE37*BS37 -> 0 | CT37: =AF37*BA37 -> 0 | CU37: =AG37 -> 0 | CV37: =AH37 -> 0 | CW37: =AI37 -> 0 | CX37: =AJ37 -> 0 | CY37: =(((S37+R37)*AT37)/100) -> 0 | CZ37: =(((S37+R37)*AU37)/100) -> 0 | DN37: 0 | DO37: 0 | DP37: 1 | DQ37: 1 | DU37: 1005 | DV37: м2 | DW37: м2 | DX37: 1 | EE37: 27029049 | EF37: 2 | EG37: Общестроительные работы | EH37: 0 | EJ37: 1 | EK37: 15001 | EL37: Отделочные работы | EM37: ФЕР-15 | EQ37: 0 | ER37: 59.16 | ES37: 59.16 | ET37: 0 | EU37: 0 | EV37: 0 | EW37: 0 | EX37: 0 | FQ37: 0 | FR37: =ROUND(IF(AND(BH37=3,BI37=3),P37,0),2) -> 0 | FS37: 0 | FT37: *0,9 | FU37: *0,85 | FX37: 94.5 | FY37: 46.75 | GD37: 0 | GF37: -724546537 | GG37: 1 | GH37: 1 | GI37: 4 | GJ37: 0 | GK37: =ROUND(R37*(S12)/100,2) -> 0 | GL37: =ROUND(IF(AND(BH37=3,BI37=3,FS37<>0),P37,0),2) -> 0 | GM37: =ROUND(O37+X37+Y37+GK37,2)+GX37 -> 933.67 | GN37: =IF(OR(BI37=0,BI37=1),ROUND(O37+X37+Y37+GK37,2),0) -> 933.67 | GO37: =IF(BI37=2,ROUND(O37+X37+Y37+GK37,2),0) -> 0 | GP37: =IF(BI37=4,ROUND(O37+X37+Y37+GK37,2)+GX37,0) -> 0 | GR37: 0 | GS37: 3 | GT37: 0 | GV37: =ROUND((GT37),2) -> 0 | GW37: 1 | GX37: =ROUND(HC37*I37,2) -> 0 | HA37: 0 | HB37: 0 | HC37: =GV37*GW37 -> 0 | IK37: 0
A38: 18 | B38: 1 | C38: 49 | E38: 4,2 | F38: 14.1.02.04-0102 | G38: Клей Forbo 522, для укладки ПВХ-покрытий | H38: кг | I38: =I34*J38 -> 0.738 | J38: 30 | O38: =ROUND(CP38,2) -> 18.86 | P38: =ROUND(CQ38*I38,2) -> 18.86 | Q38: =ROUND(CR38*I38,2) -> 0 | R38: =ROUND(CS38*I38,2) -> 0 | S38: =ROUND(CT38*I38,2) -> 0 | T38: =ROUND(CU38*I38,2) -> 0 | U38: =CV38*I38 -> 0 | V38: =CW38*I38 -> 0 | W38: =ROUND(CX38*I38,2) -> 0 | X38: =ROUND(CY38,2) -> 0 | Y38: =ROUND(CZ38,2) -> 0 | AA38: 27935367 | AB38: =ROUND((AC38+AD38+AF38),2) -> 25.56 | AC38: =ROUND((ES38),2) -> 25.56 | AD38: =ROUND((((ET38)-(EU38))+AE38),2) -> 0 | AE38: =ROUND((EU38),2) -> 0 | AF38: =ROUND((EV38),2) -> 0 | AG38: =ROUND((AP38),2) -> 0 | AH38: =(EW38) -> 0 | AI38: =(EX38) -> 0 | AJ38: =(AS38) -> 0 | AK38: 25.56 | AL38: 25.56 | AM38: 0 | AN38: 0 | AO38: 0 | AP38: 0 | AQ38: 0 | AR38: 0 | AS38: 0 | AT38: 95 | AU38: 47 | AV38: 1 | AW38: 1 | AZ38: 1 | BA38: 1 | BB38: 1 | BC38: 1 | BH38: 3 | BI38: 1 | BJ38: ФССЦ-2001, 14.1.02.04-0102, приказ Минстроя России №1039/пр от 30.12.2016г. | BM38: 15001 | BN38: 0 | BP38: 0 | BQ38: 2 | BR38: 0 | BS38: 1 | BT38: 1 | BU38: 1 | BV38: 1 | BW38: 1 | BX38: 1 | BZ38: 105 | CA38: 55 | CE38: 0 | CF38: 0 | CG38: 0 | CM38: 0 | CO38: 0 | CP38: =(P38+Q38+S38) -> 18.86 | CQ38: =AC38*BC38 -> 25.56 | CR38: =AD38*BB38 -> 0 | CS38: =AE38*BS38 -> 0 | CT38: =AF38*BA38 -> 0 | CU38: =AG38 -> 0 | CV38: =AH38 -> 0 | CW38: =AI38 -> 0 | CX38: =AJ38 -> 0 | CY38: =(((S38+R38)*AT38)/100) -> 0 | CZ38: =(((S38+R38)*AU38)/100) -> 0 | DN38: 0 | DO38: 0 | DP38: 1 | DQ38: 1 | DU38: 1009 | DV38: кг | DW38: кг | DX38: 1 | EE38: 27029049 | EF38: 2 | EG38: Общестроительные работы | EH38: 0 | EJ38: 1 | EK38: 15001 | EL38: Отделочные работы | EM38: ФЕР-15 | EQ38: 0 | ER38: 25.56 | ES38: 25.56 | ET38: 0 | EU38: 0 | EV38: 0 | EW38: 0 | EX38: 0 | FQ38: 0 | FR38: =ROUND(IF(AND(BH38=3,BI38=3),P38,0),2) -> 0 | FS38: 0 | FT38: *0,9 | FU38: *0,85 | FX38: 94.5 | FY38: 46.75 | GD38: 0 | GF38: -89726692 | GG38: 2 | GH38: 1 | GI38: -2 | GJ38: 0 | GK38: =ROUND(R38*(R12)/100,2) -> 0 | GL38: =ROUND(IF(AND(BH38=3,BI38=3,FS38<>0),P38,0),2) -> 0 | GM38: =ROUND(O38+X38+Y38+GK38,2)+GX38 -> 18.86 | GN38: =IF(OR(BI38=0,BI38=1),ROUND(O38+X38+Y38+GK38,2),0) -> 18.86 | GO38: =IF(BI38=2,ROUND(O38+X38+Y38+GK38,2),0) -> 0 | GP38: =IF(BI38=4,ROUND(O38+X38+Y38+GK38,2)+GX38,0) -> 0 | GR38: 0 | GS38: 3 | GT38: 0 | GV38: =ROUND((GT38),2) -> 0 | GW38: 1 | GX38: =ROUND(HC38*I38,2) -> 0 | HA38: 0 | HB38: 0 | HC38: =GV38*GW38 -> 0 | IK38: 0
A39: 18 | B39: 1 | C39: 57 | E39: 4,2 | F39: 14.1.02.04-0102 | G39: Клей Forbo 522, для укладки ПВХ-покрытий | H39: кг | I39: =I35*J39 -> 0.738 | J39: 30 | O39: =ROUND(CP39,2) -> 115.25 | P39: =ROUND(CQ39*I39,2) -> 115.25 | Q39: =ROUND(CR39*I39,2) -> 0 | R39: =ROUND(CS39*I39,2) -> 0 | S39: =ROUND(CT39*I39,2) -> 0 | T39: =ROUND(CU39*I39,2) -> 0 | U39: =CV39*I39 -> 0 | V39: =CW39*I39 -> 0 | W39: =ROUND(CX39*I39,2) -> 0 | X39: =ROUND(CY39,2) -> 0 | Y39: =ROUND(CZ39,2) -> 0 | AA39: 27935368 | AB39: =ROUND((AC39+AD39+AF39),2) -> 25.56 | AC39: =ROUND((ES39),2) -> 25.56 | AD39: =ROUND((((ET39)-(EU39))+AE39),2) -> 0 | AE39: =ROUND((EU39),2) -> 0 | AF39: =ROUND((EV39),2) -> 0 | AG39: =ROUND((AP39),2) -> 0 | AH39: =(EW39) -> 0 | AI39: =(EX39) -> 0 | AJ39: =(AS39) -> 0 | AK39: 25.56 | AL39: 25.56 | AM39: 0 | AN39: 0 | AO39: 0 | AP39: 0 | AQ39: 0 | AR39: 0 | AS39: 0 | AT39: 95 | AU39: 47 | AV39: 1 | AW39: 1 | AZ39: 6.11 | BA39: 1 | BB39: 1 | BC39: 6.11 | BH39: 3 | BI39: 1 | BJ39: ФССЦ-2001, 14.1.02.04-0102, приказ Минстроя России №1039/пр от 30.12.2016г. | BM39: 15001 | BN39: 0 | BP39: 0 | BQ39: 2 | BR39: 0 | BS39: 1 | BT39: 1 | BU39: 1 | BV39: 1 | BW39: 1 | BX39: 1 | BZ39: 105 | CA39: 55 | CE39: 0 | CF39: 0 | CG39: 0 | CM39: 0 | CO39: 0 | CP39: =(P39+Q39+S39) -> 115.25 | CQ39: =AC39*BC39 -> 156.1716 | CR39: =AD39*BB39 -> 0 | CS39: =AE39*BS39 -> 0 | CT39: =AF39*BA39 -> 0 | CU39: =AG39 -> 0 | CV39: =AH39 -> 0 | CW39: =AI39 -> 0 | CX39: =AJ39 -> 0 | CY39: =(((S39+R39)*AT39)/100) -> 0 | CZ39: =(((S39+R39)*AU39)/100) -> 0 | DN39: 0 | DO39: 0 | DP39: 1 | DQ39: 1 | DU39: 1009 | DV39: кг | DW39: кг | DX39: 1 | EE39: 27029049 | EF39: 2 | EG39: Общестроительные работы | EH39: 0 | EJ39: 1 | EK39: 15001 | EL39: Отделочные работы | EM39: ФЕР-15 | EQ39: 0 | ER39: 25.56 | ES39: 25.56 | ET39: 0 | EU39: 0 | EV39: 0 | EW39: 0 | EX39: 0 | FQ39: 0 | FR39: =ROUND(IF(AND(BH39=3,BI39=3),P39,0),2) -> 0 | FS39: 0 | FT39: *0,9 | FU39: *0,85 | FX39: 94.5 | FY39: 46.75 | GD39: 0 | GF39: -89726692 | GG39: 1 | GH39: 1 | GI39: 4 | GJ39: 0 | GK39: =ROUND(R39*(S12)/100,2) -> 0 | GL39: =ROUND(IF(AND(BH39=3,BI39=3,FS39<>0),P39,0),2) -> 0 | GM39: =ROUND(O39+X39+Y39+GK39,2)+GX39 -> 115.25 | GN39: =IF(OR(BI39=0,BI39=1),ROUND(O39+X39+Y39+GK39,2),0) -> 115.25 | GO39: =IF(BI39=2,ROUND(O39+X39+Y39+GK39,2),0) -> 0 | GP39: =IF(BI39=4,ROUND(O39+X39+Y39+GK39,2)+GX39,0) -> 0 | GR39: 0 | GS39: 3 | GT39: 0 | GV39: =ROUND((GT39),2) -> 0 | GW39: 1 | GX39: =ROUND(HC39*I39,2) -> 0 | HA39: 0 | HB39: 0 | HC39: =GV39*GW39 -> 0 | IK39: 0
A40: 18 | B40: 1 | C40: 50 | E40: 4,3 | F40: 14.3.01.02-0102 | G40: Грунтовка: водно-дисперсионная "БИРСС Бетон-контакт" | H40: т | I40: =I34*J40 -> 0.000219 | J40: 0.008902439 | O40: =ROUND(CP40,2) -> 4.03 | P40: =ROUND(CQ40*I40,2) -> 4.03 | Q40: =ROUND(CR40*I40,2) -> 0 | R40: =ROUND(CS40*I40,2) -> 0 | S40: =ROUND(CT40*I40,2) -> 0 | T40: =ROUND(CU40*I40,2) -> 0 | U40: =CV40*I40 -> 0 | V40: =CW40*I40 -> 0 | W40: =ROUND(CX40*I40,2) -> 0 | X40: =ROUND(CY40,2) -> 0 | Y40: =ROUND(CZ40,2) -> 0 | AA40: 27935367 | AB40: =ROUND((AC40+AD40+AF40),2) -> 18390.16 | AC40: =ROUND((ES40),2) -> 18390.16 | AD40: =ROUND((((ET40)-(EU40))+AE40),2) -> 0 | AE40: =ROUND((EU40),2) -> 0 | AF40: =ROUND((EV40),2) -> 0 | AG40: =ROUND((AP40),2) -> 0 | AH40: =(EW40) -> 0 | AI40: =(EX40) -> 0 | AJ40: =(AS40) -> 0 | AK40: 18390.16 | AL40: 18390.16 | AM40: 0 | AN40: 0 | AO40: 0 | AP40: 0 | AQ40: 0 | AR40: 0 | AS40: 0 | AT40: 95 | AU40: 47 | AV40: 1 | AW40: 1 | AZ40: 1 | BA40: 1 | BB40: 1 | BC40: 1 | BH40: 3 | BI40: 1 | BJ40: ФССЦ-2001, 14.3.01.02-0102, приказ Минстроя России №1039/пр от 30.12.2016г. | BM40: 15001 | BN40: 0 | BP40: 0 | BQ40: 2 | BR40: 0 | BS40: 1 | BT40: 1 | BU40: 1 | BV40: 1 | BW40: 1 | BX40: 1 | BZ40: 105 | CA40: 55 | CE40: 0 | CF40: 0 | CG40: 0 | CM40: 0 | CO40: 0 | CP40: =(P40+Q40+S40) -> 4.03 | CQ40: =AC40*BC40 -> 18390.16 | CR40: =AD40*BB40 -> 0 | CS40: =AE40*BS40 -> 0 | CT40: =AF40*BA40 -> 0 | CU40: =AG40 -> 0 | CV40: =AH40 -> 0 | CW40: =AI40 -> 0 | CX40: =AJ40 -> 0 | CY40: =(((S40+R40)*AT40)/100) -> 0 | CZ40: =(((S40+R40)*AU40)/100) -> 0 | DN40: 0 | DO40: 0 | DP40: 1 | DQ40: 1 | DU40: 1009 | DV40: т | DW40: т | DX40: 1000 | EE40: 27029049 | EF40: 2 | EG40: Общестроительные работы | EH40: 0 | EJ40: 1 | EK40: 15001 | EL40: Отделочные работы | EM40: ФЕР-15 | EQ40: 0 | ER40: 18390.16 | ES40: 18390.16 | ET40: 0 | EU40: 0 | EV40: 0 | EW40: 0 | EX40: 0 | FQ40: 0 | FR40: =ROUND(IF(AND(BH40=3,BI40=3),P40,0),2) -> 0 | FS40: 0 | FT40: *0,9 | FU40: *0,85 | FX40: 94.5 | FY40: 46.75 | GD40: 0 | GF40: -1919714308 | GG40: 2 | GH40: 1 | GI40: -2 | GJ40: 0 | GK40: =ROUND(R40*(R12)/100,2) -> 0 | GL40: =ROUND(IF(AND(BH40=3,BI40=3,FS40<>0),P40,0),2) -> 0 | GM40: =ROUND(O40+X40+Y40+GK40,2)+GX40 -> 4.03 | GN40: =IF(OR(BI40=0,BI40=1),ROUND(O40+X40+Y40+GK40,2),0) -> 4.03 | GO40: =IF(BI40=2,ROUND(O40+X40+Y40+GK40,2),0) -> 0 | GP40: =IF(BI40=4,ROUND(O40+X40+Y40+GK40,2)+GX40,0) -> 0 | GR40: 0 | GS40: 3 | GT40: 0 | GV40: =ROUND((GT40),2) -> 0 | GW40: 1 | GX40: =ROUND(HC40*I40,2) -> 0 | HA40: 0 | HB40: 0 | HC40: =GV40*GW40 -> 0 | IK40: 0
A41: 18 | B41: 1 | C41: 58 | E41: 4,3 | F41: 14.3.01.02-0102 | G41: Грунтовка: водно-дисперсионная "БИРСС Бетон-контакт" | H41: т | I41: =I35*J41 -> 0.000219 | J41: 0.008902439 | O41: =ROUND(CP41,2) -> 24.61 | P41: =ROUND(CQ41*I41,2) -> 24.61 | Q41: =ROUND(CR41*I41,2) -> 0 | R41: =ROUND(CS41*I41,2) -> 0 | S41: =ROUND(CT41*I41,2) -> 0 | T41: =ROUND(CU41*I41,2) -> 0 | U41: =CV41*I41 -> 0 | V41: =CW41*I41 -> 0 | W41: =ROUND(CX41*I41,2) -> 0 | X41: =ROUND(CY41,2) -> 0 | Y41: =ROUND(CZ41,2) -> 0 | AA41: 27935368 | AB41: =ROUND((AC41+AD41+AF41),2) -> 18390.16 | AC41: =ROUND((ES41),2) -> 18390.16 | AD41: =ROUND((((ET41)-(EU41))+AE41),2) -> 0 | AE41: =ROUND((EU41),2) -> 0 | AF41: =ROUND((EV41),2) -> 0 | AG41: =ROUND((AP41),2) -> 0 | AH41: =(EW41) -> 0 | AI41: =(EX41) -> 0 | AJ41: =(AS41) -> 0 | AK41: 18390.16 | AL41: 18390.16 | AM41: 0 | AN41: 0 | AO41: 0 | AP41: 0 | AQ41: 0 | AR41: 0 | AS41: 0 | AT41: 95 | AU41: 47 | AV41: 1 | AW41: 1 | AZ41: 6.11 | BA41: 1 | BB41: 1 | BC41: 6.11 | BH41: 3 | BI41: 1 | BJ41: ФССЦ-2001, 14.3.01.02-0102, приказ Минстроя России №1039/пр от 30.12.2016г. | BM41: 15001 | BN41: 0 | BP41: 0 | BQ41: 2 | BR41: 0 | BS41: 1 | BT41: 1 | BU41: 1 | BV41: 1 | BW41: 1 | BX41: 1 | BZ41: 105 | CA41: 55 | CE41: 0 | CF41: 0 | CG41: 0 | CM41: 0 | CO41: 0 | CP41: =(P41+Q41+S41) -> 24.61 | CQ41: =AC41*BC41 -> 112363.88 | CR41: =AD41*BB41 -> 0 | CS41: =AE41*BS41 -> 0 | CT41: =AF41*BA41 -> 0 | CU41: =AG41 -> 0 | CV41: =AH41 -> 0 | CW41: =AI41 -> 0 | CX41: =AJ41 -> 0 | CY41: =(((S41+R41)*AT41)/100) -> 0 | CZ41: =(((S41+R41)*AU41)/100) -> 0 | DN41: 0 | DO41: 0 | DP41: 1 | DQ41: 1 | DU41: 1009 | DV41: т | DW41: т | DX41: 1000 | EE41: 27029049 | EF41: 2 | EG41: Общестроительные работы | EH41: 0 | EJ41: 1 | EK41: 15001 | EL41: Отделочные работы | EM41: ФЕР-15 | EQ41: 0 | ER41: 18390.16 | ES41: 18390.16 | ET41: 0 | EU41: 0 | EV41: 0 | EW41: 0 | EX41: 0 | FQ41: 0 | FR41: =ROUND(IF(AND(BH41=3,BI41=3),P41,0),2) -> 0 | FS41: 0 | FT41: *0,9 | FU41: *0,85 | FX41: 94.5 | FY41: 46.75 | GD41: 0 | GF41: -1919714308 | GG41: 1 | GH41: 1 | GI41: 4 | GJ41: 0 | GK41: =ROUND(R41*(S12)/100,2) -> 0 | GL41: =ROUND(IF(AND(BH41=3,BI41=3,FS41<>0),P41,0),2) -> 0 | GM41: =ROUND(O41+X41+Y41+GK41,2)+GX41 -> 24.61 | GN41: =IF(OR(BI41=0,BI41=1),ROUND(O41+X41+Y41+GK41,2),0) -> 24.61 | GO41: =IF(BI41=2,ROUND(O41+X41+Y41+GK41,2),0) -> 0 | GP41: =IF(BI41=4,ROUND(O41+X41+Y41+GK41,2)+GX41,0) -> 0 | GR41: 0 | GS41: 3 | GT41: 0 | GV41: =ROUND((GT41),2) -> 0 | GW41: 1 | GX41: =ROUND(HC41*I41,2) -> 0 | HA41: 0 | HB41: 0 | HC41: =GV41*GW41 -> 0 | IK41: 0
A42: 17 | B42: 1 | C42: =ROW(SmtRes!A61) -> 61 | D42: =ROW(EtalonRes!A61) -> 61 | E42: 5 | F42: 10-01-036-01 | G42: Установка уголков ПВХ на клее | H42: 100 м | I42: =ROUND(12.3/100,9) -> 0.123 | J42: 0 | O42: =ROUND(CP42,2) -> 12.51 | P42: =ROUND(CQ42*I42,2) -> 4.43 | Q42: =ROUND(CR42*I42,2) -> 0 | R42: =ROUND(CS42*I42,2) -> 0 | S42: =ROUND(CT42*I42,2) -> 8.08 | T42: =ROUND(CU42*I42,2) -> 0 | U42: =CV42*I42 -> 0.947715 | V42: =CW42*I42 -> 0 | W42: =ROUND(CX42*I42,2) -> 0 | X42: =ROUND(CY42,2) -> 8.56 | Y42: =ROUND(CZ42,2) -> 4.36 | AA42: 27935367 | AB42: =ROUND((AC42+AD42+AF42),2) -> 101.72 | AC42: =ROUND((ES42),2) -> 36 | AD42: =ROUND(((((ET42*1.25))-((EU42*1.25)))+AE42),2) -> 0 | AE42: =ROUND(((EU42*1.25)),2) -> 0 | AF42: =ROUND(((EV42*1.15)),2) -> 65.72 | AG42: =ROUND((AP42),2) -> 0 | AH42: =((EW42*1.15)) -> 7.705 | AI42: =((EX42*1.25)) -> 0 | AJ42: =(AS42) -> 0 | AK42: 93.15 | AL42: 36 | AM42: 0 | AN42: 0 | AO42: 57.15 | AP42: 0 | AQ42: 6.7 | AR42: 0 | AS42: 0 | AT42: 106 | AU42: 54 | AV42: 1 | AW42: 1 | AZ42: 1 | BA42: 1 | BB42: 1 | BC42: 1 | BH42: 0 | BI42: 1 | BJ42: ФЕР-2001, 10-01-036-01, приказ Минстроя России №1039/пр от 30.12.2016г. | BM42: 10001 | BN42: 0 | BP42: 0 | BQ42: 2 | BR42: 0 | BS42: 1 | BT42: 1 | BU42: 1 | BV42: 1 | BW42: 1 | BX42: 1 | BZ42: 118 | CA42: 63 | CE42: 0 | CF42: 0 | CG42: 0 | CM42: 0 | CN42: Поправка: МДС 81-35.2004, п.4.7 Наименование: Работы, выполняемые при реконструкции зданий и сооружений работы, аналогичные технологическим процессам в новом строительстве (в том числе возведение новых конструктивных элементов) стоимость которых определена по соответствующим сборникам ФЕР, кроме сборника № 46 «Работы при реконструкции зданий и сооружений» | CO42: 0 | CP42: =(P42+Q42+S42) -> 12.51 | CQ42: =AC42*BC42 -> 36 | CR42: =AD42*BB42 -> 0 | CS42: =AE42*BS42 -> 0 | CT42: =AF42*BA42 -> 65.72 | CU42: =AG42 -> 0 | CV42: =AH42 -> 7.705 | CW42: =AI42 -> 0 | CX42: =AJ42 -> 0 | CY42: =(((S42+R42)*AT42)/100) -> 8.5648 | CZ42: =(((S42+R42)*AU42)/100) -> 4.3632 | DE42: )*1,25 | DF42: )*1,25 | DG42: )*1,15 | DI42: )*1,15 | DJ42: )*1,25 | DN42: 0 | DO42: 0 | DP42: 1 | DQ42: 1 | DU42: 1003 | DV42: 100 м | DW42: 100 м | DX42: 100 | EE42: 27029023 | EF42: 2 | EG42: Общестроительные работы | EH42: 0 | EJ42: 1 | EK42: 10001 | EL42: Деревянные конструкции | EM42: ФЕР-10 | EO42: Поправка: МДС 81-35.2004, п.4.7 | EQ42: 131072 | ER42: 93.15 | ES42: 36 | ET42: 0 | EU42: 0 | EV42: 57.15 | EW42: 6.7 | EX42: 0 | EY42: 0 | FQ42: 0 | FR42: =ROUND(IF(AND(BH42=3,BI42=3),P42,0),2) -> 0 | FS42: 0 | FT42: *0,9 | FU42: *0,85 | FX42: 106.2 | FY42: 53.55 | GD42: 0 | GF42: -1862938563 | GG42: 2 | GH42: 1 | GI42: -2 | GJ42: 0 | GK42: =ROUND(R42*(R12)/100,2) -> 0 | GL42: =ROUND(IF(AND(BH42=3,BI42=3,FS42<>0),P42,0),2) -> 0 | GM42: =ROUND(O42+X42+Y42+GK42,2)+GX42 -> 25.43 | GN42: =IF(OR(BI42=0,BI42=1),ROUND(O42+X42+Y42+GK42,2),0) -> 25.43 | GO42: =IF(BI42=2,ROUND(O42+X42+Y42+GK42,2),0) -> 0 | GP42: =IF(BI42=4,ROUND(O42+X42+Y42+GK42,2)+GX42,0) -> 0 | GR42: 0 | GS42: 3 | GT42: 0 | GV42: =ROUND((GT42),2) -> 0 | GW42: 1 | GX42: =ROUND(HC42*I42,2) -> 0 | HA42: 0 | HB42: 0 | HC42: =GV42*GW42 -> 0 | IK42: 0
A43: 17 | B43: 1 | C43: =ROW(SmtRes!A64) -> 64 | D43: =ROW(EtalonRes!A64) -> 64 | E43: 5 | F43: 10-01-036-01 | G43: Установка уголков ПВХ на клее | H43: 100 м | I43: =ROUND(12.3/100,9) -> 0.123 | J43: 0 | O43: =ROUND(CP43,2) -> 76.45 | P43: =ROUND(CQ43*I43,2) -> 27.06 | Q43: =ROUND(CR43*I43,2) -> 0 | R43: =ROUND(CS43*I43,2) -> 0 | S43: =ROUND(CT43*I43,2) -> 49.39 | T43: =ROUND(CU43*I43,2) -> 0 | U43: =CV43*I43 -> 0.947715 | V43: =CW43*I43 -> 0 | W43: =ROUND(CX43*I43,2) -> 0 | X43: =ROUND(CY43,2) -> 52.35 | Y43: =ROUND(CZ43,2) -> 26.67 | AA43: 27935368 | AB43: =ROUND((AC43+AD43+AF43),2) -> 101.72 | AC43: =ROUND((ES43),2) -> 36 | AD43: =ROUND(((((ET43*1.25))-((EU43*1.25)))+AE43),2) -> 0 | AE43: =ROUND(((EU43*1.25)),2) -> 0 | AF43: =ROUND(((EV43*1.15)),2) -> 65.72 | AG43: =ROUND((AP43),2) -> 0 | AH43: =((EW43*1.15)) -> 7.705 | AI43: =((EX43*1.25)) -> 0 | AJ43: =(AS43) -> 0 | AK43: 93.15 | AL43: 36 | AM43: 0 | AN43: 0 | AO43: 57.15 | AP43: 0 | AQ43: 6.7 | AR43: 0 | AS43: 0 | AT43: 106 | AU43: 54 | AV43: 1 | AW43: 1 | AZ43: 6.11 | BA43: 6.11 | BB43: 6.11 | BC43: 6.11 | BH43: 0 | BI43: 1 | BJ43: ФЕР-2001, 10-01-036-01, приказ Минстроя России №1039/пр от 30.12.2016г. | BM43: 10001 | BN43: 0 | BP43: 0 | BQ43: 2 | BR43: 0 | BS43: 6.11 | BT43: 1 | BU43: 1 | BV43: 1 | BW43: 1 | BX43: 1 | BZ43: 118 | CA43: 63 | CE43: 0 | CF43: 0 | CG43: 0 | CM43: 0 | CN43: Поправка: МДС 81-35.2004, п.4.7 Наименование: Работы, выполняемые при реконструкции зданий и сооружений работы, аналогичные технологическим процессам в новом строительстве (в том числе возведение новых конструктивных элементов) стоимость которых определена по соответствующим сборникам ФЕР, кроме сборника № 46 «Работы при реконструкции зданий и сооружений» | CO43: 0 | CP43: =(P43+Q43+S43) -> 76.45 | CQ43: =AC43*BC43 -> 219.96 | CR43: =AD43*BB43 -> 0 | CS43: =AE43*BS43 -> 0 | CT43: =AF43*BA43 -> 401.5492 | CU43: =AG43 -> 0 | CV43: =AH43 -> 7.705 | CW43: =AI43 -> 0 | CX43: =AJ43 -> 0 | CY43: =(((S43+R43)*AT43)/100) -> 52.3534 | CZ43: =(((S43+R43)*AU43)/100) -> 26.6706 | DE43: )*1,25 | DF43: )*1,25 | DG43: )*1,15 | DI43: )*1,15 | DJ43: )*1,25 | DN43: 0 | DO43: 0 | DP43: 1 | DQ43: 1 | DU43: 1003 | DV43: 100 м | DW43: 100 м | DX43: 100 | EE43: 27029023 | EF43: 2 | EG43: Общестроительные работы | EH43: 0 | EJ43: 1 | EK43: 10001 | EL43: Деревянные конструкции | EM43: ФЕР-10 | EO43: Поправка: МДС 81-35.2004, п.4.7 | EQ43: 131072 | ER43: 93.15 | ES43: 36 | ET43: 0 | EU43: 0 | EV43: 57.15 | EW43: 6.7 | EX43: 0 | EY43: 0 | FQ43: 0 | FR43: =ROUND(IF(AND(BH43=3,BI43=3),P43,0),2) -> 0 | FS43: 0 | FT43: *0,9 | FU43: *0,85 | FX43: 106.2 | FY43: 53.55 | GD43: 0 | GF43: -1862938563 | GG43: 1 | GH43: 1 | GI43: 4 | GJ43: 0 | GK43: =ROUND(R43*(S12)/100,2) -> 0 | GL43: =ROUND(IF(AND(BH43=3,BI43=3,FS43<>0),P43,0),2) -> 0 | GM43: =ROUND(O43+X43+Y43+GK43,2)+GX43 -> 155.47 | GN43: =IF(OR(BI43=0,BI43=1),ROUND(O43+X43+Y43+GK43,2),0) -> 155.47 | GO43: =IF(BI43=2,ROUND(O43+X43+Y43+GK43,2),0) -> 0 | GP43: =IF(BI43=4,ROUND(O43+X43+Y43+GK43,2)+GX43,0) -> 0 | GR43: 0 | GS43: 3 | GT43: 0 | GV43: =ROUND((GT43),2) -> 0 | GW43: 1 | GX43: =ROUND(HC43*I43,2) -> 0 | HA43: 0 | HB43: 0 | HC43: =GV43*GW43 -> 0 | IK43: 0
A44: 18 | B44: 1 | C44: 60 | E44: 5,1 | F44: 11.3.03.13-0045 | G44: Уголок ПВХ, размером 30х30 мм | H44: 10 м | I44: =I42*J44 -> 1.23 | J44: 10 | O44: =ROUND(CP44,2) -> 39.85 | P44: =ROUND(CQ44*I44,2) -> 39.85 | Q44: =ROUND(CR44*I44,2) -> 0 | R44: =ROUND(CS44*I44,2) -> 0 | S44: =ROUND(CT44*I44,2) -> 0 | T44: =ROUND(CU44*I44,2) -> 0 | U44: =CV44*I44 -> 0 | V44: =CW44*I44 -> 0 | W44: =ROUND(CX44*I44,2) -> 0 | X44: =ROUND(CY44,2) -> 0 | Y44: =ROUND(CZ44,2) -> 0 | AA44: 27935367 | AB44: =ROUND((AC44+AD44+AF44),2) -> 32.4 | AC44: =ROUND((ES44),2) -> 32.4 | AD44: =ROUND((((ET44)-(EU44))+AE44),2) -> 0 | AE44: =ROUND((EU44),2) -> 0 | AF44: =ROUND((EV44),2) -> 0 | AG44: =ROUND((AP44),2) -> 0 | AH44: =(EW44) -> 0 | AI44: =(EX44) -> 0 | AJ44: =(AS44) -> 0 | AK44: 32.4 | AL44: 32.4 | AM44: 0 | AN44: 0 | AO44: 0 | AP44: 0 | AQ44: 0 | AR44: 0 | AS44: 0 | AT44: 106 | AU44: 54 | AV44: 1 | AW44: 1 | AZ44: 1 | BA44: 1 | BB44: 1 | BC44: 1 | BH44: 3 | BI44: 1 | BJ44: ФССЦ-2001, 11.3.03.13-0045, приказ Минстроя России №1039/пр от 30.12.2016г. | BM44: 10001 | BN44: 0 | BP44: 0 | BQ44: 2 | BR44: 0 | BS44: 1 | BT44: 1 | BU44: 1 | BV44: 1 | BW44: 1 | BX44: 1 | BZ44: 118 | CA44: 63 | CE44: 0 | CF44: 0 | CG44: 0 | CM44: 0 | CO44: 0 | CP44: =(P44+Q44+S44) -> 39.85 | CQ44: =AC44*BC44 -> 32.4 | CR44: =AD44*BB44 -> 0 | CS44: =AE44*BS44 -> 0 | CT44: =AF44*BA44 -> 0 | CU44: =AG44 -> 0 | CV44: =AH44 -> 0 | CW44: =AI44 -> 0 | CX44: =AJ44 -> 0 | CY44: =(((S44+R44)*AT44)/100) -> 0 | CZ44: =(((S44+R44)*AU44)/100) -> 0 | DN44: 0 | DO44: 0 | DP44: 1 | DQ44: 1 | DU44: 1003 | DV44: 10 м | DW44: 10 м | DX44: 10 | EE44: 27029023 | EF44: 2 | EG44: Общестроительные работы | EH44: 0 | EJ44: 1 | EK44: 10001 | EL44: Деревянные конструкции | EM44: ФЕР-10 | EQ44: 0 | ER44: 32.4 | ES44: 32.4 | ET44: 0 | EU44: 0 | EV44: 0 | EW44: 0 | EX44: 0 | FQ44: 0 | FR44: =ROUND(IF(AND(BH44=3,BI44=3),P44,0),2) -> 0 | FS44: 0 | FT44: *0,9 | FU44: *0,85 | FX44: 106.2 | FY44: 53.55 | GD44: 0 | GF44: -125809932 | GG44: 2 | GH44: 1 | GI44: -2 | GJ44: 0 | GK44: =ROUND(R44*(R12)/100,2) -> 0 | GL44: =ROUND(IF(AND(BH44=3,BI44=3,FS44<>0),P44,0),2) -> 0 | GM44: =ROUND(O44+X44+Y44+GK44,2)+GX44 -> 39.85 | GN44: =IF(OR(BI44=0,BI44=1),ROUND(O44+X44+Y44+GK44,2),0) -> 39.85 | GO44: =IF(BI44=2,ROUND(O44+X44+Y44+GK44,2),0) -> 0 | GP44: =IF(BI44=4,ROUND(O44+X44+Y44+GK44,2)+GX44,0) -> 0 | GR44: 0 | GS44: 3 | GT44: 0 | GV44: =ROUND((GT44),2) -> 0 | GW44: 1 | GX44: =ROUND(HC44*I44,2) -> 0 | HA44: 0 | HB44: 0 | HC44: =GV44*GW44 -> 0 | IK44: 0
A45: 18 | B45: 1 | C45: 63 | E45: 5,1 | F45: 11.3.03.13-0045 | G45: Уголок ПВХ, размером 30х30 мм | H45: 10 м | I45: =I43*J45 -> 1.23 | J45: 10 | O45: =ROUND(CP45,2) -> 243.5 | P45: =ROUND(CQ45*I45,2) -> 243.5 | Q45: =ROUND(CR45*I45,2) -> 0 | R45: =ROUND(CS45*I45,2) -> 0 | S45: =ROUND(CT45*I45,2) -> 0 | T45: =ROUND(CU45*I45,2) -> 0 | U45: =CV45*I45 -> 0 | V45: =CW45*I45 -> 0 | W45: =ROUND(CX45*I45,2) -> 0 | X45: =ROUND(CY45,2) -> 0 | Y45: =ROUND(CZ45,2) -> 0 | AA45: 27935368 | AB45: =ROUND((AC45+AD45+AF45),2) -> 32.4 | AC45: =ROUND((ES45),2) -> 32.4 | AD45: =ROUND((((ET45)-(EU45))+AE45),2) -> 0 | AE45: =ROUND((EU45),2) -> 0 | AF45: =ROUND((EV45),2) -> 0 | AG45: =ROUND((AP45),2) -> 0 | AH45: =(EW45) -> 0 | AI45: =(EX45) -> 0 | AJ45: =(AS45) -> 0 | AK45: 32.4 | AL45: 32.4 | AM45: 0 | AN45: 0 | AO45: 0 | AP45: 0 | AQ45: 0 | AR45: 0 | AS45: 0 | AT45: 106 | AU45: 54 | AV45: 1 | AW45: 1 | AZ45: 6.11 | BA45: 1 | BB45: 1 | BC45: 6.11 | BH45: 3 | BI45: 1 | BJ45: ФССЦ-2001, 11.3.03.13-0045, приказ Минстроя России №1039/пр от 30.12.2016г. | BM45: 10001 | BN45: 0 | BP45: 0 | BQ45: 2 | BR45: 0 | BS45: 1 | BT45: 1 | BU45: 1 | BV45: 1 | BW45: 1 | BX45: 1 | BZ45: 118 | CA45: 63 | CE45: 0 | CF45: 0 | CG45: 0 | CM45: 0 | CO45: 0 | CP45: =(P45+Q45+S45) -> 243.5 | CQ45: =AC45*BC45 -> 197.964 | CR45: =AD45*BB45 -> 0 | CS45: =AE45*BS45 -> 0 | CT45: =AF45*BA45 -> 0 | CU45: =AG45 -> 0 | CV45: =AH45 -> 0 | CW45: =AI45 -> 0 | CX45: =AJ45 -> 0 | CY45: =(((S45+R45)*AT45)/100) -> 0 | CZ45: =(((S45+R45)*AU45)/100) -> 0 | DN45: 0 | DO45: 0 | DP45: 1 | DQ45: 1 | DU45: 1003 | DV45: 10 м | DW45: 10 м | DX45: 10 | EE45: 27029023 | EF45: 2 | EG45: Общестроительные работы | EH45: 0 | EJ45: 1 | EK45: 10001 | EL45: Деревянные конструкции | EM45: ФЕР-10 | EQ45: 0 | ER45: 32.4 | ES45: 32.4 | ET45: 0 | EU45: 0 | EV45: 0 | EW45: 0 | EX45: 0 | FQ45: 0 | FR45: =ROUND(IF(AND(BH45=3,BI45=3),P45,0),2) -> 0 | FS45: 0 | FT45: *0,9 | FU45: *0,85 | FX45: 106.2 | FY45: 53.55 | GD45: 0 | GF45: -125809932 | GG45: 1 | GH45: 1 | GI45: 4 | GJ45: 0 | GK45: =ROUND(R45*(S12)/100,2) -> 0 | GL45: =ROUND(IF(AND(BH45=3,BI45=3,FS45<>0),P45,0),2) -> 0 | GM45: =ROUND(O45+X45+Y45+GK45,2)+GX45 -> 243.5 | GN45: =IF(OR(BI45=0,BI45=1),ROUND(O45+X45+Y45+GK45,2),0) -> 243.5 | GO45: =IF(BI45=2,ROUND(O45+X45+Y45+GK45,2),0) -> 0 | GP45: =IF(BI45=4,ROUND(O45+X45+Y45+GK45,2)+GX45,0) -> 0 | GR45: 0 | GS45: 3 | GT45: 0 | GV45: =ROUND((GT45),2) -> 0 | GW45: 1 | GX45: =ROUND(HC45*I45,2) -> 0 | HA45: 0 | HB45: 0 | HC45: =GV45*GW45 -> 0 | IK45: 0
A46: 17 | B46: 1 | C46: =ROW(SmtRes!A82) -> 82 | D46: =ROW(EtalonRes!A83) -> 83 | E46: 6 | F46: 09-06-001-02 | G46: Демонтаж лотков, решеток, затворов из полосовой и тонколистовой стали | H46: т | I46: 0.05 | J46: 0 | O46: =ROUND(CP46,2) -> 19.56 | P46: =ROUND(CQ46*I46,2) -> 0 | Q46: =ROUND(CR46*I46,2) -> 4.4 | R46: =ROUND(CS46*I46,2) -> 0.13 | S46: =ROUND(CT46*I46,2) -> 15.16 | T46: =ROUND(CU46*I46,2) -> 0 | U46: =CV46*I46 -> 1.77765 | V46: =CW46*I46 -> 0.01085 | W46: =ROUND(CX46*I46,2) -> 0 | X46: =ROUND(CY46,2) -> 12.38 | Y46: =ROUND(CZ46,2) -> 11.01 | AA46: 27935367 | AB46: =ROUND((AC46+AD46+AF46),2) -> 391.33 | AC46: =ROUND(((ES46*0)),2) -> 0 | AD46: =ROUND(((((ET46*0.7))-((EU46*0.7)))+AE46),2) -> 88.06 | AE46: =ROUND(((EU46*0.7)),2) -> 2.67 | AF46: =ROUND(((EV46*0.7)),2) -> 303.27 | AG46: =ROUND((AP46),2) -> 0 | AH46: =((EW46*0.7)) -> 35.553 | AI46: =((EX46*0.7)) -> 0.217 | AJ46: =(AS46) -> 0 | AK46: 641 | AL46: 81.96 | AM46: 125.8 | AN46: 3.82 | AO46: 433.24 | AP46: 0 | AQ46: 50.79 | AR46: 0.31 | AS46: 0 | AT46: 81 | AU46: 72 | AV46: 1 | AW46: 1 | AZ46: 1 | BA46: 1 | BB46: 1 | BC46: 1 | BH46: 0 | BI46: 1 | BJ46: ФЕР-2001, 09-06-001-02, приказ Минстроя России №1039/пр от 30.12.2016г. | BM46: 9001 | BN46: 0 | BP46: 0 | BQ46: 2 | BR46: 0 | BS46: 1 | BT46: 1 | BU46: 1 | BV46: 1 | BW46: 1 | BX46: 1 | BZ46: 90 | CA46: 85 | CE46: 0 | CF46: 0 | CG46: 0 | CM46: 0 | CN46: Поправка: МДС 81-36.2004, п.3.3.1.д Наименование: При демонтаже металлических конструкций | CO46: 0 | CP46: =(P46+Q46+S46) -> 19.56 | CQ46: =AC46*BC46 -> 0 | CR46: =AD46*BB46 -> 88.06 | CS46: =AE46*BS46 -> 2.67 | CT46: =AF46*BA46 -> 303.27 | CU46: =AG46 -> 0 | CV46: =AH46 -> 35.553 | CW46: =AI46 -> 0.217 | CX46: =AJ46 -> 0 | CY46: =(((S46+R46)*AT46)/100) -> 12.3849 | CZ46: =(((S46+R46)*AU46)/100) -> 11.0088 | DD46: )*0 | DE46: )*0,7 | DF46: )*0,7 | DG46: )*0,7 | DI46: )*0,7 | DJ46: )*0,7 | DN46: 0 | DO46: 0 | DP46: 1 | DQ46: 1 | DU46: 1009 | DV46: т | DW46: т | DX46: 1000 | EE46: 27029022 | EF46: 2 | EG46: Общестроительные работы | EH46: 0 | EJ46: 1 | EK46: 9001 | EL46: Металлические конструкции | EM46: ФЕР-09 | EO46: Поправка: МДС 81-36.2004, п.3.3.1.д | EQ46: 131072 | ER46: 641 | ES46: 81.96 | ET46: 125.8 | EU46: 3.82 | EV46: 433.24 | EW46: 50.79 | EX46: 0.31 | EY46: 0 | FQ46: 0 | FR46: =ROUND(IF(AND(BH46=3,BI46=3),P46,0),2) -> 0 | FS46: 0 | FT46: *0,9 | FU46: *0,85 | FX46: 81 | FY46: 72.25 | GD46: 0 | GF46: 1491610335 | GG46: 2 | GH46: 1 | GI46: -2 | GJ46: 0 | GK46: =ROUND(R46*(R12)/100,2) -> 0 | GL46: =ROUND(IF(AND(BH46=3,BI46=3,FS46<>0),P46,0),2) -> 0 | GM46: =ROUND(O46+X46+Y46+GK46,2)+GX46 -> 42.95 | GN46: =IF(OR(BI46=0,BI46=1),ROUND(O46+X46+Y46+GK46,2),0) -> 42.95 | GO46: =IF(BI46=2,ROUND(O46+X46+Y46+GK46,2),0) -> 0 | GP46: =IF(BI46=4,ROUND(O46+X46+Y46+GK46,2)+GX46,0) -> 0 | GR46: 0 | GS46: 3 | GT46: 0 | GV46: =ROUND((GT46),2) -> 0 | GW46: 1 | GX46: =ROUND(HC46*I46,2) -> 0 | HA46: 0 | HB46: 0 | HC46: =GV46*GW46 -> 0 | IK46: 0
A47: 17 | B47: 1 | C47: =ROW(SmtRes!A100) -> 100 | D47: =ROW(EtalonRes!A102) -> 102 | E47: 6 | F47: 09-06-001-02 | G47: Демонтаж лотков, решеток, затворов из полосовой и тонколистовой стали | H47: т | I47: 0.05 | J47: 0 | O47: =ROUND(CP47,2) -> 119.55 | P47: =ROUND(CQ47*I47,2) -> 0 | Q47: =ROUND(CR47*I47,2) -> 26.9 | R47: =ROUND(CS47*I47,2) -> 0.82 | S47: =ROUND(CT47*I47,2) -> 92.65 | T47: =ROUND(CU47*I47,2) -> 0 | U47: =CV47*I47 -> 1.77765 | V47: =CW47*I47 -> 0.01085 | W47: =ROUND(CX47*I47,2) -> 0 | X47: =ROUND(CY47,2) -> 75.71 | Y47: =ROUND(CZ47,2) -> 67.3 | AA47: 27935368 | AB47: =ROUND((AC47+AD47+AF47),2) -> 391.33 | AC47: =ROUND(((ES47*0)),2) -> 0 | AD47: =ROUND(((((ET47*0.7))-((EU47*0.7)))+AE47),2) -> 88.06 | AE47: =ROUND(((EU47*0.7)),2) -> 2.67 | AF47: =ROUND(((EV47*0.7)),2) -> 303.27 | AG47: =ROUND((AP47),2) -> 0 | AH47: =((EW47*0.7)) -> 35.553 | AI47: =((EX47*0.7)) -> 0.217 | AJ47: =(AS47) -> 0 | AK47: 641 | AL47: 81.96 | AM47: 125.8 | AN47: 3.82 | AO47: 433.24 | AP47: 0 | AQ47: 50.79 | AR47: 0.31 | AS47: 0 | AT47: 81 | AU47: 72 | AV47: 1 | AW47: 1 | AZ47: 6.11 | BA47: 6.11 | BB47: 6.11 | BC47: 6.11 | BH47: 0 | BI47: 1 | BJ47: ФЕР-2001, 09-06-001-02, приказ Минстроя России №1039/пр от 30.12.2016г. | BM47: 9001 | BN47: 0 | BP47: 0 | BQ47: 2 | BR47: 0 | BS47: 6.11 | BT47: 1 | BU47: 1 | BV47: 1 | BW47: 1 | BX47: 1 | BZ47: 90 | CA47: 85 | CE47: 0 | CF47: 0 | CG47: 0 | CM47: 0 | CN47: Поправка: МДС 81-36.2004, п.3.3.1.д Наименование: При демонтаже металлических конструкций | CO47: 0 | CP47: =(P47+Q47+S47) -> 119.55 | CQ47: =AC47*BC47 -> 0 | CR47: =AD47*BB47 -> 538.0466 | CS47: =AE47*BS47 -> 16.3137 | CT47: =AF47*BA47 -> 1852.9797 | CU47: =AG47 -> 0 | CV47: =AH47 -> 35.553 | CW47: =AI47 -> 0.217 | CX47: =AJ47 -> 0 | CY47: =(((S47+R47)*AT47)/100) -> 75.7107 | CZ47: =(((S47+R47)*AU47)/100) -> 67.2984 | DD47: )*0 | DE47: )*0,7 | DF47: )*0,7 | DG47: )*0,7 | DI47: )*0,7 | DJ47: )*0,7 | DN47: 0 | DO47: 0 | DP47: 1 | DQ47: 1 | DU47: 1009 | DV47: т | DW47: т | DX47: 1000 | EE47: 27029022 | EF47: 2 | EG47: Общестроительные работы | EH47: 0 | EJ47: 1 | EK47: 9001 | EL47: Металлические конструкции | EM47: ФЕР-09 | EO47: Поправка: МДС 81-36.2004, п.3.3.1.д | EQ47: 131072 | ER47: 641 | ES47: 81.96 | ET47: 125.8 | EU47: 3.82 | EV47: 433.24 | EW47: 50.79 | EX47: 0.31 | EY47: 0 | FQ47: 0 | FR47: =ROUND(IF(AND(BH47=3,BI47=3),P47,0),2) -> 0 | FS47: 0 | FT47: *0,9 | FU47: *0,85 | FX47: 81 | FY47: 72.25 | GD47: 0 | GF47: 1491610335 | GG47: 1 | GH47: 1 | GI47: 4 | GJ47: 0 | GK47: =ROUND(R47*(S12)/100,2) -> 0 | GL47: =ROUND(IF(AND(BH47=3,BI47=3,FS47<>0),P47,0),2) -> 0 | GM47: =ROUND(O47+X47+Y47+GK47,2)+GX47 -> 262.56 | GN47: =IF(OR(BI47=0,BI47=1),ROUND(O47+X47+Y47+GK47,2),0) -> 262.56 | GO47: =IF(BI47=2,ROUND(O47+X47+Y47+GK47,2),0) -> 0 | GP47: =IF(BI47=4,ROUND(O47+X47+Y47+GK47,2)+GX47,0) -> 0 | GR47: 0 | GS47: 3 | GT47: 0 | GV47: =ROUND((GT47),2) -> 0 | GW47: 1 | GX47: =ROUND(HC47*I47,2) -> 0 | HA47: 0 | HB47: 0 | HC47: =GV47*GW47 -> 0 | IK47: 0
A48: 17 | B48: 1 | C48: =ROW(SmtRes!A108) -> 108 | D48: =ROW(EtalonRes!A110) -> 110 | E48: 7 | F48: 58-20-1 | G48: Смена обделок из листовой стали (поясков, сандриков, отливов, карнизов) шириной до 0,4 м | H48: 100 м | I48: =ROUND(2.8/100,9) -> 0.028 | J48: 0 | O48: =ROUND(CP48,2) -> 12.72 | P48: =ROUND(CQ48*I48,2) -> 2.69 | Q48: =ROUND(CR48*I48,2) -> 0.14 | R48: =ROUND(CS48*I48,2) -> 0.04 | S48: =ROUND(CT48*I48,2) -> 9.89 | T48: =ROUND(CU48*I48,2) -> 0 | U48: =CV48*I48 -> 1.15948 | V48: =CW48*I48 -> 0.00336 | W48: =ROUND(CX48*I48,2) -> 0 | X48: =ROUND(CY48,2) -> 8.24 | Y48: =ROUND(CZ48,2) -> 6.45 | AA48: 27935367 | AB48: =ROUND((AC48+AD48+AF48),2) -> 454.41 | AC48: =ROUND((ES48),2) -> 96.05 | AD48: =ROUND((((ET48)-(EU48))+AE48),2) -> 5.13 | AE48: =ROUND((EU48),2) -> 1.54 | AF48: =ROUND((EV48),2) -> 353.23 | AG48: =ROUND((AP48),2) -> 0 | AH48: =(EW48) -> 41.41 | AI48: =(EX48) -> 0.12 | AJ48: =(AS48) -> 0 | AK48: 454.41 | AL48: 96.05 | AM48: 5.13 | AN48: 1.54 | AO48: 353.23 | AP48: 0 | AQ48: 41.41 | AR48: 0.12 | AS48: 0 | AT48: 83 | AU48: 65 | AV48: 1 | AW48: 1 | AZ48: 1 | BA48: 1 | BB48: 1 | BC48: 1 | BH48: 0 | BI48: 1 | BJ48: ФЕРр-2001, 58-20-1, приказ Минстроя России №1039/пр от 30.12.2016г. | BM48: 58001 | BN48: 0 | BP48: 0 | BQ48: 6 | BR48: 0 | BS48: 1 | BT48: 1 | BU48: 1 | BV48: 1 | BW48: 1 | BX48: 1 | BZ48: 83 | CA48: 65 | CE48: 0 | CF48: 0 | CG48: 0 | CM48: 0 | CO48: 0 | CP48: =(P48+Q48+S48) -> 12.72 | CQ48: =AC48*BC48 -> 96.05 | CR48: =AD48*BB48 -> 5.13 | CS48: =AE48*BS48 -> 1.54 | CT48: =AF48*BA48 -> 353.23 | CU48: =AG48 -> 0 | CV48: =AH48 -> 41.41 | CW48: =AI48 -> 0.12 | CX48: =AJ48 -> 0 | CY48: =(((S48+R48)*AT48)/100) -> 8.2419 | CZ48: =(((S48+R48)*AU48)/100) -> 6.4545 | DN48: 0 | DO48: 0 | DP48: 1 | DQ48: 1 | DU48: 1003 | DV48: 100 м | DW48: 100 м | DX48: 100 | EE48: 27029103 | EF48: 6 | EG48: Ремонтно-строительные работы | EH48: 0 | EJ48: 1 | EK48: 58001 | EL48: Крыши, кровля | EM48: рФЕР-58 | EQ48: 131072 | ER48: 454.41 | ES48: 96.05 | ET48: 5.13 | EU48: 1.54 | EV48: 353.23 | EW48: 41.41 | EX48: 0.12 | EY48: 0 | FQ48: 0 | FR48: =ROUND(IF(AND(BH48=3,BI48=3),P48,0),2) -> 0 | FS48: 0 | FX48: 83 | FY48: 65 | GD48: 0 | GF48: 1476584102 | GG48: 2 | GH48: 1 | GI48: -2 | GJ48: 0 | GK48: =ROUND(R48*(R12)/100,2) -> 0 | GL48: =ROUND(IF(AND(BH48=3,BI48=3,FS48<>0),P48,0),2) -> 0 | GM48: =ROUND(O48+X48+Y48+GK48,2)+GX48 -> 27.41 | GN48: =IF(OR(BI48=0,BI48=1),ROUND(O48+X48+Y48+GK48,2),0) -> 27.41 | GO48: =IF(BI48=2,ROUND(O48+X48+Y48+GK48,2),0) -> 0 | GP48: =IF(BI48=4,ROUND(O48+X48+Y48+GK48,2)+GX48,0) -> 0 | GR48: 0 | GS48: 3 | GT48: 0 | GV48: =ROUND((GT48),2) -> 0 | GW48: 1 | GX48: =ROUND(HC48*I48,2) -> 0 | HA48: 0 | HB48: 0 | HC48: =GV48*GW48 -> 0 | IK48: 0
A49: 17 | B49: 1 | C49: =ROW(SmtRes!A116) -> 116 | D49: =ROW(EtalonRes!A118) -> 118 | E49: 7 | F49: 58-20-1 | G49: Смена обделок из листовой стали (поясков, сандриков, отливов, карнизов) шириной до 0,4 м | H49: 100 м | I49: =ROUND(2.8/100,9) -> 0.028 | J49: 0 | O49: =ROUND(CP49,2) -> 77.74 | P49: =ROUND(CQ49*I49,2) -> 16.43 | Q49: =ROUND(CR49*I49,2) -> 0.88 | R49: =ROUND(CS49*I49,2) -> 0.26 | S49: =ROUND(CT49*I49,2) -> 60.43 | T49: =ROUND(CU49*I49,2) -> 0 | U49: =CV49*I49 -> 1.15948 | V49: =CW49*I49 -> 0.00336 | W49: =ROUND(CX49*I49,2) -> 0 | X49: =ROUND(CY49,2) -> 50.37 | Y49: =ROUND(CZ49,2) -> 39.45 | AA49: 27935368 | AB49: =ROUND((AC49+AD49+AF49),2) -> 454.41 | AC49: =ROUND((ES49),2) -> 96.05 | AD49: =ROUND((((ET49)-(EU49))+AE49),2) -> 5.13 | AE49: =ROUND((EU49),2) -> 1.54 | AF49: =ROUND((EV49),2) -> 353.23 | AG49: =ROUND((AP49),2) -> 0 | AH49: =(EW49) -> 41.41 | AI49: =(EX49) -> 0.12 | AJ49: =(AS49) -> 0 | AK49: 454.41 | AL49: 96.05 | AM49: 5.13 | AN49: 1.54 | AO49: 353.23 | AP49: 0 | AQ49: 41.41 | AR49: 0.12 | AS49: 0 | AT49: 83 | AU49: 65 | AV49: 1 | AW49: 1 | AZ49: 6.11 | BA49: 6.11 | BB49: 6.11 | BC49: 6.11 | BH49: 0 | BI49: 1 | BJ49: ФЕРр-2001, 58-20-1, приказ Минстроя России №1039/пр от 30.12.2016г. | BM49: 58001 | BN49: 0 | BP49: 0 | BQ49: 6 | BR49: 0 | BS49: 6.11 | BT49: 1 | BU49: 1 | BV49: 1 | BW49: 1 | BX49: 1 | BZ49: 83 | CA49: 65 | CE49: 0 | CF49: 0 | CG49: 0 | CM49: 0 | CO49: 0 | CP49: =(P49+Q49+S49) -> 77.74 | CQ49: =AC49*BC49 -> 586.8655 | CR49: =AD49*BB49 -> 31.3443 | CS49: =AE49*BS49 -> 9.4094 | CT49: =AF49*BA49 -> 2158.2353 | CU49: =AG49 -> 0 | CV49: =AH49 -> 41.41 | CW49: =AI49 -> 0.12 | CX49: =AJ49 -> 0 | CY49: =(((S49+R49)*AT49)/100) -> 50.3727 | CZ49: =(((S49+R49)*AU49)/100) -> 39.4485 | DN49: 0 | DO49: 0 | DP49: 1 | DQ49: 1 | DU49: 1003 | DV49: 100 м | DW49: 100 м | DX49: 100 | EE49: 27029103 | EF49: 6 | EG49: Ремонтно-строительные работы | EH49: 0 | EJ49: 1 | EK49: 58001 | EL49: Крыши, кровля | EM49: рФЕР-58 | EQ49: 131072 | ER49: 454.41 | ES49: 96.05 | ET49: 5.13 | EU49: 1.54 | EV49: 353.23 | EW49: 41.41 | EX49: 0.12 | EY49: 0 | FQ49: 0 | FR49: =ROUND(IF(AND(BH49=3,BI49=3),P49,0),2) -> 0 | FS49: 0 | FX49: 83 | FY49: 65 | GD49: 0 | GF49: 1476584102 | GG49: 1 | GH49: 1 | GI49: 4 | GJ49: 0 | GK49: =ROUND(R49*(S12)/100,2) -> 0 | GL49: =ROUND(IF(AND(BH49=3,BI49=3,FS49<>0),P49,0),2) -> 0 | GM49: =ROUND(O49+X49+Y49+GK49,2)+GX49 -> 167.56 | GN49: =IF(OR(BI49=0,BI49=1),ROUND(O49+X49+Y49+GK49,2),0) -> 167.56 | GO49: =IF(BI49=2,ROUND(O49+X49+Y49+GK49,2),0) -> 0 | GP49: =IF(BI49=4,ROUND(O49+X49+Y49+GK49,2)+GX49,0) -> 0 | GR49: 0 | GS49: 3 | GT49: 0 | GV49: =ROUND((GT49),2) -> 0 | GW49: 1 | GX49: =ROUND(HC49*I49,2) -> 0 | HA49: 0 | HB49: 0 | HC49: =GV49*GW49 -> 0 | IK49: 0
A50: 18 | B50: 1 | C50: 108 | E50: 7,1 | F50: 08.3.05.05 | G50: Сталь листовая оцинкованная | H50: т | I50: =I48*J50 -> 0.005152 | J50: 0.184 | O50: =ROUND(CP50,2) -> 0 | P50: =ROUND(CQ50*I50,2) -> 0 | Q50: =ROUND(CR50*I50,2) -> 0 | R50: =ROUND(CS50*I50,2) -> 0 | S50: =ROUND(CT50*I50,2) -> 0 | T50: =ROUND(CU50*I50,2) -> 0 | U50: =CV50*I50 -> 0 | V50: =CW50*I50 -> 0 | W50: =ROUND(CX50*I50,2) -> 0 | X50: =ROUND(CY50,2) -> 0 | Y50: =ROUND(CZ50,2) -> 0 | AA50: 27935367 | AB50: =ROUND((AC50+AD50+AF50),2) -> 0 | AC50: =ROUND((ES50),2) -> 0 | AD50: =ROUND((((ET50)-(EU50))+AE50),2) -> 0 | AE50: =ROUND((EU50),2) -> 0 | AF50: =ROUND((EV50),2) -> 0 | AG50: =ROUND((AP50),2) -> 0 | AH50: =(EW50) -> 0 | AI50: =(EX50) -> 0 | AJ50: =(AS50) -> 0 | AK50: 0 | AL50: 0 | AM50: 0 | AN50: 0 | AO50: 0 | AP50: 0 | AQ50: 0 | AR50: 0 | AS50: 0 | AT50: 83 | AU50: 65 | AV50: 1 | AW50: 1 | AZ50: 1 | BA50: 1 | BB50: 1 | BC50: 1 | BH50: 3 | BI50: 1 | BM50: 58001 | BN50: 0 | BP50: 0 | BQ50: 6 | BR50: 0 | BS50: 1 | BT50: 1 | BU50: 1 | BV50: 1 | BW50: 1 | BX50: 1 | BZ50: 83 | CA50: 65 | CE50: 0 | CF50: 0 | CG50: 0 | CM50: 0 | CO50: 0 | CP50: =(P50+Q50+S50) -> 0 | CQ50: =AC50*BC50 -> 0 | CR50: =AD50*BB50 -> 0 | CS50: =AE50*BS50 -> 0 | CT50: =AF50*BA50 -> 0 | CU50: =AG50 -> 0 | CV50: =AH50 -> 0 | CW50: =AI50 -> 0 | CX50: =AJ50 -> 0 | CY50: =(((S50+R50)*AT50)/100) -> 0 | CZ50: =(((S50+R50)*AU50)/100) -> 0 | DN50: 0 | DO50: 0 | DP50: 1 | DQ50: 1 | DU50: 1009 | DV50: т | DW50: т | DX50: 1000 | EE50: 27029103 | EF50: 6 | EG50: Ремонтно-строительные работы | EH50: 0 | EJ50: 1 | EK50: 58001 | EL50: Крыши, кровля | EM50: рФЕР-58 | EQ50: 0 | ER50: 0 | ES50: 0 | ET50: 0 | EU50: 0 | EV50: 0 | EW50: 0 | EX50: 0 | FQ50: 0 | FR50: =ROUND(IF(AND(BH50=3,BI50=3),P50,0),2) -> 0 | FS50: 0 | FX50: 83 | FY50: 65 | GD50: 0 | GF50: 789990620 | GG50: 2 | GH50: 1 | GI50: -2 | GJ50: 0 | GK50: =ROUND(R50*(R12)/100,2) -> 0 | GL50: =ROUND(IF(AND(BH50=3,BI50=3,FS50<>0),P50,0),2) -> 0 | GM50: =ROUND(O50+X50+Y50+GK50,2)+GX50 -> 0 | GN50: =IF(OR(BI50=0,BI50=1),ROUND(O50+X50+Y50+GK50,2),0) -> 0 | GO50: =IF(BI50=2,ROUND(O50+X50+Y50+GK50,2),0) -> 0 | GP50: =IF(BI50=4,ROUND(O50+X50+Y50+GK50,2)+GX50,0) -> 0 | GR50: 0 | GS50: 3 | GT50: 0 | GV50: =ROUND((GT50),2) -> 0 | GW50: 1 | GX50: =ROUND(HC50*I50,2) -> 0 | HA50: 0 | HB50: 0 | HC50: =GV50*GW50 -> 0 | IK50: 0
A51: 18 | B51: 1 | C51: 116 | E51: 7,1 | F51: 08.3.05.05 | G51: Сталь листовая оцинкованная | H51: т | I51: =I49*J51 -> 0.005152 | J51: 0.184 | O51: =ROUND(CP51,2) -> 0 | P51: =ROUND(CQ51*I51,2) -> 0 | Q51: =ROUND(CR51*I51,2) -> 0 | R51: =ROUND(CS51*I51,2) -> 0 | S51: =ROUND(CT51*I51,2) -> 0 | T51: =ROUND(CU51*I51,2) -> 0 | U51: =CV51*I51 -> 0 | V51: =CW51*I51 -> 0 | W51: =ROUND(CX51*I51,2) -> 0 | X51: =ROUND(CY51,2) -> 0 | Y51: =ROUND(CZ51,2) -> 0 | AA51: 27935368 | AB51: =ROUND((AC51+AD51+AF51),2) -> 0 | AC51: =ROUND((ES51),2) -> 0 | AD51: =ROUND((((ET51)-(EU51))+AE51),2) -> 0 | AE51: =ROUND((EU51),2) -> 0 | AF51: =ROUND((EV51),2) -> 0 | AG51: =ROUND((AP51),2) -> 0 | AH51: =(EW51) -> 0 | AI51: =(EX51) -> 0 | AJ51: =(AS51) -> 0 | AK51: 0 | AL51: 0 | AM51: 0 | AN51: 0 | AO51: 0 | AP51: 0 | AQ51: 0 | AR51: 0 | AS51: 0 | AT51: 83 | AU51: 65 | AV51: 1 | AW51: 1 | AZ51: 6.11 | BA51: 1 | BB51: 1 | BC51: 6.11 | BH51: 3 | BI51: 1 | BM51: 58001 | BN51: 0 | BP51: 0 | BQ51: 6 | BR51: 0 | BS51: 1 | BT51: 1 | BU51: 1 | BV51: 1 | BW51: 1 | BX51: 1 | BZ51: 83 | CA51: 65 | CE51: 0 | CF51: 0 | CG51: 0 | CM51: 0 | CO51: 0 | CP51: =(P51+Q51+S51) -> 0 | CQ51: =AC51*BC51 -> 0 | CR51: =AD51*BB51 -> 0 | CS51: =AE51*BS51 -> 0 | CT51: =AF51*BA51 -> 0 | CU51: =AG51 -> 0 | CV51: =AH51 -> 0 | CW51: =AI51 -> 0 | CX51: =AJ51 -> 0 | CY51: =(((S51+R51)*AT51)/100) -> 0 | CZ51: =(((S51+R51)*AU51)/100) -> 0 | DN51: 0 | DO51: 0 | DP51: 1 | DQ51: 1 | DU51: 1009 | DV51: т | DW51: т | DX51: 1000 | EE51: 27029103 | EF51: 6 | EG51: Ремонтно-строительные работы | EH51: 0 | EJ51: 1 | EK51: 58001 | EL51: Крыши, кровля | EM51: рФЕР-58 | EQ51: 0 | ER51: 0 | ES51: 0 | ET51: 0 | EU51: 0 | EV51: 0 | EW51: 0 | EX51: 0 | FQ51: 0 | FR51: =ROUND(IF(AND(BH51=3,BI51=3),P51,0),2) -> 0 | FS51: 0 | FX51: 83 | FY51: 65 | GD51: 0 | GF51: 789990620 | GG51: 1 | GH51: 1 | GI51: 4 | GJ51: 0 | GK51: =ROUND(R51*(S12)/100,2) -> 0 | GL51: =ROUND(IF(AND(BH51=3,BI51=3,FS51<>0),P51,0),2) -> 0 | GM51: =ROUND(O51+X51+Y51+GK51,2)+GX51 -> 0 | GN51: =IF(OR(BI51=0,BI51=1),ROUND(O51+X51+Y51+GK51,2),0) -> 0 | GO51: =IF(BI51=2,ROUND(O51+X51+Y51+GK51,2),0) -> 0 | GP51: =IF(BI51=4,ROUND(O51+X51+Y51+GK51,2)+GX51,0) -> 0 | GR51: 0 | GS51: 3 | GT51: 0 | GV51: =ROUND((GT51),2) -> 0 | GW51: 1 | GX51: =ROUND(HC51*I51,2) -> 0 | HA51: 0 | HB51: 0 | HC51: =GV51*GW51 -> 0 | IK51: 0
A52: 18 | B52: 1 | C52: 106 | E52: 7,2 | F52: 08.1.02.03-0021 | G52: Водоотлив оконный шириной планки 200 мм из оцинкованной стали с полимерным покрытием прим. | H52: П.М | I52: =I48*J52 -> 2.8 | J52: 100 | O52: =ROUND(CP52,2) -> 73.95 | P52: =ROUND(CQ52*I52,2) -> 73.95 | Q52: =ROUND(CR52*I52,2) -> 0 | R52: =ROUND(CS52*I52,2) -> 0 | S52: =ROUND(CT52*I52,2) -> 0 | T52: =ROUND(CU52*I52,2) -> 0 | U52: =CV52*I52 -> 0 | V52: =CW52*I52 -> 0 | W52: =ROUND(CX52*I52,2) -> 0 | X52: =ROUND(CY52,2) -> 0 | Y52: =ROUND(CZ52,2) -> 0 | AA52: 27935367 | AB52: =ROUND((AC52+AD52+AF52),2) -> 26.41 | AC52: =ROUND((ES52),2) -> 26.41 | AD52: =ROUND((((ET52)-(EU52))+AE52),2) -> 0 | AE52: =ROUND((EU52),2) -> 0 | AF52: =ROUND((EV52),2) -> 0 | AG52: =ROUND((AP52),2) -> 0 | AH52: =(EW52) -> 0 | AI52: =(EX52) -> 0 | AJ52: =(AS52) -> 0 | AK52: 26.41 | AL52: 26.41 | AM52: 0 | AN52: 0 | AO52: 0 | AP52: 0 | AQ52: 0 | AR52: 0 | AS52: 0 | AT52: 83 | AU52: 65 | AV52: 1 | AW52: 1 | AZ52: 1 | BA52: 1 | BB52: 1 | BC52: 1 | BH52: 3 | BI52: 1 | BJ52: ФССЦ-2001, 08.1.02.03-0021, приказ Минстроя России №1039/пр от 30.12.2016г. | BM52: 58001 | BN52: 0 | BP52: 0 | BQ52: 6 | BR52: 0 | BS52: 1 | BT52: 1 | BU52: 1 | BV52: 1 | BW52: 1 | BX52: 1 | BZ52: 83 | CA52: 65 | CE52: 0 | CF52: 0 | CG52: 0 | CM52: 0 | CO52: 0 | CP52: =(P52+Q52+S52) -> 73.95 | CQ52: =AC52*BC52 -> 26.41 | CR52: =AD52*BB52 -> 0 | CS52: =AE52*BS52 -> 0 | CT52: =AF52*BA52 -> 0 | CU52: =AG52 -> 0 | CV52: =AH52 -> 0 | CW52: =AI52 -> 0 | CX52: =AJ52 -> 0 | CY52: =(((S52+R52)*AT52)/100) -> 0 | CZ52: =(((S52+R52)*AU52)/100) -> 0 | DN52: 0 | DO52: 0 | DP52: 1 | DQ52: 1 | DU52: 1013 | DV52: П.М | DW52: П.М | DX52: 1 | EE52: 27029103 | EF52: 6 | EG52: Ремонтно-строительные работы | EH52: 0 | EJ52: 1 | EK52: 58001 | EL52: Крыши, кровля | EM52: рФЕР-58 | EQ52: 0 | ER52: 26.41 | ES52: 26.41 | ET52: 0 | EU52: 0 | EV52: 0 | EW52: 0 | EX52: 0 | FQ52: 0 | FR52: =ROUND(IF(AND(BH52=3,BI52=3),P52,0),2) -> 0 | FS52: 0 | FX52: 83 | FY52: 65 | GD52: 0 | GF52: -892718151 | GG52: 2 | GH52: 1 | GI52: -2 | GJ52: 0 | GK52: =ROUND(R52*(R12)/100,2) -> 0 | GL52: =ROUND(IF(AND(BH52=3,BI52=3,FS52<>0),P52,0),2) -> 0 | GM52: =ROUND(O52+X52+Y52+GK52,2)+GX52 -> 73.95 | GN52: =IF(OR(BI52=0,BI52=1),ROUND(O52+X52+Y52+GK52,2),0) -> 73.95 | GO52: =IF(BI52=2,ROUND(O52+X52+Y52+GK52,2),0) -> 0 | GP52: =IF(BI52=4,ROUND(O52+X52+Y52+GK52,2)+GX52,0) -> 0 | GR52: 0 | GS52: 3 | GT52: 0 | GV52: =ROUND((GT52),2) -> 0 | GW52: 1 | GX52: =ROUND(HC52*I52,2) -> 0 | HA52: 0 | HB52: 0 | HC52: =GV52*GW52 -> 0 | IK52: 0
A53: 18 | B53: 1 | C53: 114 | E53: 7,2 | F53: 08.1.02.03-0021 | G53: Водоотлив оконный шириной планки 200 мм из оцинкованной стали с полимерным покрытием прим. | H53: П.М | I53: =I49*J53 -> 2.8 | J53: 100 | O53: =ROUND(CP53,2) -> 451.82 | P53: =ROUND(CQ53*I53,2) -> 451.82 | Q53: =ROUND(CR53*I53,2) -> 0 | R53: =ROUND(CS53*I53,2) -> 0 | S53: =ROUND(CT53*I53,2) -> 0 | T53: =ROUND(CU53*I53,2) -> 0 | U53: =CV53*I53 -> 0 | V53: =CW53*I53 -> 0 | W53: =ROUND(CX53*I53,2) -> 0 | X53: =ROUND(CY53,2) -> 0 | Y53: =ROUND(CZ53,2) -> 0 | AA53: 27935368 | AB53: =ROUND((AC53+AD53+AF53),2) -> 26.41 | AC53: =ROUND((ES53),2) -> 26.41 | AD53: =ROUND((((ET53)-(EU53))+AE53),2) -> 0 | AE53: =ROUND((EU53),2) -> 0 | AF53: =ROUND((EV53),2) -> 0 | AG53: =ROUND((AP53),2) -> 0 | AH53: =(EW53) -> 0 | AI53: =(EX53) -> 0 | AJ53: =(AS53) -> 0 | AK53: 26.41 | AL53: 26.41 | AM53: 0 | AN53: 0 | AO53: 0 | AP53: 0 | AQ53: 0 | AR53: 0 | AS53: 0 | AT53: 83 | AU53: 65 | AV53: 1 | AW53: 1 | AZ53: 6.11 | BA53: 1 | BB53: 1 | BC53: 6.11 | BH53: 3 | BI53: 1 | BJ53: ФССЦ-2001, 08.1.02.03-0021, приказ Минстроя России №1039/пр от 30.12.2016г. | BM53: 58001 | BN53: 0 | BP53: 0 | BQ53: 6 | BR53: 0 | BS53: 1 | BT53: 1 | BU53: 1 | BV53: 1 | BW53: 1 | BX53: 1 | BZ53: 83 | CA53: 65 | CE53: 0 | CF53: 0 | CG53: 0 | CM53: 0 | CO53: 0 | CP53: =(P53+Q53+S53) -> 451.82 | CQ53: =AC53*BC53 -> 161.3651 | CR53: =AD53*BB53 -> 0 | CS53: =AE53*BS53 -> 0 | CT53: =AF53*BA53 -> 0 | CU53: =AG53 -> 0 | CV53: =AH53 -> 0 | CW53: =AI53 -> 0 | CX53: =AJ53 -> 0 | CY53: =(((S53+R53)*AT53)/100) -> 0 | CZ53: =(((S53+R53)*AU53)/100) -> 0 | DN53: 0 | DO53: 0 | DP53: 1 | DQ53: 1 | DU53: 1013 | DV53: П.М | DW53: П.М | DX53: 1 | EE53: 27029103 | EF53: 6 | EG53: Ремонтно-строительные работы | EH53: 0 | EJ53: 1 | EK53: 58001 | EL53: Крыши, кровля | EM53: рФЕР-58 | EQ53: 0 | ER53: 26.41 | ES53: 26.41 | ET53: 0 | EU53: 0 | EV53: 0 | EW53: 0 | EX53: 0 | FQ53: 0 | FR53: =ROUND(IF(AND(BH53=3,BI53=3),P53,0),2) -> 0 | FS53: 0 | FX53: 83 | FY53: 65 | GD53: 0 | GF53: -892718151 | GG53: 1 | GH53: 1 | GI53: 4 | GJ53: 0 | GK53: =ROUND(R53*(S12)/100,2) -> 0 | GL53: =ROUND(IF(AND(BH53=3,BI53=3,FS53<>0),P53,0),2) -> 0 | GM53: =ROUND(O53+X53+Y53+GK53,2)+GX53 -> 451.82 | GN53: =IF(OR(BI53=0,BI53=1),ROUND(O53+X53+Y53+GK53,2),0) -> 451.82 | GO53: =IF(BI53=2,ROUND(O53+X53+Y53+GK53,2),0) -> 0 | GP53: =IF(BI53=4,ROUND(O53+X53+Y53+GK53,2)+GX53,0) -> 0 | GR53: 0 | GS53: 3 | GT53: 0 | GV53: =ROUND((GT53),2) -> 0 | GW53: 1 | GX53: =ROUND(HC53*I53,2) -> 0 | HA53: 0 | HB53: 0 | HC53: =GV53*GW53 -> 0 | IK53: 0
A54: 17 | B54: 1 | C54: =ROW(SmtRes!A122) -> 122 | D54: =ROW(EtalonRes!A123) -> 123 | E54: 8 | F54: 63-14-2 | G54: Замена элементов облицовки потолков: реечных без замены каркаса (плит "Аrmstrong") прим. | H54: 100 м2 | I54: =ROUND(10.8/100,9) -> 0.108 | J54: 0 | O54: =ROUND(CP54,2) -> 2870.05 | P54: =ROUND(CQ54*I54,2) -> 2802.11 | Q54: =ROUND(CR54*I54,2) -> 0.08 | R54: =ROUND(CS54*I54,2) -> 0.03 | S54: =ROUND(CT54*I54,2) -> 67.86 | T54: =ROUND(CU54*I54,2) -> 0 | U54: =CV54*I54 -> 7.48224 | V54: =CW54*I54 -> 0.00216 | W54: =ROUND(CX54*I54,2) -> 0 | X54: =ROUND(CY54,2) -> 52.28 | Y54: =ROUND(CZ54,2) -> 33.95 | AA54: 27935367 | AB54: =ROUND((AC54+AD54+AF54),2) -> 26574.63 | AC54: =ROUND((ES54),2) -> 25945.5 | AD54: =ROUND((((ET54)-(EU54))+AE54),2) -> 0.76 | AE54: =ROUND((EU54),2) -> 0.29 | AF54: =ROUND((EV54),2) -> 628.37 | AG54: =ROUND((AP54),2) -> 0 | AH54: =(EW54) -> 69.28 | AI54: =(EX54) -> 0.02 | AJ54: =(AS54) -> 0 | AK54: 26574.63 | AL54: 25945.5 | AM54: 0.76 | AN54: 0.29 | AO54: 628.37 | AP54: 0 | AQ54: 69.28 | AR54: 0.02 | AS54: 0 | AT54: 77 | AU54: 50 | AV54: 1 | AW54: 1 | AZ54: 1 | BA54: 1 | BB54: 1 | BC54: 1 | BH54: 0 | BI54: 1 | BJ54: ФЕРр-2001, 63-14-2, приказ Минстроя России №886/пр от 15.06.2017 | BM54: 63001 | BN54: 0 | BP54: 0 | BQ54: 6 | BR54: 0 | BS54: 1 | BT54: 1 | BU54: 1 | BV54: 1 | BW54: 1 | BX54: 1 | BZ54: 77 | CA54: 50 | CE54: 0 | CF54: 0 | CG54: 0 | CM54: 0 | CO54: 0 | CP54: =(P54+Q54+S54) -> 2870.05 | CQ54: =AC54*BC54 -> 25945.5 | CR54: =AD54*BB54 -> 0.76 | CS54: =AE54*BS54 -> 0.29 | CT54: =AF54*BA54 -> 628.37 | CU54: =AG54 -> 0 | CV54: =AH54 -> 69.28 | CW54: =AI54 -> 0.02 | CX54: =AJ54 -> 0 | CY54: =(((S54+R54)*AT54)/100) -> 52.2753 | CZ54: =(((S54+R54)*AU54)/100) -> 33.945 | DN54: 0 | DO54: 0 | DP54: 1 | DQ54: 1 | DU54: 1005 | DV54: 100 м2 | DW54: 100 м2 | DX54: 100 | EE54: 27029108 | EF54: 6 | EG54: Ремонтно-строительные работы | EH54: 0 | EJ54: 1 | EK54: 63001 | EL54: Стекольные, обойные, облицовочные работы | EM54: рФЕР-63 | EQ54: 131072 | ER54: 26574.63 | ES54: 25945.5 | ET54: 0.76 | EU54: 0.29 | EV54: 628.37 | EW54: 69.28 | EX54: 0.02 | EY54: 0 | FQ54: 0 | FR54: =ROUND(IF(AND(BH54=3,BI54=3),P54,0),2) -> 0 | FS54: 0 | FX54: 77 | FY54: 50 | GD54: 0 | GF54: -1387339790 | GG54: 2 | GH54: 1 | GI54: -2 | GJ54: 0 | GK54: =ROUND(R54*(R12)/100,2) -> 0 | GL54: =ROUND(IF(AND(BH54=3,BI54=3,FS54<>0),P54,0),2) -> 0 | GM54: =ROUND(O54+X54+Y54+GK54,2)+GX54 -> 2956.28 | GN54: =IF(OR(BI54=0,BI54=1),ROUND(O54+X54+Y54+GK54,2),0) -> 2956.28 | GO54: =IF(BI54=2,ROUND(O54+X54+Y54+GK54,2),0) -> 0 | GP54: =IF(BI54=4,ROUND(O54+X54+Y54+GK54,2)+GX54,0) -> 0 | GR54: 0 | GS54: 3 | GT54: 0 | GV54: =ROUND((GT54),2) -> 0 | GW54: 1 | GX54: =ROUND(HC54*I54,2) -> 0 | HA54: 0 | HB54: 0 | HC54: =GV54*GW54 -> 0 | IK54: 0
A55: 17 | B55: 1 | C55: =ROW(SmtRes!A128) -> 128 | D55: =ROW(EtalonRes!A128) -> 128 | E55: 8 | F55: 63-14-2 | G55: Замена элементов облицовки потолков: реечных без замены каркаса (плит "Аrmstrong") прим. | H55: 100 м2 | I55: =ROUND(10.8/100,9) -> 0.108 | J55: 0 | O55: =ROUND(CP55,2) -> 17536.07 | P55: =ROUND(CQ55*I55,2) -> 17120.92 | Q55: =ROUND(CR55*I55,2) -> 0.5 | R55: =ROUND(CS55*I55,2) -> 0.19 | S55: =ROUND(CT55*I55,2) -> 414.65 | T55: =ROUND(CU55*I55,2) -> 0 | U55: =CV55*I55 -> 7.48224 | V55: =CW55*I55 -> 0.00216 | W55: =ROUND(CX55*I55,2) -> 0 | X55: =ROUND(CY55,2) -> 319.43 | Y55: =ROUND(CZ55,2) -> 207.42 | AA55: 27935368 | AB55: =ROUND((AC55+AD55+AF55),2) -> 26574.63 | AC55: =ROUND((ES55),2) -> 25945.5 | AD55: =ROUND((((ET55)-(EU55))+AE55),2) -> 0.76 | AE55: =ROUND((EU55),2) -> 0.29 | AF55: =ROUND((EV55),2) -> 628.37 | AG55: =ROUND((AP55),2) -> 0 | AH55: =(EW55) -> 69.28 | AI55: =(EX55) -> 0.02 | AJ55: =(AS55) -> 0 | AK55: 26574.63 | AL55: 25945.5 | AM55: 0.76 | AN55: 0.29 | AO55: 628.37 | AP55: 0 | AQ55: 69.28 | AR55: 0.02 | AS55: 0 | AT55: 77 | AU55: 50 | AV55: 1 | AW55: 1 | AZ55: 6.11 | BA55: 6.11 | BB55: 6.11 | BC55: 6.11 | BH55: 0 | BI55: 1 | BJ55: ФЕРр-2001, 63-14-2, приказ Минстроя России №886/пр от 15.06.2017 | BM55: 63001 | BN55: 0 | BP55: 0 | BQ55: 6 | BR55: 0 | BS55: 6.11 | BT55: 1 | BU55: 1 | BV55: 1 | BW55: 1 | BX55: 1 | BZ55: 77 | CA55: 50 | CE55: 0 | CF55: 0 | CG55: 0 | CM55: 0 | CO55: 0 | CP55: =(P55+Q55+S55) -> 17536.07 | CQ55: =AC55*BC55 -> 158527.01 | CR55: =AD55*BB55 -> 4.6436 | CS55: =AE55*BS55 -> 1.7719 | CT55: =AF55*BA55 -> 3839.3407 | CU55: =AG55 -> 0 | CV55: =AH55 -> 69.28 | CW55: =AI55 -> 0.02 | CX55: =AJ55 -> 0 | CY55: =(((S55+R55)*AT55)/100) -> 319.4268 | CZ55: =(((S55+R55)*AU55)/100) -> 207.42 | DN55: 0 | DO55: 0 | DP55: 1 | DQ55: 1 | DU55: 1005 | DV55: 100 м2 | DW55: 100 м2 | DX55: 100 | EE55: 27029108 | EF55: 6 | EG55: Ремонтно-строительные работы | EH55: 0 | EJ55: 1 | EK55: 63001 | EL55: Стекольные, обойные, облицовочные работы | EM55: рФЕР-63 | EQ55: 131072 | ER55: 26574.63 | ES55: 25945.5 | ET55: 0.76 | EU55: 0.29 | EV55: 628.37 | EW55: 69.28 | EX55: 0.02 | EY55: 0 | FQ55: 0 | FR55: =ROUND(IF(AND(BH55=3,BI55=3),P55,0),2) -> 0 | FS55: 0 | FX55: 77 | FY55: 50 | GD55: 0 | GF55: -1387339790 | GG55: 1 | GH55: 1 | GI55: 4 | GJ55: 0 | GK55: =ROUND(R55*(S12)/100,2) -> 0 | GL55: =ROUND(IF(AND(BH55=3,BI55=3,FS55<>0),P55,0),2) -> 0 | GM55: =ROUND(O55+X55+Y55+GK55,2)+GX55 -> 18062.92 | GN55: =IF(OR(BI55=0,BI55=1),ROUND(O55+X55+Y55+GK55,2),0) -> 18062.92 | GO55: =IF(BI55=2,ROUND(O55+X55+Y55+GK55,2),0) -> 0 | GP55: =IF(BI55=4,ROUND(O55+X55+Y55+GK55,2)+GX55,0) -> 0 | GR55: 0 | GS55: 3 | GT55: 0 | GV55: =ROUND((GT55),2) -> 0 | GW55: 1 | GX55: =ROUND(HC55*I55,2) -> 0 | HA55: 0 | HB55: 0 | HC55: =GV55*GW55 -> 0 | IK55: 0
A56: 18 | B56: 1 | C56: 122 | E56: 8,1 | F56: 09.2.02.02-0011 | G56: Рейка алюминиевая потолочная 100 мм | H56: м | I56: =I54*J56 -> -113.4 | J56: -1050 | O56: =ROUND(CP56,2) -> -2802.11 | P56: =ROUND(CQ56*I56,2) -> -2802.11 | Q56: =ROUND(CR56*I56,2) -> 0 | R56: =ROUND(CS56*I56,2) -> 0 | S56: =ROUND(CT56*I56,2) -> 0 | T56: =ROUND(CU56*I56,2) -> 0 | U56: =CV56*I56 -> 0 | V56: =CW56*I56 -> 0 | W56: =ROUND(CX56*I56,2) -> 0 | X56: =ROUND(CY56,2) -> 0 | Y56: =ROUND(CZ56,2) -> 0 | AA56: 27935367 | AB56: =ROUND((AC56+AD56+AF56),2) -> 24.71 | AC56: =ROUND((ES56),2) -> 24.71 | AD56: =ROUND((((ET56)-(EU56))+AE56),2) -> 0 | AE56: =ROUND((EU56),2) -> 0 | AF56: =ROUND((EV56),2) -> 0 | AG56: =ROUND((AP56),2) -> 0 | AH56: =(EW56) -> 0 | AI56: =(EX56) -> 0 | AJ56: =(AS56) -> 0 | AK56: 24.71 | AL56: 24.71 | AM56: 0 | AN56: 0 | AO56: 0 | AP56: 0 | AQ56: 0 | AR56: 0 | AS56: 0 | AT56: 77 | AU56: 50 | AV56: 1 | AW56: 1 | AZ56: 1 | BA56: 1 | BB56: 1 | BC56: 1 | BH56: 3 | BI56: 1 | BJ56: ФССЦ-2001, 09.2.02.02-0011, приказ Минстроя России №1039/пр от 30.12.2016г. | BM56: 63001 | BN56: 0 | BP56: 0 | BQ56: 6 | BR56: 1 | BS56: 1 | BT56: 1 | BU56: 1 | BV56: 1 | BW56: 1 | BX56: 1 | BZ56: 77 | CA56: 50 | CE56: 0 | CF56: 0 | CG56: 0 | CM56: 0 | CO56: 0 | CP56: =(P56+Q56+S56) -> -2802.11 | CQ56: =AC56*BC56 -> 24.71 | CR56: =AD56*BB56 -> 0 | CS56: =AE56*BS56 -> 0 | CT56: =AF56*BA56 -> 0 | CU56: =AG56 -> 0 | CV56: =AH56 -> 0 | CW56: =AI56 -> 0 | CX56: =AJ56 -> 0 | CY56: =(((S56+R56)*AT56)/100) -> 0 | CZ56: =(((S56+R56)*AU56)/100) -> 0 | DN56: 0 | DO56: 0 | DP56: 1 | DQ56: 1 | DU56: 1003 | DV56: м | DW56: м | DX56: 1 | EE56: 27029108 | EF56: 6 | EG56: Ремонтно-строительные работы | EH56: 0 | EJ56: 1 | EK56: 63001 | EL56: Стекольные, обойные, облицовочные работы | EM56: рФЕР-63 | EQ56: 0 | ER56: 24.71 | ES56: 24.71 | ET56: 0 | EU56: 0 | EV56: 0 | EW56: 0 | EX56: 0 | FQ56: 0 | FR56: =ROUND(IF(AND(BH56=3,BI56=3),P56,0),2) -> 0 | FS56: 0 | FX56: 77 | FY56: 50 | GD56: 0 | GF56: 1265826934 | GG56: 2 | GH56: 1 | GI56: -2 | GJ56: 0 | GK56: =ROUND(R56*(R12)/100,2) -> 0 | GL56: =ROUND(IF(AND(BH56=3,BI56=3,FS56<>0),P56,0),2) -> 0 | GM56: =ROUND(O56+X56+Y56+GK56,2)+GX56 -> -2802.11 | GN56: =IF(OR(BI56=0,BI56=1),ROUND(O56+X56+Y56+GK56,2),0) -> -2802.11 | GO56: =IF(BI56=2,ROUND(O56+X56+Y56+GK56,2),0) -> 0 | GP56: =IF(BI56=4,ROUND(O56+X56+Y56+GK56,2)+GX56,0) -> 0 | GR56: 0 | GS56: 3 | GT56: 0 | GV56: =ROUND((GT56),2) -> 0 | GW56: 1 | GX56: =ROUND(HC56*I56,2) -> 0 | HA56: 0 | HB56: 0 | HC56: =GV56*GW56 -> 0 | IK56: 0
A57: 18 | B57: 1 | C57: 128 | E57: 8,1 | F57: 09.2.02.02-0011 | G57: Рейка алюминиевая потолочная 100 мм | H57: м | I57: =I55*J57 -> -113.4 | J57: -1050 | O57: =ROUND(CP57,2) -> -17120.92 | P57: =ROUND(CQ57*I57,2) -> -17120.92 | Q57: =ROUND(CR57*I57,2) -> 0 | R57: =ROUND(CS57*I57,2) -> 0 | S57: =ROUND(CT57*I57,2) -> 0 | T57: =ROUND(CU57*I57,2) -> 0 | U57: =CV57*I57 -> 0 | V57: =CW57*I57 -> 0 | W57: =ROUND(CX57*I57,2) -> 0 | X57: =ROUND(CY57,2) -> 0 | Y57: =ROUND(CZ57,2) -> 0 | AA57: 27935368 | AB57: =ROUND((AC57+AD57+AF57),2) -> 24.71 | AC57: =ROUND((ES57),2) -> 24.71 | AD57: =ROUND((((ET57)-(EU57))+AE57),2) -> 0 | AE57: =ROUND((EU57),2) -> 0 | AF57: =ROUND((EV57),2) -> 0 | AG57: =ROUND((AP57),2) -> 0 | AH57: =(EW57) -> 0 | AI57: =(EX57) -> 0 | AJ57: =(AS57) -> 0 | AK57: 24.71 | AL57: 24.71 | AM57: 0 | AN57: 0 | AO57: 0 | AP57: 0 | AQ57: 0 | AR57: 0 | AS57: 0 | AT57: 77 | AU57: 50 | AV57: 1 | AW57: 1 | AZ57: 6.11 | BA57: 1 | BB57: 1 | BC57: 6.11 | BH57: 3 | BI57: 1 | BJ57: ФССЦ-2001, 09.2.02.02-0011, приказ Минстроя России №1039/пр от 30.12.2016г. | BM57: 63001 | BN57: 0 | BP57: 0 | BQ57: 6 | BR57: 1 | BS57: 1 | BT57: 1 | BU57: 1 | BV57: 1 | BW57: 1 | BX57: 1 | BZ57: 77 | CA57: 50 | CE57: 0 | CF57: 0 | CG57: 0 | CM57: 0 | CO57: 0 | CP57: =(P57+Q57+S57) -> -17120.92 | CQ57: =AC57*BC57 -> 150.9781 | CR57: =AD57*BB57 -> 0 | CS57: =AE57*BS57 -> 0 | CT57: =AF57*BA57 -> 0 | CU57: =AG57 -> 0 | CV57: =AH57 -> 0 | CW57: =AI57 -> 0 | CX57: =AJ57 -> 0 | CY57: =(((S57+R57)*AT57)/100) -> 0 | CZ57: =(((S57+R57)*AU57)/100) -> 0 | DN57: 0 | DO57: 0 | DP57: 1 | DQ57: 1 | DU57: 1003 | DV57: м | DW57: м | DX57: 1 | EE57: 27029108 | EF57: 6 | EG57: Ремонтно-строительные работы | EH57: 0 | EJ57: 1 | EK57: 63001 | EL57: Стекольные, обойные, облицовочные работы | EM57: рФЕР-63 | EQ57: 0 | ER57: 24.71 | ES57: 24.71 | ET57: 0 | EU57: 0 | EV57: 0 | EW57: 0 | EX57: 0 | FQ57: 0 | FR57: =ROUND(IF(AND(BH57=3,BI57=3),P57,0),2) -> 0 | FS57: 0 | FX57: 77 | FY57: 50 | GD57: 0 | GF57: 1265826934 | GG57: 1 | GH57: 1 | GI57: 4 | GJ57: 0 | GK57: =ROUND(R57*(S12)/100,2) -> 0 | GL57: =ROUND(IF(AND(BH57=3,BI57=3,FS57<>0),P57,0),2) -> 0 | GM57: =ROUND(O57+X57+Y57+GK57,2)+GX57 -> -17120.92 | GN57: =IF(OR(BI57=0,BI57=1),ROUND(O57+X57+Y57+GK57,2),0) -> -17120.92 | GO57: =IF(BI57=2,ROUND(O57+X57+Y57+GK57,2),0) -> 0 | GP57: =IF(BI57=4,ROUND(O57+X57+Y57+GK57,2)+GX57,0) -> 0 | GR57: 0 | GS57: 3 | GT57: 0 | GV57: =ROUND((GT57),2) -> 0 | GW57: 1 | GX57: =ROUND(HC57*I57,2) -> 0 | HA57: 0 | HB57: 0 | HC57: =GV57*GW57 -> 0 | IK57: 0
A58: 18 | B58: 1 | C58: 121 | E58: 8,2 | F58: 01.6.04.02-0004 | G58: Панели потолочные декоративные, тип ARMSTRONG OASIS | H58: м2 | I58: =I54*J58 -> 10.8 | J58: 100 | O58: =ROUND(CP58,2) -> 590.98 | P58: =ROUND(CQ58*I58,2) -> 590.98 | Q58: =ROUND(CR58*I58,2) -> 0 | R58: =ROUND(CS58*I58,2) -> 0 | S58: =ROUND(CT58*I58,2) -> 0 | T58: =ROUND(CU58*I58,2) -> 0 | U58: =CV58*I58 -> 0 | V58: =CW58*I58 -> 0 | W58: =ROUND(CX58*I58,2) -> 0 | X58: =ROUND(CY58,2) -> 0 | Y58: =ROUND(CZ58,2) -> 0 | AA58: 27935367 | AB58: =ROUND((AC58+AD58+AF58),2) -> 54.72 | AC58: =ROUND((ES58),2) -> 54.72 | AD58: =ROUND((((ET58)-(EU58))+AE58),2) -> 0 | AE58: =ROUND((EU58),2) -> 0 | AF58: =ROUND((EV58),2) -> 0 | AG58: =ROUND((AP58),2) -> 0 | AH58: =(EW58) -> 0 | AI58: =(EX58) -> 0 | AJ58: =(AS58) -> 0 | AK58: 54.72 | AL58: 54.72 | AM58: 0 | AN58: 0 | AO58: 0 | AP58: 0 | AQ58: 0 | AR58: 0 | AS58: 0 | AT58: 77 | AU58: 50 | AV58: 1 | AW58: 1 | AZ58: 1 | BA58: 1 | BB58: 1 | BC58: 1 | BH58: 3 | BI58: 1 | BJ58: ФССЦ-2001, 01.6.04.02-0004, приказ Минстроя России №1039/пр от 30.12.2016г. | BM58: 63001 | BN58: 0 | BP58: 0 | BQ58: 6 | BR58: 0 | BS58: 1 | BT58: 1 | BU58: 1 | BV58: 1 | BW58: 1 | BX58: 1 | BZ58: 77 | CA58: 50 | CE58: 0 | CF58: 0 | CG58: 0 | CM58: 0 | CO58: 0 | CP58: =(P58+Q58+S58) -> 590.98 | CQ58: =AC58*BC58 -> 54.72 | CR58: =AD58*BB58 -> 0 | CS58: =AE58*BS58 -> 0 | CT58: =AF58*BA58 -> 0 | CU58: =AG58 -> 0 | CV58: =AH58 -> 0 | CW58: =AI58 -> 0 | CX58: =AJ58 -> 0 | CY58: =(((S58+R58)*AT58)/100) -> 0 | CZ58: =(((S58+R58)*AU58)/100) -> 0 | DN58: 0 | DO58: 0 | DP58: 1 | DQ58: 1 | DU58: 1005 | DV58: м2 | DW58: м2 | DX58: 1 | EE58: 27029108 | EF58: 6 | EG58: Ремонтно-строительные работы | EH58: 0 | EJ58: 1 | EK58: 63001 | EL58: Стекольные, обойные, облицовочные работы | EM58: рФЕР-63 | EQ58: 0 | ER58: 54.72 | ES58: 54.72 | ET58: 0 | EU58: 0 | EV58: 0 | EW58: 0 | EX58: 0 | FQ58: 0 | FR58: =ROUND(IF(AND(BH58=3,BI58=3),P58,0),2) -> 0 | FS58: 0 | FX58: 77 | FY58: 50 | GD58: 0 | GF58: -1442549120 | GG58: 2 | GH58: 1 | GI58: -2 | GJ58: 0 | GK58: =ROUND(R58*(R12)/100,2) -> 0 | GL58: =ROUND(IF(AND(BH58=3,BI58=3,FS58<>0),P58,0),2) -> 0 | GM58: =ROUND(O58+X58+Y58+GK58,2)+GX58 -> 590.98 | GN58: =IF(OR(BI58=0,BI58=1),ROUND(O58+X58+Y58+GK58,2),0) -> 590.98 | GO58: =IF(BI58=2,ROUND(O58+X58+Y58+GK58,2),0) -> 0 | GP58: =IF(BI58=4,ROUND(O58+X58+Y58+GK58,2)+GX58,0) -> 0 | GR58: 0 | GS58: 3 | GT58: 0 | GV58: =ROUND((GT58),2) -> 0 | GW58: 1 | GX58: =ROUND(HC58*I58,2) -> 0 | HA58: 0 | HB58: 0 | HC58: =GV58*GW58 -> 0 | IK58: 0
A59: 18 | B59: 1 | C59: 127 | E59: 8,2 | F59: 01.6.04.02-0004 | G59: Панели потолочные декоративные, тип ARMSTRONG OASIS | H59: м2 | I59: =I55*J59 -> 10.8 | J59: 100 | O59: =ROUND(CP59,2) -> 3610.86 | P59: =ROUND(CQ59*I59,2) -> 3610.86 | Q59: =ROUND(CR59*I59,2) -> 0 | R59: =ROUND(CS59*I59,2) -> 0 | S59: =ROUND(CT59*I59,2) -> 0 | T59: =ROUND(CU59*I59,2) -> 0 | U59: =CV59*I59 -> 0 | V59: =CW59*I59 -> 0 | W59: =ROUND(CX59*I59,2) -> 0 | X59: =ROUND(CY59,2) -> 0 | Y59: =ROUND(CZ59,2) -> 0 | AA59: 27935368 | AB59: =ROUND((AC59+AD59+AF59),2) -> 54.72 | AC59: =ROUND((ES59),2) -> 54.72 | AD59: =ROUND((((ET59)-(EU59))+AE59),2) -> 0 | AE59: =ROUND((EU59),2) -> 0 | AF59: =ROUND((EV59),2) -> 0 | AG59: =ROUND((AP59),2) -> 0 | AH59: =(EW59) -> 0 | AI59: =(EX59) -> 0 | AJ59: =(AS59) -> 0 | AK59: 54.72 | AL59: 54.72 | AM59: 0 | AN59: 0 | AO59: 0 | AP59: 0 | AQ59: 0 | AR59: 0 | AS59: 0 | AT59: 77 | AU59: 50 | AV59: 1 | AW59: 1 | AZ59: 6.11 | BA59: 1 | BB59: 1 | BC59: 6.11 | BH59: 3 | BI59: 1 | BJ59: ФССЦ-2001, 01.6.04.02-0004, приказ Минстроя России №1039/пр от 30.12.2016г. | BM59: 63001 | BN59: 0 | BP59: 0 | BQ59: 6 | BR59: 0 | BS59: 1 | BT59: 1 | BU59: 1 | BV59: 1 | BW59: 1 | BX59: 1 | BZ59: 77 | CA59: 50 | CE59: 0 | CF59: 0 | CG59: 0 | CM59: 0 | CO59: 0 | CP59: =(P59+Q59+S59) -> 3610.86 | CQ59: =AC59*BC59 -> 334.3392 | CR59: =AD59*BB59 -> 0 | CS59: =AE59*BS59 -> 0 | CT59: =AF59*BA59 -> 0 | CU59: =AG59 -> 0 | CV59: =AH59 -> 0 | CW59: =AI59 -> 0 | CX59: =AJ59 -> 0 | CY59: =(((S59+R59)*AT59)/100) -> 0 | CZ59: =(((S59+R59)*AU59)/100) -> 0 | DN59: 0 | DO59: 0 | DP59: 1 | DQ59: 1 | DU59: 1005 | DV59: м2 | DW59: м2 | DX59: 1 | EE59: 27029108 | EF59: 6 | EG59: Ремонтно-строительные работы | EH59: 0 | EJ59: 1 | EK59: 63001 | EL59: Стекольные, обойные, облицовочные работы | EM59: рФЕР-63 | EQ59: 0 | ER59: 54.72 | ES59: 54.72 | ET59: 0 | EU59: 0 | EV59: 0 | EW59: 0 | EX59: 0 | FQ59: 0 | FR59: =ROUND(IF(AND(BH59=3,BI59=3),P59,0),2) -> 0 | FS59: 0 | FX59: 77 | FY59: 50 | GD59: 0 | GF59: -1442549120 | GG59: 1 | GH59: 1 | GI59: 4 | GJ59: 0 | GK59: =ROUND(R59*(S12)/100,2) -> 0 | GL59: =ROUND(IF(AND(BH59=3,BI59=3,FS59<>0),P59,0),2) -> 0 | GM59: =ROUND(O59+X59+Y59+GK59,2)+GX59 -> 3610.86 | GN59: =IF(OR(BI59=0,BI59=1),ROUND(O59+X59+Y59+GK59,2),0) -> 3610.86 | GO59: =IF(BI59=2,ROUND(O59+X59+Y59+GK59,2),0) -> 0 | GP59: =IF(BI59=4,ROUND(O59+X59+Y59+GK59,2)+GX59,0) -> 0 | GR59: 0 | GS59: 3 | GT59: 0 | GV59: =ROUND((GT59),2) -> 0 | GW59: 1 | GX59: =ROUND(HC59*I59,2) -> 0 | HA59: 0 | HB59: 0 | HC59: =GV59*GW59 -> 0 | IK59: 0
A60: 17 | B60: 1 | C60: =ROW(SmtRes!A131) -> 131 | D60: =ROW(EtalonRes!A132) -> 132 | E60: 9 | F60: 57-2-3 | G60: Разборка покрытий полов из керамических плиток | H60: 100 м2 | I60: =ROUND(41.6/100,9) -> 0.416 | J60: 0 | O60: =ROUND(CP60,2) -> 266.65 | P60: =ROUND(CQ60*I60,2) -> 0 | Q60: =ROUND(CR60*I60,2) -> 18.72 | R60: =ROUND(CS60*I60,2) -> 8.09 | S60: =ROUND(CT60*I60,2) -> 247.93 | T60: =ROUND(CU60*I60,2) -> 0 | U60: =CV60*I60 -> 29.06592 | V60: =CW60*I60 -> 0.59904 | W60: =ROUND(CX60*I60,2) -> 0 | X60: =ROUND(CY60,2) -> 204.82 | Y60: =ROUND(CZ60,2) -> 174.09 | AA60: 27935367 | AB60: =ROUND((AC60+AD60+AF60),2) -> 641 | AC60: =ROUND((ES60),2) -> 0 | AD60: =ROUND((((ET60)-(EU60))+AE60),2) -> 45.01 | AE60: =ROUND((EU60),2) -> 19.44 | AF60: =ROUND((EV60),2) -> 595.99 | AG60: =ROUND((AP60),2) -> 0 | AH60: =(EW60) -> 69.87 | AI60: =(EX60) -> 1.44 | AJ60: =(AS60) -> 0 | AK60: 641 | AL60: 0 | AM60: 45.01 | AN60: 19.44 | AO60: 595.99 | AP60: 0 | AQ60: 69.87 | AR60: 1.44 | AS60: 0 | AT60: 80 | AU60: 68 | AV60: 1 | AW60: 1 | AZ60: 1 | BA60: 1 | BB60: 1 | BC60: 1 | BH60: 0 | BI60: 1 | BJ60: ФЕРр-2001, 57-2-3, приказ Минстроя России №1039/пр от 30.12.2016г. | BM60: 57001 | BN60: 0 | BP60: 0 | BQ60: 6 | BR60: 0 | BS60: 1 | BT60: 1 | BU60: 1 | BV60: 1 | BW60: 1 | BX60: 1 | BZ60: 80 | CA60: 68 | CE60: 0 | CF60: 0 | CG60: 0 | CM60: 0 | CO60: 0 | CP60: =(P60+Q60+S60) -> 266.65 | CQ60: =AC60*BC60 -> 0 | CR60: =AD60*BB60 -> 45.01 | CS60: =AE60*BS60 -> 19.44 | CT60: =AF60*BA60 -> 595.99 | CU60: =AG60 -> 0 | CV60: =AH60 -> 69.87 | CW60: =AI60 -> 1.44 | CX60: =AJ60 -> 0 | CY60: =(((S60+R60)*AT60)/100) -> 204.816 | CZ60: =(((S60+R60)*AU60)/100) -> 174.0936 | DN60: 0 | DO60: 0 | DP60: 1 | DQ60: 1 | DU60: 1005 | DV60: 100 м2 | DW60: 100 м2 | DX60: 100 | EE60: 27029102 | EF60: 6 | EG60: Ремонтно-строительные работы | EH60: 0 | EJ60: 1 | EK60: 57001 | EL60: Полы | EM60: рФЕР-57 | EQ60: 131072 | ER60: 641 | ES60: 0 | ET60: 45.01 | EU60: 19.44 | EV60: 595.99 | EW60: 69.87 | EX60: 1.44 | EY60: 0 | FQ60: 0 | FR60: =ROUND(IF(AND(BH60=3,BI60=3),P60,0),2) -> 0 | FS60: 0 | FX60: 80 | FY60: 68 | GD60: 0 | GF60: -1405612292 | GG60: 2 | GH60: 1 | GI60: -2 | GJ60: 0 | GK60: =ROUND(R60*(R12)/100,2) -> 0 | GL60: =ROUND(IF(AND(BH60=3,BI60=3,FS60<>0),P60,0),2) -> 0 | GM60: =ROUND(O60+X60+Y60+GK60,2)+GX60 -> 645.56 | GN60: =IF(OR(BI60=0,BI60=1),ROUND(O60+X60+Y60+GK60,2),0) -> 645.56 | GO60: =IF(BI60=2,ROUND(O60+X60+Y60+GK60,2),0) -> 0 | GP60: =IF(BI60=4,ROUND(O60+X60+Y60+GK60,2)+GX60,0) -> 0 | GR60: 0 | GS60: 3 | GT60: 0 | GV60: =ROUND((GT60),2) -> 0 | GW60: 1 | GX60: =ROUND(HC60*I60,2) -> 0 | HA60: 0 | HB60: 0 | HC60: =GV60*GW60 -> 0 | IK60: 0
A61: 17 | B61: 1 | C61: =ROW(SmtRes!A134) -> 134 | D61: =ROW(EtalonRes!A136) -> 136 | E61: 9 | F61: 57-2-3 | G61: Разборка покрытий полов из керамических плиток | H61: 100 м2 | I61: =ROUND(41.6/100,9) -> 0.416 | J61: 0 | O61: =ROUND(CP61,2) -> 1629.26 | P61: =ROUND(CQ61*I61,2) -> 0 | Q61: =ROUND(CR61*I61,2) -> 114.4 | R61: =ROUND(CS61*I61,2) -> 49.41 | S61: =ROUND(CT61*I61,2) -> 1514.86 | T61: =ROUND(CU61*I61,2) -> 0 | U61: =CV61*I61 -> 29.06592 | V61: =CW61*I61 -> 0.59904 | W61: =ROUND(CX61*I61,2) -> 0 | X61: =ROUND(CY61,2) -> 1251.42 | Y61: =ROUND(CZ61,2) -> 1063.7 | AA61: 27935368 | AB61: =ROUND((AC61+AD61+AF61),2) -> 641 | AC61: =ROUND((ES61),2) -> 0 | AD61: =ROUND((((ET61)-(EU61))+AE61),2) -> 45.01 | AE61: =ROUND((EU61),2) -> 19.44 | AF61: =ROUND((EV61),2) -> 595.99 | AG61: =ROUND((AP61),2) -> 0 | AH61: =(EW61) -> 69.87 | AI61: =(EX61) -> 1.44 | AJ61: =(AS61) -> 0 | AK61: 641 | AL61: 0 | AM61: 45.01 | AN61: 19.44 | AO61: 595.99 | AP61: 0 | AQ61: 69.87 | AR61: 1.44 | AS61: 0 | AT61: 80 | AU61: 68 | AV61: 1 | AW61: 1 | AZ61: 6.11 | BA61: 6.11 | BB61: 6.11 | BC61: 6.11 | BH61: 0 | BI61: 1 | BJ61: ФЕРр-2001, 57-2-3, приказ Минстроя России №1039/пр от 30.12.2016г. | BM61: 57001 | BN61: 0 | BP61: 0 | BQ61: 6 | BR61: 0 | BS61: 6.11 | BT61: 1 | BU61: 1 | BV61: 1 | BW61: 1 | BX61: 1 | BZ61: 80 | CA61: 68 | CE61: 0 | CF61: 0 | CG61: 0 | CM61: 0 | CO61: 0 | CP61: =(P61+Q61+S61) -> 1629.26 | CQ61: =AC61*BC61 -> 0 | CR61: =AD61*BB61 -> 275.0111 | CS61: =AE61*BS61 -> 118.7784 | CT61: =AF61*BA61 -> 3641.4989 | CU61: =AG61 -> 0 | CV61: =AH61 -> 69.87 | CW61: =AI61 -> 1.44 | CX61: =AJ61 -> 0 | CY61: =(((S61+R61)*AT61)/100) -> 1251.416 | CZ61: =(((S61+R61)*AU61)/100) -> 1063.7036 | DN61: 0 | DO61: 0 | DP61: 1 | DQ61: 1 | DU61: 1005 | DV61: 100 м2 | DW61: 100 м2 | DX61: 100 | EE61: 27029102 | EF61: 6 | EG61: Ремонтно-строительные работы | EH61: 0 | EJ61: 1 | EK61: 57001 | EL61: Полы | EM61: рФЕР-57 | EQ61: 131072 | ER61: 641 | ES61: 0 | ET61: 45.01 | EU61: 19.44 | EV61: 595.99 | EW61: 69.87 | EX61: 1.44 | EY61: 0 | FQ61: 0 | FR61: =ROUND(IF(AND(BH61=3,BI61=3),P61,0),2) -> 0 | FS61: 0 | FX61: 80 | FY61: 68 | GD61: 0 | GF61: -1405612292 | GG61: 1 | GH61: 1 | GI61: 4 | GJ61: 0 | GK61: =ROUND(R61*(S12)/100,2) -> 0 | GL61: =ROUND(IF(AND(BH61=3,BI61=3,FS61<>0),P61,0),2) -> 0 | GM61: =ROUND(O61+X61+Y61+GK61,2)+GX61 -> 3944.38 | GN61: =IF(OR(BI61=0,BI61=1),ROUND(O61+X61+Y61+GK61,2),0) -> 3944.38 | GO61: =IF(BI61=2,ROUND(O61+X61+Y61+GK61,2),0) -> 0 | GP61: =IF(BI61=4,ROUND(O61+X61+Y61+GK61,2)+GX61,0) -> 0 | GR61: 0 | GS61: 3 | GT61: 0 | GV61: =ROUND((GT61),2) -> 0 | GW61: 1 | GX61: =ROUND(HC61*I61,2) -> 0 | HA61: 0 | HB61: 0 | HC61: =GV61*GW61 -> 0 | IK61: 0
A62: 17 | B62: 1 | C62: =ROW(SmtRes!A135) -> 135 | D62: =ROW(EtalonRes!A138) -> 138 | E62: 10 | F62: 57-3-1 | G62: Разборка плинтусов деревянных и из пластмассовых материалов | H62: 100 м | I62: =ROUND(14/100,9) -> 0.14 | J62: 0 | O62: =ROUND(CP62,2) -> 4.12 | P62: =ROUND(CQ62*I62,2) -> 0 | Q62: =ROUND(CR62*I62,2) -> 0 | R62: =ROUND(CS62*I62,2) -> 0 | S62: =ROUND(CT62*I62,2) -> 4.12 | T62: =ROUND(CU62*I62,2) -> 0 | U62: =CV62*I62 -> 0.5278 | V62: =CW62*I62 -> 0 | W62: =ROUND(CX62*I62,2) -> 0 | X62: =ROUND(CY62,2) -> 3.3 | Y62: =ROUND(CZ62,2) -> 2.8 | AA62: 27935367 | AB62: =ROUND((AC62+AD62+AF62),2) -> 29.41 | AC62: =ROUND((ES62),2) -> 0 | AD62: =ROUND((((ET62)-(EU62))+AE62),2) -> 0 | AE62: =ROUND((EU62),2) -> 0 | AF62: =ROUND((EV62),2) -> 29.41 | AG62: =ROUND((AP62),2) -> 0 | AH62: =(EW62) -> 3.77 | AI62: =(EX62) -> 0 | AJ62: =(AS62) -> 0 | AK62: 29.41 | AL62: 0 | AM62: 0 | AN62: 0 | AO62: 29.41 | AP62: 0 | AQ62: 3.77 | AR62: 0 | AS62: 0 | AT62: 80 | AU62: 68 | AV62: 1 | AW62: 1 | AZ62: 1 | BA62: 1 | BB62: 1 | BC62: 1 | BH62: 0 | BI62: 1 | BJ62: ФЕРр-2001, 57-3-1, приказ Минстроя России №1039/пр от 30.12.2016г. | BM62: 57001 | BN62: 0 | BP62: 0 | BQ62: 6 | BR62: 0 | BS62: 1 | BT62: 1 | BU62: 1 | BV62: 1 | BW62: 1 | BX62: 1 | BZ62: 80 | CA62: 68 | CE62: 0 | CF62: 0 | CG62: 0 | CM62: 0 | CO62: 0 | CP62: =(P62+Q62+S62) -> 4.12 | CQ62: =AC62*BC62 -> 0 | CR62: =AD62*BB62 -> 0 | CS62: =AE62*BS62 -> 0 | CT62: =AF62*BA62 -> 29.41 | CU62: =AG62 -> 0 | CV62: =AH62 -> 3.77 | CW62: =AI62 -> 0 | CX62: =AJ62 -> 0 | CY62: =(((S62+R62)*AT62)/100) -> 3.296 | CZ62: =(((S62+R62)*AU62)/100) -> 2.8016 | DN62: 0 | DO62: 0 | DP62: 1 | DQ62: 1 | DU62: 1003 | DV62: 100 м | DW62: 100 м | DX62: 100 | EE62: 27029102 | EF62: 6 | EG62: Ремонтно-строительные работы | EH62: 0 | EJ62: 1 | EK62: 57001 | EL62: Полы | EM62: рФЕР-57 | EQ62: 131072 | ER62: 29.41 | ES62: 0 | ET62: 0 | EU62: 0 | EV62: 29.41 | EW62: 3.77 | EX62: 0 | EY62: 0 | FQ62: 0 | FR62: =ROUND(IF(AND(BH62=3,BI62=3),P62,0),2) -> 0 | FS62: 0 | FX62: 80 | FY62: 68 | GD62: 0 | GF62: -1389370821 | GG62: 2 | GH62: 1 | GI62: -2 | GJ62: 0 | GK62: =ROUND(R62*(R12)/100,2) -> 0 | GL62: =ROUND(IF(AND(BH62=3,BI62=3,FS62<>0),P62,0),2) -> 0 | GM62: =ROUND(O62+X62+Y62+GK62,2)+GX62 -> 10.22 | GN62: =IF(OR(BI62=0,BI62=1),ROUND(O62+X62+Y62+GK62,2),0) -> 10.22 | GO62: =IF(BI62=2,ROUND(O62+X62+Y62+GK62,2),0) -> 0 | GP62: =IF(BI62=4,ROUND(O62+X62+Y62+GK62,2)+GX62,0) -> 0 | GR62: 0 | GS62: 3 | GT62: 0 | GV62: =ROUND((GT62),2) -> 0 | GW62: 1 | GX62: =ROUND(HC62*I62,2) -> 0 | HA62: 0 | HB62: 0 | HC62: =GV62*GW62 -> 0 | IK62: 0
A63: 17 | B63: 1 | C63: =ROW(SmtRes!A136) -> 136 | D63: =ROW(EtalonRes!A140) -> 140 | E63: 10 | F63: 57-3-1 | G63: Разборка плинтусов деревянных и из пластмассовых материалов | H63: 100 м | I63: =ROUND(14/100,9) -> 0.14 | J63: 0 | O63: =ROUND(CP63,2) -> 25.16 | P63: =ROUND(CQ63*I63,2) -> 0 | Q63: =ROUND(CR63*I63,2) -> 0 | R63: =ROUND(CS63*I63,2) -> 0 | S63: =ROUND(CT63*I63,2) -> 25.16 | T63: =ROUND(CU63*I63,2) -> 0 | U63: =CV63*I63 -> 0.5278 | V63: =CW63*I63 -> 0 | W63: =ROUND(CX63*I63,2) -> 0 | X63: =ROUND(CY63,2) -> 20.13 | Y63: =ROUND(CZ63,2) -> 17.11 | AA63: 27935368 | AB63: =ROUND((AC63+AD63+AF63),2) -> 29.41 | AC63: =ROUND((ES63),2) -> 0 | AD63: =ROUND((((ET63)-(EU63))+AE63),2) -> 0 | AE63: =ROUND((EU63),2) -> 0 | AF63: =ROUND((EV63),2) -> 29.41 | AG63: =ROUND((AP63),2) -> 0 | AH63: =(EW63) -> 3.77 | AI63: =(EX63) -> 0 | AJ63: =(AS63) -> 0 | AK63: 29.41 | AL63: 0 | AM63: 0 | AN63: 0 | AO63: 29.41 | AP63: 0 | AQ63: 3.77 | AR63: 0 | AS63: 0 | AT63: 80 | AU63: 68 | AV63: 1 | AW63: 1 | AZ63: 6.11 | BA63: 6.11 | BB63: 6.11 | BC63: 6.11 | BH63: 0 | BI63: 1 | BJ63: ФЕРр-2001, 57-3-1, приказ Минстроя России №1039/пр от 30.12.2016г. | BM63: 57001 | BN63: 0 | BP63: 0 | BQ63: 6 | BR63: 0 | BS63: 6.11 | BT63: 1 | BU63: 1 | BV63: 1 | BW63: 1 | BX63: 1 | BZ63: 80 | CA63: 68 | CE63: 0 | CF63: 0 | CG63: 0 | CM63: 0 | CO63: 0 | CP63: =(P63+Q63+S63) -> 25.16 | CQ63: =AC63*BC63 -> 0 | CR63: =AD63*BB63 -> 0 | CS63: =AE63*BS63 -> 0 | CT63: =AF63*BA63 -> 179.6951 | CU63: =AG63 -> 0 | CV63: =AH63 -> 3.77 | CW63: =AI63 -> 0 | CX63: =AJ63 -> 0 | CY63: =(((S63+R63)*AT63)/100) -> 20.128 | CZ63: =(((S63+R63)*AU63)/100) -> 17.1088 | DN63: 0 | DO63: 0 | DP63: 1 | DQ63: 1 | DU63: 1003 | DV63: 100 м | DW63: 100 м | DX63: 100 | EE63: 27029102 | EF63: 6 | EG63: Ремонтно-строительные работы | EH63: 0 | EJ63: 1 | EK63: 57001 | EL63: Полы | EM63: рФЕР-57 | EQ63: 131072 | ER63: 29.41 | ES63: 0 | ET63: 0 | EU63: 0 | EV63: 29.41 | EW63: 3.77 | EX63: 0 | EY63: 0 | FQ63: 0 | FR63: =ROUND(IF(AND(BH63=3,BI63=3),P63,0),2) -> 0 | FS63: 0 | FX63: 80 | FY63: 68 | GD63: 0 | GF63: -1389370821 | GG63: 1 | GH63: 1 | GI63: 4 | GJ63: 0 | GK63: =ROUND(R63*(S12)/100,2) -> 0 | GL63: =ROUND(IF(AND(BH63=3,BI63=3,FS63<>0),P63,0),2) -> 0 | GM63: =ROUND(O63+X63+Y63+GK63,2)+GX63 -> 62.4 | GN63: =IF(OR(BI63=0,BI63=1),ROUND(O63+X63+Y63+GK63,2),0) -> 62.4 | GO63: =IF(BI63=2,ROUND(O63+X63+Y63+GK63,2),0) -> 0 | GP63: =IF(BI63=4,ROUND(O63+X63+Y63+GK63,2)+GX63,0) -> 0 | GR63: 0 | GS63: 3 | GT63: 0 | GV63: =ROUND((GT63),2) -> 0 | GW63: 1 | GX63: =ROUND(HC63*I63,2) -> 0 | HA63: 0 | HB63: 0 | HC63: =GV63*GW63 -> 0 | IK63: 0
A64: 17 | B64: 1 | C64: =ROW(SmtRes!A142) -> 142 | D64: =ROW(EtalonRes!A146) -> 146 | E64: 11 | F64: 11-01-011-01 | G64: Устройство стяжек цементных толщиной 20 мм | H64: 100 м2 | I64: =ROUND(41.6/100,9) -> 0.416 | J64: 0 | O64: =ROUND(CP64,2) -> 176.63 | P64: =ROUND(CQ64*I64,2) -> 3.55 | Q64: =ROUND(CR64*I64,2) -> 23 | R64: =ROUND(CS64*I64,2) -> 8.92 | S64: =ROUND(CT64*I64,2) -> 150.08 | T64: =ROUND(CU64*I64,2) -> 0 | U64: =CV64*I64 -> 18.901584 | V64: =CW64*I64 -> 0.6604 | W64: =ROUND(CX64*I64,2) -> 0 | X64: =ROUND(CY64,2) -> 176.49 | Y64: =ROUND(CZ64,2) -> 101.76 | AA64: 27935367 | AB64: =ROUND((AC64+AD64+AF64),2) -> 424.61 | AC64: =ROUND((ES64),2) -> 8.54 | AD64: =ROUND(((((ET64*1.25))-((EU64*1.25)))+AE64),2) -> 55.3 | AE64: =ROUND(((EU64*1.25)),2) -> 21.44 | AF64: =ROUND(((EV64*1.15)),2) -> 360.77 | AG64: =ROUND((AP64),2) -> 0 | AH64: =((EW64*1.15)) -> 45.4365 | AI64: =((EX64*1.25)) -> 1.5875 | AJ64: =(AS64) -> 0 | AK64: 366.49 | AL64: 8.54 | AM64: 44.24 | AN64: 17.15 | AO64: 313.71 | AP64: 0 | AQ64: 39.51 | AR64: 1.27 | AS64: 0 | AT64: 111 | AU64: 64 | AV64: 1 | AW64: 1 | AZ64: 1 | BA64: 1 | BB64: 1 | BC64: 1 | BH64: 0 | BI64: 1 | BJ64: ФЕР-2001, 11-01-011-01, приказ Минстроя России №1039/пр от 30.12.2016г. | BM64: 11001 | BN64: 0 | BP64: 0 | BQ64: 2 | BR64: 0 | BS64: 1 | BT64: 1 | BU64: 1 | BV64: 1 | BW64: 1 | BX64: 1 | BZ64: 123 | CA64: 75 | CE64: 0 | CF64: 0 | CG64: 0 | CM64: 0 | CN64: Поправка: МДС 81-35.2004, п.4.7 Наименование: Работы, выполняемые при реконструкции зданий и сооружений работы, аналогичные технологическим процессам в новом строительстве (в том числе возведение новых конструктивных элементов) стоимость которых определена по соответствующим сборникам ФЕР, кроме сборника № 46 «Работы при реконструкции зданий и сооружений» | CO64: 0 | CP64: =(P64+Q64+S64) -> 176.63 | CQ64: =AC64*BC64 -> 8.54 | CR64: =AD64*BB64 -> 55.3 | CS64: =AE64*BS64 -> 21.44 | CT64: =AF64*BA64 -> 360.77 | CU64: =AG64 -> 0 | CV64: =AH64 -> 45.4365 | CW64: =AI64 -> 1.5875 | CX64: =AJ64 -> 0 | CY64: =(((S64+R64)*AT64)/100) -> 176.49 | CZ64: =(((S64+R64)*AU64)/100) -> 101.76 | DE64: )*1,25 | DF64: )*1,25 | DG64: )*1,15 | DI64: )*1,15 | DJ64: )*1,25 | DN64: 0 | DO64: 0 | DP64: 1 | DQ64: 1 | DU64: 1005 | DV64: 100 м2 | DW64: 100 м2 | DX64: 100 | EE64: 27029024 | EF64: 2 | EG64: Общестроительные работы | EH64: 0 | EJ64: 1 | EK64: 11001 | EL64: Полы | EM64: ФЕР-11 | EO64: Поправка: МДС 81-35.2004, п.4.7 | EQ64: 131072 | ER64: 366.49 | ES64: 8.54 | ET64: 44.24 | EU64: 17.15 | EV64: 313.71 | EW64: 39.51 | EX64: 1.27 | EY64: 0 | FQ64: 0 | FR64: =ROUND(IF(AND(BH64=3,BI64=3),P64,0),2) -> 0 | FS64: 0 | FT64: *0,9 | FU64: *0,85 | FX64: 110.7 | FY64: 63.75 | GD64: 0 | GF64: 192743499 | GG64: 2 | GH64: 1 | GI64: -2 | GJ64: 0 | GK64: =ROUND(R64*(R12)/100,2) -> 0 | GL64: =ROUND(IF(AND(BH64=3,BI64=3,FS64<>0),P64,0),2) -> 0 | GM64: =ROUND(O64+X64+Y64+GK64,2)+GX64 -> 454.88 | GN64: =IF(OR(BI64=0,BI64=1),ROUND(O64+X64+Y64+GK64,2),0) -> 454.88 | GO64: =IF(BI64=2,ROUND(O64+X64+Y64+GK64,2),0) -> 0 | GP64: =IF(BI64=4,ROUND(O64+X64+Y64+GK64,2)+GX64,0) -> 0 | GR64: 0 | GS64: 3 | GT64: 0 | GV64: =ROUND((GT64),2) -> 0 | GW64: 1 | GX64: =ROUND(HC64*I64,2) -> 0 | HA64: 0 | HB64: 0 | HC64: =GV64*GW64 -> 0 | IK64: 0
A65: 17 | B65: 1 | C65: =ROW(SmtRes!A148) -> 148 | D65: =ROW(EtalonRes!A152) -> 152 | E65: 11 | F65: 11-01-011-01 | G65: Устройство стяжек цементных толщиной 20 мм | H65: 100 м2 | I65: =ROUND(41.6/100,9) -> 0.416 | J65: 0 | O65: =ROUND(CP65,2) -> 1079.26 | P65: =ROUND(CQ65*I65,2) -> 21.71 | Q65: =ROUND(CR65*I65,2) -> 140.56 | R65: =ROUND(CS65*I65,2) -> 54.5 | S65: =ROUND(CT65*I65,2) -> 916.99 | T65: =ROUND(CU65*I65,2) -> 0 | U65: =CV65*I65 -> 18.901584 | V65: =CW65*I65 -> 0.6604 | W65: =ROUND(CX65*I65,2) -> 0 | X65: =ROUND(CY65,2) -> 1078.35 | Y65: =ROUND(CZ65,2) -> 621.75 | AA65: 27935368 | AB65: =ROUND((AC65+AD65+AF65),2) -> 424.61 | AC65: =ROUND((ES65),2) -> 8.54 | AD65: =ROUND(((((ET65*1.25))-((EU65*1.25)))+AE65),2) -> 55.3 | AE65: =ROUND(((EU65*1.25)),2) -> 21.44 | AF65: =ROUND(((EV65*1.15)),2) -> 360.77 | AG65: =ROUND((AP65),2) -> 0 | AH65: =((EW65*1.15)) -> 45.4365 | AI65: =((EX65*1.25)) -> 1.5875 | AJ65: =(AS65) -> 0 | AK65: 366.49 | AL65: 8.54 | AM65: 44.24 | AN65: 17.15 | AO65: 313.71 | AP65: 0 | AQ65: 39.51 | AR65: 1.27 | AS65: 0 | AT65: 111 | AU65: 64 | AV65: 1 | AW65: 1 | AZ65: 6.11 | BA65: 6.11 | BB65: 6.11 | BC65: 6.11 | BH65: 0 | BI65: 1 | BJ65: ФЕР-2001, 11-01-011-01, приказ Минстроя России №1039/пр от 30.12.2016г. | BM65: 11001 | BN65: 0 | BP65: 0 | BQ65: 2 | BR65: 0 | BS65: 6.11 | BT65: 1 | BU65: 1 | BV65: 1 | BW65: 1 | BX65: 1 | BZ65: 123 | CA65: 75 | CE65: 0 | CF65: 0 | CG65: 0 | CM65: 0 | CN65: Поправка: МДС 81-35.2004, п.4.7 Наименование: Работы, выполняемые при реконструкции зданий и сооружений работы, аналогичные технологическим процессам в новом строительстве (в том числе возведение новых конструктивных элементов) стоимость которых определена по соответствующим сборникам ФЕР, кроме сборника № 46 «Работы при реконструкции зданий и сооружений» | CO65: 0 | CP65: =(P65+Q65+S65) -> 1079.26 | CQ65: =AC65*BC65 -> 52.1794 | CR65: =AD65*BB65 -> 337.883 | CS65: =AE65*BS65 -> 130.9984 | CT65: =AF65*BA65 -> 2204.3047 | CU65: =AG65 -> 0 | CV65: =AH65 -> 45.4365 | CW65: =AI65 -> 1.5875 | CX65: =AJ65 -> 0 | CY65: =(((S65+R65)*AT65)/100) -> 1078.3539 | CZ65: =(((S65+R65)*AU65)/100) -> 621.7536 | DE65: )*1,25 | DF65: )*1,25 | DG65: )*1,15 | DI65: )*1,15 | DJ65: )*1,25 | DN65: 0 | DO65: 0 | DP65: 1 | DQ65: 1 | DU65: 1005 | DV65: 100 м2 | DW65: 100 м2 | DX65: 100 | EE65: 27029024 | EF65: 2 | EG65: Общестроительные работы | EH65: 0 | EJ65: 1 | EK65: 11001 | EL65: Полы | EM65: ФЕР-11 | EO65: Поправка: МДС 81-35.2004, п.4.7 | EQ65: 131072 | ER65: 366.49 | ES65: 8.54 | ET65: 44.24 | EU65: 17.15 | EV65: 313.71 | EW65: 39.51 | EX65: 1.27 | EY65: 0 | FQ65: 0 | FR65: =ROUND(IF(AND(BH65=3,BI65=3),P65,0),2) -> 0 | FS65: 0 | FT65: *0,9 | FU65: *0,85 | FX65: 110.7 | FY65: 63.75 | GD65: 0 | GF65: 192743499 | GG65: 1 | GH65: 1 | GI65: 4 | GJ65: 0 | GK65: =ROUND(R65*(S12)/100,2) -> 0 | GL65: =ROUND(IF(AND(BH65=3,BI65=3,FS65<>0),P65,0),2) -> 0 | GM65: =ROUND(O65+X65+Y65+GK65,2)+GX65 -> 2779.36 | GN65: =IF(OR(BI65=0,BI65=1),ROUND(O65+X65+Y65+GK65,2),0) -> 2779.36 | GO65: =IF(BI65=2,ROUND(O65+X65+Y65+GK65,2),0) -> 0 | GP65: =IF(BI65=4,ROUND(O65+X65+Y65+GK65,2)+GX65,0) -> 0 | GR65: 0 | GS65: 3 | GT65: 0 | GV65: =ROUND((GT65),2) -> 0 | GW65: 1 | GX65: =ROUND(HC65*I65,2) -> 0 | HA65: 0 | HB65: 0 | HC65: =GV65*GW65 -> 0 | IK65: 0
A66: 18 | B66: 1 | C66: 142 | E66: 11,1 | F66: 04.3.01.09-0015 | G66: Раствор готовый кладочный цементный марки 150 | H66: м3 | I66: =I64*J66 -> 0.84864 | J66: 2.04 | O66: =ROUND(CP66,2) -> 465.31 | P66: =ROUND(CQ66*I66,2) -> 465.31 | Q66: =ROUND(CR66*I66,2) -> 0 | R66: =ROUND(CS66*I66,2) -> 0 | S66: =ROUND(CT66*I66,2) -> 0 | T66: =ROUND(CU66*I66,2) -> 0 | U66: =CV66*I66 -> 0 | V66: =CW66*I66 -> 0 | W66: =ROUND(CX66*I66,2) -> 0 | X66: =ROUND(CY66,2) -> 0 | Y66: =ROUND(CZ66,2) -> 0 | AA66: 27935367 | AB66: =ROUND((AC66+AD66+AF66),2) -> 548.3 | AC66: =ROUND((ES66),2) -> 548.3 | AD66: =ROUND((((ET66)-(EU66))+AE66),2) -> 0 | AE66: =ROUND((EU66),2) -> 0 | AF66: =ROUND((EV66),2) -> 0 | AG66: =ROUND((AP66),2) -> 0 | AH66: =(EW66) -> 0 | AI66: =(EX66) -> 0 | AJ66: =(AS66) -> 0 | AK66: 548.3 | AL66: 548.3 | AM66: 0 | AN66: 0 | AO66: 0 | AP66: 0 | AQ66: 0 | AR66: 0 | AS66: 0 | AT66: 111 | AU66: 64 | AV66: 1 | AW66: 1 | AZ66: 1 | BA66: 1 | BB66: 1 | BC66: 1 | BH66: 3 | BI66: 1 | BJ66: ФССЦ-2001, 04.3.01.09-0015, приказ Минстроя России №1039/пр от 30.12.2016г. | BM66: 11001 | BN66: 0 | BP66: 0 | BQ66: 2 | BR66: 0 | BS66: 1 | BT66: 1 | BU66: 1 | BV66: 1 | BW66: 1 | BX66: 1 | BZ66: 123 | CA66: 75 | CE66: 0 | CF66: 0 | CG66: 0 | CM66: 0 | CO66: 0 | CP66: =(P66+Q66+S66) -> 465.31 | CQ66: =AC66*BC66 -> 548.3 | CR66: =AD66*BB66 -> 0 | CS66: =AE66*BS66 -> 0 | CT66: =AF66*BA66 -> 0 | CU66: =AG66 -> 0 | CV66: =AH66 -> 0 | CW66: =AI66 -> 0 | CX66: =AJ66 -> 0 | CY66: =(((S66+R66)*AT66)/100) -> 0 | CZ66: =(((S66+R66)*AU66)/100) -> 0 | DN66: 0 | DO66: 0 | DP66: 1 | DQ66: 1 | DU66: 1007 | DV66: м3 | DW66: м3 | DX66: 1 | EE66: 27029024 | EF66: 2 | EG66: Общестроительные работы | EH66: 0 | EJ66: 1 | EK66: 11001 | EL66: Полы | EM66: ФЕР-11 | EQ66: 0 | ER66: 548.3 | ES66: 548.3 | ET66: 0 | EU66: 0 | EV66: 0 | EW66: 0 | EX66: 0 | FQ66: 0 | FR66: =ROUND(IF(AND(BH66=3,BI66=3),P66,0),2) -> 0 | FS66: 0 | FT66: *0,9 | FU66: *0,85 | FX66: 110.7 | FY66: 63.75 | GD66: 0 | GF66: -1970722706 | GG66: 2 | GH66: 1 | GI66: -2 | GJ66: 0 | GK66: =ROUND(R66*(R12)/100,2) -> 0 | GL66: =ROUND(IF(AND(BH66=3,BI66=3,FS66<>0),P66,0),2) -> 0 | GM66: =ROUND(O66+X66+Y66+GK66,2)+GX66 -> 465.31 | GN66: =IF(OR(BI66=0,BI66=1),ROUND(O66+X66+Y66+GK66,2),0) -> 465.31 | GO66: =IF(BI66=2,ROUND(O66+X66+Y66+GK66,2),0) -> 0 | GP66: =IF(BI66=4,ROUND(O66+X66+Y66+GK66,2)+GX66,0) -> 0 | GR66: 0 | GS66: 3 | GT66: 0 | GV66: =ROUND((GT66),2) -> 0 | GW66: 1 | GX66: =ROUND(HC66*I66,2) -> 0 | HA66: 0 | HB66: 0 | HC66: =GV66*GW66 -> 0 | IK66: 0
A67: 18 | B67: 1 | C67: 148 | E67: 11,1 | F67: 04.3.01.09-0015 | G67: Раствор готовый кладочный цементный марки 150 | H67: м3 | I67: =I65*J67 -> 0.84864 | J67: 2.04 | O67: =ROUND(CP67,2) -> 2843.04 | P67: =ROUND(CQ67*I67,2) -> 2843.04 | Q67: =ROUND(CR67*I67,2) -> 0 | R67: =ROUND(CS67*I67,2) -> 0 | S67: =ROUND(CT67*I67,2) -> 0 | T67: =ROUND(CU67*I67,2) -> 0 | U67: =CV67*I67 -> 0 | V67: =CW67*I67 -> 0 | W67: =ROUND(CX67*I67,2) -> 0 | X67: =ROUND(CY67,2) -> 0 | Y67: =ROUND(CZ67,2) -> 0 | AA67: 27935368 | AB67: =ROUND((AC67+AD67+AF67),2) -> 548.3 | AC67: =ROUND((ES67),2) -> 548.3 | AD67: =ROUND((((ET67)-(EU67))+AE67),2) -> 0 | AE67: =ROUND((EU67),2) -> 0 | AF67: =ROUND((EV67),2) -> 0 | AG67: =ROUND((AP67),2) -> 0 | AH67: =(EW67) -> 0 | AI67: =(EX67) -> 0 | AJ67: =(AS67) -> 0 | AK67: 548.3 | AL67: 548.3 | AM67: 0 | AN67: 0 | AO67: 0 | AP67: 0 | AQ67: 0 | AR67: 0 | AS67: 0 | AT67: 111 | AU67: 64 | AV67: 1 | AW67: 1 | AZ67: 6.11 | BA67: 1 | BB67: 1 | BC67: 6.11 | BH67: 3 | BI67: 1 | BJ67: ФССЦ-2001, 04.3.01.09-0015, приказ Минстроя России №1039/пр от 30.12.2016г. | BM67: 11001 | BN67: 0 | BP67: 0 | BQ67: 2 | BR67: 0 | BS67: 1 | BT67: 1 | BU67: 1 | BV67: 1 | BW67: 1 | BX67: 1 | BZ67: 123 | CA67: 75 | CE67: 0 | CF67: 0 | CG67: 0 | CM67: 0 | CO67: 0 | CP67: =(P67+Q67+S67) -> 2843.04 | CQ67: =AC67*BC67 -> 3350.113 | CR67: =AD67*BB67 -> 0 | CS67: =AE67*BS67 -> 0 | CT67: =AF67*BA67 -> 0 | CU67: =AG67 -> 0 | CV67: =AH67 -> 0 | CW67: =AI67 -> 0 | CX67: =AJ67 -> 0 | CY67: =(((S67+R67)*AT67)/100) -> 0 | CZ67: =(((S67+R67)*AU67)/100) -> 0 | DN67: 0 | DO67: 0 | DP67: 1 | DQ67: 1 | DU67: 1007 | DV67: м3 | DW67: м3 | DX67: 1 | EE67: 27029024 | EF67: 2 | EG67: Общестроительные работы | EH67: 0 | EJ67: 1 | EK67: 11001 | EL67: Полы | EM67: ФЕР-11 | EQ67: 0 | ER67: 548.3 | ES67: 548.3 | ET67: 0 | EU67: 0 | EV67: 0 | EW67: 0 | EX67: 0 | FQ67: 0 | FR67: =ROUND(IF(AND(BH67=3,BI67=3),P67,0),2) -> 0 | FS67: 0 | FT67: *0,9 | FU67: *0,85 | FX67: 110.7 | FY67: 63.75 | GD67: 0 | GF67: -1970722706 | GG67: 1 | GH67: 1 | GI67: 4 | GJ67: 0 | GK67: =ROUND(R67*(S12)/100,2) -> 0 | GL67: =ROUND(IF(AND(BH67=3,BI67=3,FS67<>0),P67,0),2) -> 0 | GM67: =ROUND(O67+X67+Y67+GK67,2)+GX67 -> 2843.04 | GN67: =IF(OR(BI67=0,BI67=1),ROUND(O67+X67+Y67+GK67,2),0) -> 2843.04 | GO67: =IF(BI67=2,ROUND(O67+X67+Y67+GK67,2),0) -> 0 | GP67: =IF(BI67=4,ROUND(O67+X67+Y67+GK67,2)+GX67,0) -> 0 | GR67: 0 | GS67: 3 | GT67: 0 | GV67: =ROUND((GT67),2) -> 0 | GW67: 1 | GX67: =ROUND(HC67*I67,2) -> 0 | HA67: 0 | HB67: 0 | HC67: =GV67*GW67 -> 0 | IK67: 0
A68: 17 | B68: 1 | C68: =ROW(SmtRes!A155) -> 155 | D68: =ROW(EtalonRes!A159) -> 159 | E68: 12 | F68: 11-01-011-08 | G68: Устройство стяжек из выравнивающей смеси типа "Ветонит" 5000, толщиной 5 мм | H68: 100 м2 | I68: =ROUND(41.6/100,9) -> 0.416 | J68: 0 | O68: =ROUND(CP68,2) -> 4608.71 | P68: =ROUND(CQ68*I68,2) -> 4451.75 | Q68: =ROUND(CR68*I68,2) -> 3.24 | R68: =ROUND(CS68*I68,2) -> 1.02 | S68: =ROUND(CT68*I68,2) -> 153.72 | T68: =ROUND(CU68*I68,2) -> 0 | U68: =CV68*I68 -> 18.021328 | V68: =CW68*I68 -> 0.0884 | W68: =ROUND(CX68*I68,2) -> 0 | X68: =ROUND(CY68,2) -> 171.76 | Y68: =ROUND(CZ68,2) -> 99.03 | AA68: 27935367 | AB68: =ROUND((AC68+AD68+AF68),2) -> 11078.65 | AC68: =ROUND((ES68),2) -> 10701.33 | AD68: =ROUND(((((ET68*1.25))-((EU68*1.25)))+AE68),2) -> 7.79 | AE68: =ROUND(((EU68*1.25)),2) -> 2.46 | AF68: =ROUND(((EV68*1.15)),2) -> 369.53 | AG68: =ROUND((AP68),2) -> 0 | AH68: =((EW68*1.15)) -> 43.3205 | AI68: =((EX68*1.25)) -> 0.2125 | AJ68: =(AS68) -> 0 | AK68: 11028.89 | AL68: 10701.33 | AM68: 6.23 | AN68: 1.97 | AO68: 321.33 | AP68: 0 | AQ68: 37.67 | AR68: 0.17 | AS68: 0 | AT68: 111 | AU68: 64 | AV68: 1 | AW68: 1 | AZ68: 1 | BA68: 1 | BB68: 1 | BC68: 1 | BH68: 0 | BI68: 1 | BJ68: ФЕР-2001, 11-01-011-08, приказ Минстроя России №1039/пр от 30.12.2016г. | BM68: 11001 | BN68: 0 | BP68: 0 | BQ68: 2 | BR68: 0 | BS68: 1 | BT68: 1 | BU68: 1 | BV68: 1 | BW68: 1 | BX68: 1 | BZ68: 123 | CA68: 75 | CE68: 0 | CF68: 0 | CG68: 0 | CM68: 0 | CN68: Поправка: МДС 81-35.2004, п.4.7 Наименование: Работы, выполняемые при реконструкции зданий и сооружений работы, аналогичные технологическим процессам в новом строительстве (в том числе возведение новых конструктивных элементов) стоимость которых определена по соответствующим сборникам ФЕР, кроме сборника № 46 «Работы при реконструкции зданий и сооружений» | CO68: 0 | CP68: =(P68+Q68+S68) -> 4608.71 | CQ68: =AC68*BC68 -> 10701.33 | CR68: =AD68*BB68 -> 7.79 | CS68: =AE68*BS68 -> 2.46 | CT68: =AF68*BA68 -> 369.53 | CU68: =AG68 -> 0 | CV68: =AH68 -> 43.3205 | CW68: =AI68 -> 0.2125 | CX68: =AJ68 -> 0 | CY68: =(((S68+R68)*AT68)/100) -> 171.7614 | CZ68: =(((S68+R68)*AU68)/100) -> 99.0336 | DE68: )*1,25 | DF68: )*1,25 | DG68: )*1,15 | DI68: )*1,15 | DJ68: )*1,25 | DN68: 0 | DO68: 0 | DP68: 1 | DQ68: 1 | DU68: 1005 | DV68: 100 м2 | DW68: 100 м2 | DX68: 100 | EE68: 27029024 | EF68: 2 | EG68: Общестроительные работы | EH68: 0 | EJ68: 1 | EK68: 11001 | EL68: Полы | EM68: ФЕР-11 | EO68: Поправка: МДС 81-35.2004, п.4.7 | EQ68: 131072 | ER68: 11028.89 | ES68: 10701.33 | ET68: 6.23 | EU68: 1.97 | EV68: 321.33 | EW68: 37.67 | EX68: 0.17 | EY68: 0 | FQ68: 0 | FR68: =ROUND(IF(AND(BH68=3,BI68=3),P68,0),2) -> 0 | FS68: 0 | FT68: *0,9 | FU68: *0,85 | FX68: 110.7 | FY68: 63.75 | GD68: 0 | GF68: 1715562049 | GG68: 2 | GH68: 1 | GI68: -2 | GJ68: 0 | GK68: =ROUND(R68*(R12)/100,2) -> 0 | GL68: =ROUND(IF(AND(BH68=3,BI68=3,FS68<>0),P68,0),2) -> 0 | GM68: =ROUND(O68+X68+Y68+GK68,2)+GX68 -> 4879.5 | GN68: =IF(OR(BI68=0,BI68=1),ROUND(O68+X68+Y68+GK68,2),0) -> 4879.5 | GO68: =IF(BI68=2,ROUND(O68+X68+Y68+GK68,2),0) -> 0 | GP68: =IF(BI68=4,ROUND(O68+X68+Y68+GK68,2)+GX68,0) -> 0 | GR68: 0 | GS68: 3 | GT68: 0 | GV68: =ROUND((GT68),2) -> 0 | GW68: 1 | GX68: =ROUND(HC68*I68,2) -> 0 | HA68: 0 | HB68: 0 | HC68: =GV68*GW68 -> 0 | IK68: 0
A69: 17 | B69: 1 | C69: =ROW(SmtRes!A162) -> 162 | D69: =ROW(EtalonRes!A166) -> 166 | E69: 12 | F69: 11-01-011-08 | G69: Устройство стяжек из выравнивающей смеси типа "Ветонит" 5000, толщиной 5 мм | H69: 100 м2 | I69: =ROUND(41.6/100,9) -> 0.416 | J69: 0 | O69: =ROUND(CP69,2) -> 28159.27 | P69: =ROUND(CQ69*I69,2) -> 27200.21 | Q69: =ROUND(CR69*I69,2) -> 19.8 | R69: =ROUND(CS69*I69,2) -> 6.25 | S69: =ROUND(CT69*I69,2) -> 939.26 | T69: =ROUND(CU69*I69,2) -> 0 | U69: =CV69*I69 -> 18.021328 | V69: =CW69*I69 -> 0.0884 | W69: =ROUND(CX69*I69,2) -> 0 | X69: =ROUND(CY69,2) -> 1049.52 | Y69: =ROUND(CZ69,2) -> 605.13 | AA69: 27935368 | AB69: =ROUND((AC69+AD69+AF69),2) -> 11078.65 | AC69: =ROUND((ES69),2) -> 10701.33 | AD69: =ROUND(((((ET69*1.25))-((EU69*1.25)))+AE69),2) -> 7.79 | AE69: =ROUND(((EU69*1.25)),2) -> 2.46 | AF69: =ROUND(((EV69*1.15)),2) -> 369.53 | AG69: =ROUND((AP69),2) -> 0 | AH69: =((EW69*1.15)) -> 43.3205 | AI69: =((EX69*1.25)) -> 0.2125 | AJ69: =(AS69) -> 0 | AK69: 11028.89 | AL69: 10701.33 | AM69: 6.23 | AN69: 1.97 | AO69: 321.33 | AP69: 0 | AQ69: 37.67 | AR69: 0.17 | AS69: 0 | AT69: 111 | AU69: 64 | AV69: 1 | AW69: 1 | AZ69: 6.11 | BA69: 6.11 | BB69: 6.11 | BC69: 6.11 | BH69: 0 | BI69: 1 | BJ69: ФЕР-2001, 11-01-011-08, приказ Минстроя России №1039/пр от 30.12.2016г. | BM69: 11001 | BN69: 0 | BP69: 0 | BQ69: 2 | BR69: 0 | BS69: 6.11 | BT69: 1 | BU69: 1 | BV69: 1 | BW69: 1 | BX69: 1 | BZ69: 123 | CA69: 75 | CE69: 0 | CF69: 0 | CG69: 0 | CM69: 0 | CN69: Поправка: МДС 81-35.2004, п.4.7 Наименование: Работы, выполняемые при реконструкции зданий и сооружений работы, аналогичные технологическим процессам в новом строительстве (в том числе возведение новых конструктивных элементов) стоимость которых определена по соответствующим сборникам ФЕР, кроме сборника № 46 «Работы при реконструкции зданий и сооружений» | CO69: 0 | CP69: =(P69+Q69+S69) -> 28159.27 | CQ69: =AC69*BC69 -> 65385.126 | CR69: =AD69*BB69 -> 47.5969 | CS69: =AE69*BS69 -> 15.0306 | CT69: =AF69*BA69 -> 2257.8283 | CU69: =AG69 -> 0 | CV69: =AH69 -> 43.3205 | CW69: =AI69 -> 0.2125 | CX69: =AJ69 -> 0 | CY69: =(((S69+R69)*AT69)/100) -> 1049.5161 | CZ69: =(((S69+R69)*AU69)/100) -> 605.1264 | DE69: )*1,25 | DF69: )*1,25 | DG69: )*1,15 | DI69: )*1,15 | DJ69: )*1,25 | DN69: 0 | DO69: 0 | DP69: 1 | DQ69: 1 | DU69: 1005 | DV69: 100 м2 | DW69: 100 м2 | DX69: 100 | EE69: 27029024 | EF69: 2 | EG69: Общестроительные работы | EH69: 0 | EJ69: 1 | EK69: 11001 | EL69: Полы | EM69: ФЕР-11 | EO69: Поправка: МДС 81-35.2004, п.4.7 | EQ69: 131072 | ER69: 11028.89 | ES69: 10701.33 | ET69: 6.23 | EU69: 1.97 | EV69: 321.33 | EW69: 37.67 | EX69: 0.17 | EY69: 0 | FQ69: 0 | FR69: =ROUND(IF(AND(BH69=3,BI69=3),P69,0),2) -> 0 | FS69: 0 | FT69: *0,9 | FU69: *0,85 | FX69: 110.7 | FY69: 63.75 | GD69: 0 | GF69: 1715562049 | GG69: 1 | GH69: 1 | GI69: 4 | GJ69: 0 | GK69: =ROUND(R69*(S12)/100,2) -> 0 | GL69: =ROUND(IF(AND(BH69=3,BI69=3,FS69<>0),P69,0),2) -> 0 | GM69: =ROUND(O69+X69+Y69+GK69,2)+GX69 -> 29813.92 | GN69: =IF(OR(BI69=0,BI69=1),ROUND(O69+X69+Y69+GK69,2),0) -> 29813.92 | GO69: =IF(BI69=2,ROUND(O69+X69+Y69+GK69,2),0) -> 0 | GP69: =IF(BI69=4,ROUND(O69+X69+Y69+GK69,2)+GX69,0) -> 0 | GR69: 0 | GS69: 3 | GT69: 0 | GV69: =ROUND((GT69),2) -> 0 | GW69: 1 | GX69: =ROUND(HC69*I69,2) -> 0 | HA69: 0 | HB69: 0 | HC69: =GV69*GW69 -> 0 | IK69: 0
A70: 17 | B70: 1 | C70: =ROW(SmtRes!A174) -> 174 | D70: =ROW(EtalonRes!A178) -> 178 | E70: 13 | F70: 11-01-047-01 | G70: Устройство покрытий из плит керамогранитных размером 40х40 см | H70: 100 м2 | I70: =ROUND(41.6/100,9) -> 0.416 | J70: 0 | O70: =ROUND(CP70,2) -> 9147.78 | P70: =ROUND(CQ70*I70,2) -> 7837.29 | Q70: =ROUND(CR70*I70,2) -> 12.56 | R70: =ROUND(CS70*I70,2) -> 9.11 | S70: =ROUND(CT70*I70,2) -> 1297.93 | T70: =ROUND(CU70*I70,2) -> 0 | U70: =CV70*I70 -> 148.50493 | V70: =CW70*I70 -> 0.8996 | W70: =ROUND(CX70*I70,2) -> 0 | X70: =ROUND(CY70,2) -> 1450.81 | Y70: =ROUND(CZ70,2) -> 836.51 | AA70: 27935367 | AB70: =ROUND((AC70+AD70+AF70),2) -> 21989.86 | AC70: =ROUND((ES70),2) -> 18839.64 | AD70: =ROUND(((((ET70*1.25))-((EU70*1.25)))+AE70),2) -> 30.19 | AE70: =ROUND(((EU70*1.25)),2) -> 21.89 | AF70: =ROUND(((EV70*1.15)),2) -> 3120.03 | AG70: =ROUND((AP70),2) -> 0 | AH70: =((EW70*1.15)) -> 356.983 | AI70: =((EX70*1.25)) -> 2.1625 | AJ70: =(AS70) -> 0 | AK70: 21576.86 | AL70: 18839.64 | AM70: 24.15 | AN70: 17.51 | AO70: 2713.07 | AP70: 0 | AQ70: 310.42 | AR70: 1.73 | AS70: 0 | AT70: 111 | AU70: 64 | AV70: 1 | AW70: 1 | AZ70: 1 | BA70: 1 | BB70: 1 | BC70: 1 | BH70: 0 | BI70: 1 | BJ70: ФЕР-2001, 11-01-047-01, приказ Минстроя России №1039/пр от 30.12.2016г. | BM70: 11001 | BN70: 0 | BP70: 0 | BQ70: 2 | BR70: 0 | BS70: 1 | BT70: 1 | BU70: 1 | BV70: 1 | BW70: 1 | BX70: 1 | BZ70: 123 | CA70: 75 | CE70: 0 | CF70: 0 | CG70: 0 | CM70: 0 | CN70: Поправка: МДС 81-35.2004, п.4.7 Наименование: Работы, выполняемые при реконструкции зданий и сооружений работы, аналогичные технологическим процессам в новом строительстве (в том числе возведение новых конструктивных элементов) стоимость которых определена по соответствующим сборникам ФЕР, кроме сборника № 46 «Работы при реконструкции зданий и сооружений» | CO70: 0 | CP70: =(P70+Q70+S70) -> 9147.78 | CQ70: =AC70*BC70 -> 18839.64 | CR70: =AD70*BB70 -> 30.19 | CS70: =AE70*BS70 -> 21.89 | CT70: =AF70*BA70 -> 3120.03 | CU70: =AG70 -> 0 | CV70: =AH70 -> 356.983 | CW70: =AI70 -> 2.1625 | CX70: =AJ70 -> 0 | CY70: =(((S70+R70)*AT70)/100) -> 1450.8144 | CZ70: =(((S70+R70)*AU70)/100) -> 836.5056 | DE70: )*1,25 | DF70: )*1,25 | DG70: )*1,15 | DI70: )*1,15 | DJ70: )*1,25 | DN70: 0 | DO70: 0 | DP70: 1 | DQ70: 1 | DU70: 1005 | DV70: 100 м2 | DW70: 100 м2 | DX70: 100 | EE70: 27029024 | EF70: 2 | EG70: Общестроительные работы | EH70: 0 | EJ70: 1 | EK70: 11001 | EL70: Полы | EM70: ФЕР-11 | EO70: Поправка: МДС 81-35.2004, п.4.7 | EQ70: 131072 | ER70: 21576.86 | ES70: 18839.64 | ET70: 24.15 | EU70: 17.51 | EV70: 2713.07 | EW70: 310.42 | EX70: 1.73 | EY70: 0 | FQ70: 0 | FR70: =ROUND(IF(AND(BH70=3,BI70=3),P70,0),2) -> 0 | FS70: 0 | FT70: *0,9 | FU70: *0,85 | FX70: 110.7 | FY70: 63.75 | GD70: 0 | GF70: 1016495109 | GG70: 2 | GH70: 1 | GI70: -2 | GJ70: 0 | GK70: =ROUND(R70*(R12)/100,2) -> 0 | GL70: =ROUND(IF(AND(BH70=3,BI70=3,FS70<>0),P70,0),2) -> 0 | GM70: =ROUND(O70+X70+Y70+GK70,2)+GX70 -> 11435.1 | GN70: =IF(OR(BI70=0,BI70=1),ROUND(O70+X70+Y70+GK70,2),0) -> 11435.1 | GO70: =IF(BI70=2,ROUND(O70+X70+Y70+GK70,2),0) -> 0 | GP70: =IF(BI70=4,ROUND(O70+X70+Y70+GK70,2)+GX70,0) -> 0 | GR70: 0 | GS70: 3 | GT70: 0 | GV70: =ROUND((GT70),2) -> 0 | GW70: 1 | GX70: =ROUND(HC70*I70,2) -> 0 | HA70: 0 | HB70: 0 | HC70: =GV70*GW70 -> 0 | IK70: 0
A71: 17 | B71: 1 | C71: =ROW(SmtRes!A186) -> 186 | D71: =ROW(EtalonRes!A190) -> 190 | E71: 13 | F71: 11-01-047-01 | G71: Устройство покрытий из плит керамогранитных размером 40х40 см | H71: 100 м2 | I71: =ROUND(41.6/100,9) -> 0.416 | J71: 0 | O71: =ROUND(CP71,2) -> 55892.95 | P71: =ROUND(CQ71*I71,2) -> 47885.84 | Q71: =ROUND(CR71*I71,2) -> 76.74 | R71: =ROUND(CS71*I71,2) -> 55.64 | S71: =ROUND(CT71*I71,2) -> 7930.37 | T71: =ROUND(CU71*I71,2) -> 0 | U71: =CV71*I71 -> 148.50493 | V71: =CW71*I71 -> 0.8996 | W71: =ROUND(CX71*I71,2) -> 0 | X71: =ROUND(CY71,2) -> 8864.47 | Y71: =ROUND(CZ71,2) -> 5111.05 | AA71: 27935368 | AB71: =ROUND((AC71+AD71+AF71),2) -> 21989.86 | AC71: =ROUND((ES71),2) -> 18839.64 | AD71: =ROUND(((((ET71*1.25))-((EU71*1.25)))+AE71),2) -> 30.19 | AE71: =ROUND(((EU71*1.25)),2) -> 21.89 | AF71: =ROUND(((EV71*1.15)),2) -> 3120.03 | AG71: =ROUND((AP71),2) -> 0 | AH71: =((EW71*1.15)) -> 356.983 | AI71: =((EX71*1.25)) -> 2.1625 | AJ71: =(AS71) -> 0 | AK71: 21576.86 | AL71: 18839.64 | AM71: 24.15 | AN71: 17.51 | AO71: 2713.07 | AP71: 0 | AQ71: 310.42 | AR71: 1.73 | AS71: 0 | AT71: 111 | AU71: 64 | AV71: 1 | AW71: 1 | AZ71: 6.11 | BA71: 6.11 | BB71: 6.11 | BC71: 6.11 | BH71: 0 | BI71: 1 | BJ71: ФЕР-2001, 11-01-047-01, приказ Минстроя России №1039/пр от 30.12.2016г. | BM71: 11001 | BN71: 0 | BP71: 0 | BQ71: 2 | BR71: 0 | BS71: 6.11 | BT71: 1 | BU71: 1 | BV71: 1 | BW71: 1 | BX71: 1 | BZ71: 123 | CA71: 75 | CE71: 0 | CF71: 0 | CG71: 0 | CM71: 0 | CN71: Поправка: МДС 81-35.2004, п.4.7 Наименование: Работы, выполняемые при реконструкции зданий и сооружений работы, аналогичные технологическим процессам в новом строительстве (в том числе возведение новых конструктивных элементов) стоимость которых определена по соответствующим сборникам ФЕР, кроме сборника № 46 «Работы при реконструкции зданий и сооружений» | CO71: 0 | CP71: =(P71+Q71+S71) -> 55892.95 | CQ71: =AC71*BC71 -> 115110.2 | CR71: =AD71*BB71 -> 184.4609 | CS71: =AE71*BS71 -> 133.7479 | CT71: =AF71*BA71 -> 19063.383 | CU71: =AG71 -> 0 | CV71: =AH71 -> 356.983 | CW71: =AI71 -> 2.1625 | CX71: =AJ71 -> 0 | CY71: =(((S71+R71)*AT71)/100) -> 8864.4711 | CZ71: =(((S71+R71)*AU71)/100) -> 5111.0464 | DE71: )*1,25 | DF71: )*1,25 | DG71: )*1,15 | DI71: )*1,15 | DJ71: )*1,25 | DN71: 0 | DO71: 0 | DP71: 1 | DQ71: 1 | DU71: 1005 | DV71: 100 м2 | DW71: 100 м2 | DX71: 100 | EE71: 27029024 | EF71: 2 | EG71: Общестроительные работы | EH71: 0 | EJ71: 1 | EK71: 11001 | EL71: Полы | EM71: ФЕР-11 | EO71: Поправка: МДС 81-35.2004, п.4.7 | EQ71: 131072 | ER71: 21576.86 | ES71: 18839.64 | ET71: 24.15 | EU71: 17.51 | EV71: 2713.07 | EW71: 310.42 | EX71: 1.73 | EY71: 0 | FQ71: 0 | FR71: =ROUND(IF(AND(BH71=3,BI71=3),P71,0),2) -> 0 | FS71: 0 | FT71: *0,9 | FU71: *0,85 | FX71: 110.7 | FY71: 63.75 | GD71: 0 | GF71: 1016495109 | GG71: 1 | GH71: 1 | GI71: 4 | GJ71: 0 | GK71: =ROUND(R71*(S12)/100,2) -> 0 | GL71: =ROUND(IF(AND(BH71=3,BI71=3,FS71<>0),P71,0),2) -> 0 | GM71: =ROUND(O71+X71+Y71+GK71,2)+GX71 -> 69868.47 | GN71: =IF(OR(BI71=0,BI71=1),ROUND(O71+X71+Y71+GK71,2),0) -> 69868.47 | GO71: =IF(BI71=2,ROUND(O71+X71+Y71+GK71,2),0) -> 0 | GP71: =IF(BI71=4,ROUND(O71+X71+Y71+GK71,2)+GX71,0) -> 0 | GR71: 0 | GS71: 3 | GT71: 0 | GV71: =ROUND((GT71),2) -> 0 | GW71: 1 | GX71: =ROUND(HC71*I71,2) -> 0 | HA71: 0 | HB71: 0 | HC71: =GV71*GW71 -> 0 | IK71: 0
A72: 18 | B72: 1 | C72: 174 | E72: 13,1 | F72: 14.4.01.02-0113 | G72: Грунтовка акриловая НОРТЕКС-ГРУНТ | H72: кг | I72: =I70*J72 -> 5.408 | J72: 13 | O72: =ROUND(CP72,2) -> 82.47 | P72: =ROUND(CQ72*I72,2) -> 82.47 | Q72: =ROUND(CR72*I72,2) -> 0 | R72: =ROUND(CS72*I72,2) -> 0 | S72: =ROUND(CT72*I72,2) -> 0 | T72: =ROUND(CU72*I72,2) -> 0 | U72: =CV72*I72 -> 0 | V72: =CW72*I72 -> 0 | W72: =ROUND(CX72*I72,2) -> 0 | X72: =ROUND(CY72,2) -> 0 | Y72: =ROUND(CZ72,2) -> 0 | AA72: 27935367 | AB72: =ROUND((AC72+AD72+AF72),2) -> 15.25 | AC72: =ROUND((ES72),2) -> 15.25 | AD72: =ROUND((((ET72)-(EU72))+AE72),2) -> 0 | AE72: =ROUND((EU72),2) -> 0 | AF72: =ROUND((EV72),2) -> 0 | AG72: =ROUND((AP72),2) -> 0 | AH72: =(EW72) -> 0 | AI72: =(EX72) -> 0 | AJ72: =(AS72) -> 0 | AK72: 15.25 | AL72: 15.25 | AM72: 0 | AN72: 0 | AO72: 0 | AP72: 0 | AQ72: 0 | AR72: 0 | AS72: 0 | AT72: 111 | AU72: 64 | AV72: 1 | AW72: 1 | AZ72: 1 | BA72: 1 | BB72: 1 | BC72: 1 | BH72: 3 | BI72: 1 | BJ72: ФССЦ-2001, 14.4.01.02-0113, приказ Минстроя России №1039/пр от 30.12.2016г. | BM72: 11001 | BN72: 0 | BP72: 0 | BQ72: 2 | BR72: 0 | BS72: 1 | BT72: 1 | BU72: 1 | BV72: 1 | BW72: 1 | BX72: 1 | BZ72: 123 | CA72: 75 | CE72: 0 | CF72: 0 | CG72: 0 | CM72: 0 | CO72: 0 | CP72: =(P72+Q72+S72) -> 82.47 | CQ72: =AC72*BC72 -> 15.25 | CR72: =AD72*BB72 -> 0 | CS72: =AE72*BS72 -> 0 | CT72: =AF72*BA72 -> 0 | CU72: =AG72 -> 0 | CV72: =AH72 -> 0 | CW72: =AI72 -> 0 | CX72: =AJ72 -> 0 | CY72: =(((S72+R72)*AT72)/100) -> 0 | CZ72: =(((S72+R72)*AU72)/100) -> 0 | DN72: 0 | DO72: 0 | DP72: 1 | DQ72: 1 | DU72: 1009 | DV72: кг | DW72: кг | DX72: 1 | EE72: 27029024 | EF72: 2 | EG72: Общестроительные работы | EH72: 0 | EJ72: 1 | EK72: 11001 | EL72: Полы | EM72: ФЕР-11 | EQ72: 0 | ER72: 15.25 | ES72: 15.25 | ET72: 0 | EU72: 0 | EV72: 0 | EW72: 0 | EX72: 0 | FQ72: 0 | FR72: =ROUND(IF(AND(BH72=3,BI72=3),P72,0),2) -> 0 | FS72: 0 | FT72: *0,9 | FU72: *0,85 | FX72: 110.7 | FY72: 63.75 | GD72: 0 | GF72: 303141801 | GG72: 2 | GH72: 1 | GI72: -2 | GJ72: 0 | GK72: =ROUND(R72*(R12)/100,2) -> 0 | GL72: =ROUND(IF(AND(BH72=3,BI72=3,FS72<>0),P72,0),2) -> 0 | GM72: =ROUND(O72+X72+Y72+GK72,2)+GX72 -> 82.47 | GN72: =IF(OR(BI72=0,BI72=1),ROUND(O72+X72+Y72+GK72,2),0) -> 82.47 | GO72: =IF(BI72=2,ROUND(O72+X72+Y72+GK72,2),0) -> 0 | GP72: =IF(BI72=4,ROUND(O72+X72+Y72+GK72,2)+GX72,0) -> 0 | GR72: 0 | GS72: 3 | GT72: 0 | GV72: =ROUND((GT72),2) -> 0 | GW72: 1 | GX72: =ROUND(HC72*I72,2) -> 0 | HA72: 0 | HB72: 0 | HC72: =GV72*GW72 -> 0 | IK72: 0
A73: 18 | B73: 1 | C73: 186 | E73: 13,1 | F73: 14.4.01.02-0113 | G73: Грунтовка акриловая НОРТЕКС-ГРУНТ | H73: кг | I73: =I71*J73 -> 5.408 | J73: 13 | O73: =ROUND(CP73,2) -> 503.9 | P73: =ROUND(CQ73*I73,2) -> 503.9 | Q73: =ROUND(CR73*I73,2) -> 0 | R73: =ROUND(CS73*I73,2) -> 0 | S73: =ROUND(CT73*I73,2) -> 0 | T73: =ROUND(CU73*I73,2) -> 0 | U73: =CV73*I73 -> 0 | V73: =CW73*I73 -> 0 | W73: =ROUND(CX73*I73,2) -> 0 | X73: =ROUND(CY73,2) -> 0 | Y73: =ROUND(CZ73,2) -> 0 | AA73: 27935368 | AB73: =ROUND((AC73+AD73+AF73),2) -> 15.25 | AC73: =ROUND((ES73),2) -> 15.25 | AD73: =ROUND((((ET73)-(EU73))+AE73),2) -> 0 | AE73: =ROUND((EU73),2) -> 0 | AF73: =ROUND((EV73),2) -> 0 | AG73: =ROUND((AP73),2) -> 0 | AH73: =(EW73) -> 0 | AI73: =(EX73) -> 0 | AJ73: =(AS73) -> 0 | AK73: 15.25 | AL73: 15.25 | AM73: 0 | AN73: 0 | AO73: 0 | AP73: 0 | AQ73: 0 | AR73: 0 | AS73: 0 | AT73: 111 | AU73: 64 | AV73: 1 | AW73: 1 | AZ73: 6.11 | BA73: 1 | BB73: 1 | BC73: 6.11 | BH73: 3 | BI73: 1 | BJ73: ФССЦ-2001, 14.4.01.02-0113, приказ Минстроя России №1039/пр от 30.12.2016г. | BM73: 11001 | BN73: 0 | BP73: 0 | BQ73: 2 | BR73: 0 | BS73: 1 | BT73: 1 | BU73: 1 | BV73: 1 | BW73: 1 | BX73: 1 | BZ73: 123 | CA73: 75 | CE73: 0 | CF73: 0 | CG73: 0 | CM73: 0 | CO73: 0 | CP73: =(P73+Q73+S73) -> 503.9 | CQ73: =AC73*BC73 -> 93.1775 | CR73: =AD73*BB73 -> 0 | CS73: =AE73*BS73 -> 0 | CT73: =AF73*BA73 -> 0 | CU73: =AG73 -> 0 | CV73: =AH73 -> 0 | CW73: =AI73 -> 0 | CX73: =AJ73 -> 0 | CY73: =(((S73+R73)*AT73)/100) -> 0 | CZ73: =(((S73+R73)*AU73)/100) -> 0 | DN73: 0 | DO73: 0 | DP73: 1 | DQ73: 1 | DU73: 1009 | DV73: кг | DW73: кг | DX73: 1 | EE73: 27029024 | EF73: 2 | EG73: Общестроительные работы | EH73: 0 | EJ73: 1 | EK73: 11001 | EL73: Полы | EM73: ФЕР-11 | EQ73: 0 | ER73: 15.25 | ES73: 15.25 | ET73: 0 | EU73: 0 | EV73: 0 | EW73: 0 | EX73: 0 | FQ73: 0 | FR73: =ROUND(IF(AND(BH73=3,BI73=3),P73,0),2) -> 0 | FS73: 0 | FT73: *0,9 | FU73: *0,85 | FX73: 110.7 | FY73: 63.75 | GD73: 0 | GF73: 303141801 | GG73: 1 | GH73: 1 | GI73: 4 | GJ73: 0 | GK73: =ROUND(R73*(S12)/100,2) -> 0 | GL73: =ROUND(IF(AND(BH73=3,BI73=3,FS73<>0),P73,0),2) -> 0 | GM73: =ROUND(O73+X73+Y73+GK73,2)+GX73 -> 503.9 | GN73: =IF(OR(BI73=0,BI73=1),ROUND(O73+X73+Y73+GK73,2),0) -> 503.9 | GO73: =IF(BI73=2,ROUND(O73+X73+Y73+GK73,2),0) -> 0 | GP73: =IF(BI73=4,ROUND(O73+X73+Y73+GK73,2)+GX73,0) -> 0 | GR73: 0 | GS73: 3 | GT73: 0 | GV73: =ROUND((GT73),2) -> 0 | GW73: 1 | GX73: =ROUND(HC73*I73,2) -> 0 | HA73: 0 | HB73: 0 | HC73: =GV73*GW73 -> 0 | IK73: 0
A74: 18 | B74: 1 | C74: 171 | E74: 13,2 | F74: 06.2.05.03-0003 | G74: Гранит керамический многоцветный неполированный, размером 400х400х9 мм | H74: м2 | I74: =I70*J74 -> -42.432 | J74: -102 | O74: =ROUND(CP74,2) -> -5959.57 | P74: =ROUND(CQ74*I74,2) -> -5959.57 | Q74: =ROUND(CR74*I74,2) -> 0 | R74: =ROUND(CS74*I74,2) -> 0 | S74: =ROUND(CT74*I74,2) -> 0 | T74: =ROUND(CU74*I74,2) -> 0 | U74: =CV74*I74 -> 0 | V74: =CW74*I74 -> 0 | W74: =ROUND(CX74*I74,2) -> 0 | X74: =ROUND(CY74,2) -> 0 | Y74: =ROUND(CZ74,2) -> 0 | AA74: 27935367 | AB74: =ROUND((AC74+AD74+AF74),2) -> 140.45 | AC74: =ROUND((ES74),2) -> 140.45 | AD74: =ROUND((((ET74)-(EU74))+AE74),2) -> 0 | AE74: =ROUND((EU74),2) -> 0 | AF74: =ROUND((EV74),2) -> 0 | AG74: =ROUND((AP74),2) -> 0 | AH74: =(EW74) -> 0 | AI74: =(EX74) -> 0 | AJ74: =(AS74) -> 0 | AK74: 140.45 | AL74: 140.45 | AM74: 0 | AN74: 0 | AO74: 0 | AP74: 0 | AQ74: 0 | AR74: 0 | AS74: 0 | AT74: 111 | AU74: 64 | AV74: 1 | AW74: 1 | AZ74: 1 | BA74: 1 | BB74: 1 | BC74: 1 | BH74: 3 | BI74: 1 | BJ74: ФССЦ-2001, 06.2.05.03-0003, приказ Минстроя России №1039/пр от 30.12.2016г. | BM74: 11001 | BN74: 0 | BP74: 0 | BQ74: 2 | BR74: 1 | BS74: 1 | BT74: 1 | BU74: 1 | BV74: 1 | BW74: 1 | BX74: 1 | BZ74: 123 | CA74: 75 | CE74: 0 | CF74: 0 | CG74: 0 | CM74: 0 | CO74: 0 | CP74: =(P74+Q74+S74) -> -5959.57 | CQ74: =AC74*BC74 -> 140.45 | CR74: =AD74*BB74 -> 0 | CS74: =AE74*BS74 -> 0 | CT74: =AF74*BA74 -> 0 | CU74: =AG74 -> 0 | CV74: =AH74 -> 0 | CW74: =AI74 -> 0 | CX74: =AJ74 -> 0 | CY74: =(((S74+R74)*AT74)/100) -> 0 | CZ74: =(((S74+R74)*AU74)/100) -> 0 | DN74: 0 | DO74: 0 | DP74: 1 | DQ74: 1 | DU74: 1005 | DV74: м2 | DW74: м2 | DX74: 1 | EE74: 27029024 | EF74: 2 | EG74: Общестроительные работы | EH74: 0 | EJ74: 1 | EK74: 11001 | EL74: Полы | EM74: ФЕР-11 | EQ74: 0 | ER74: 140.45 | ES74: 140.45 | ET74: 0 | EU74: 0 | EV74: 0 | EW74: 0 | EX74: 0 | FQ74: 0 | FR74: =ROUND(IF(AND(BH74=3,BI74=3),P74,0),2) -> 0 | FS74: 0 | FT74: *0,9 | FU74: *0,85 | FX74: 110.7 | FY74: 63.75 | GD74: 0 | GF74: 2046761779 | GG74: 2 | GH74: 1 | GI74: -2 | GJ74: 0 | GK74: =ROUND(R74*(R12)/100,2) -> 0 | GL74: =ROUND(IF(AND(BH74=3,BI74=3,FS74<>0),P74,0),2) -> 0 | GM74: =ROUND(O74+X74+Y74+GK74,2)+GX74 -> -5959.57 | GN74: =IF(OR(BI74=0,BI74=1),ROUND(O74+X74+Y74+GK74,2),0) -> -5959.57 | GO74: =IF(BI74=2,ROUND(O74+X74+Y74+GK74,2),0) -> 0 | GP74: =IF(BI74=4,ROUND(O74+X74+Y74+GK74,2)+GX74,0) -> 0 | GR74: 0 | GS74: 3 | GT74: 0 | GV74: =ROUND((GT74),2) -> 0 | GW74: 1 | GX74: =ROUND(HC74*I74,2) -> 0 | HA74: 0 | HB74: 0 | HC74: =GV74*GW74 -> 0 | IK74: 0
